Workbook
Name _1: #REF!
Name _2: #REF!
Name A: #REF!
Name A_impresión_IM: #REF!
Name aaa: #REF!
Name Auxiliarjal: #REF!
Name B: #REF!
Name basecaro: #REF!
Name basejuliet1: #REF!
Name basemetroabril2017: #REF!
Name basemetroabril2017final: #REF!
Name BLOQUE: #REF!
Name cargo: #REF!
Name CLASE: #REF!
Name correoelectronico: #REF!
Name COSTOM2: #REF!
Name Dólar: #REF!
Name epsypension: #REF!
Name Factor: #REF!
Name JJJJ: #REF!
Name lineainstitucional: #REF!
Name mesabril: #REF!
Name nuevosoi: #REF!
Name origenaux: #REF!
Name pagojuliethjunio: #REF!
Name Profesional: #REF!
Name profesionaljal: #REF!
Name SVASFD: #REF!
Name TCRM: #REF!
Name TCRM_al_03_MAYO_2000: #REF!
Name Títulos_a_imprimir_IM: #REF!
Name TOP: #REF!
Name TRM: #REF!

Sheet 1. COND. BÁSICAS TRDM
B3: PARQUES NACIONALES NATURALES DE COLOMBIA - PNNC
B4: ANEXO No. 1.1 - CONDICIONES TÉCNICAS (BÁSICAS OBLIGATORIAS)
B5: GRUPO No. 1
B7: 1. SEGURO DE TODO RIESGO DAÑOS MATERIALES COMBINADOS
B8: 1.1. | C8: INFORMACIÓN GENERAL
B9: TOMADOR: | C9: =+B3 -> PARQUES NACIONALES NATURALES DE COLOMBIA - PNNC | F9: NIT. | G9: 830.016.624-7
B10: ASEGURADO: | C10: =+C9 -> PARQUES NACIONALES NATURALES DE COLOMBIA - PNNC | F10: NIT. | G10: =+G9 -> 830.016.624-7
B11: BENEFICIARIO: | C11: =+C10 -> PARQUES NACIONALES NATURALES DE COLOMBIA - PNNC | F11: NIT. | G11: =+G10 -> 830.016.624-7
B12: 1.2. | C12: OBJETO DEL SEGURO
B13: Amparar, bajo la modalidad de Todo Riesgo Daños Materiales, las pérdidas, daños materiales o desaparición que sufran los bienes e intereses de propiedad de PARQUES NACIONALES NATURALES DE COLOMBIA, así como aquellos por los cuales sean o lleguen a ser legalmente responsables, ubicados en cualquier parte de territorio nacional o internacional, por cualquier causa no expresamente excluida en este Anexo Técnico. Las exclusiones serán taxativas y de interpretación restrictiva.
B14: 1.3. | C14: BIENES ASEGURADOS
B15: Los bienes asegurados comprenden absolutamente toda propiedad de bienes materiales de PARQUES NACIONALES NATURALES DE COLOMBIA-PNN-C o de terceros que se estén bajo su cuidado, custodia, control o por los cuales sea legal o contractualmente responsable y en general los recibidos a cualquier título o por los que tenga o tenga interés asegurable, localizados dentro del territorio nacional dentro o fuera de las instalaciones del asegurado y/o en predios de terceros y utilizados en desarrollo del objeto social de PNNC, consistentes principalmente pero no limitados a los siguientes bienes:
B16: EDIFICIOS: Corresponde a las edificaciones y obras civiles, sus estructuras, cimientos, construcciones fijas con todas sus adiciones y en general toda clase de construcciones propias y no propias, de edificios e inherentes a ellos, incluidos todas aquellas construcciones especiales y propias de la misionalidad de PNNC ubicadas en los diferentes Parques Naturales de responsabilidad de la Entidad o bajo su cuidado, tenencia y control , incluido anexos, escaleras externas, instalaciones eléctricas, de comunicación, sietmas de aire acondicionado, intercomunicación o sonido, incluidos anexos y estructuras sanitarias, alcantarillado para agua, (subterráneas o no), sistema de drenaje y aguas negras, tuberías, conductos, tuberías, conductos, desagües, tanques para almacenamiento, ductos, mallas, patios, aceras, instalaciones permanentes de protección contra incendio y demás instalaciones que se encuentren o no por debajo del nivel del suelo y/o subterráneas, vidrios internos y externos que conforman y hacen parte de las construcciones, rampas de acceso, tanques de almacenamiento, similares, que formen parte integrante, del edificio, o edificios asegurados, aunque no se hayan informado específicamente, entre otros ubicados en el territorio nacional y que estén bajo su responsabilidad, tenencia y/o control de PARQUES NACIONALES NATURALES DE COLOMBIA.
B17: MEJORAS LOCATIVAS: Todas aquellas mejoras a los inmuebles realizadas por PARQUES NACIONALES NATURALES DE COLOMBIA, aún en el caso de no ser propietaria del bien, que haya realizado inversiones para adecuarlas a sus necesidades, tales como tapetes, tapizados, enchapes, mejoras eléctricas, cielos rasos, etc.
B18: CONTENIDOS Y BIENES EN GENERAL: Corresponden a todo tipo de bienes como muebles y enseres en general propios de la actividad general de una entidad pública, incluidos equipos de oficina no eléctricos ni electrónicos, entre otros, sistemas de oficina abierta, al igual que los documentos de cualquier tipo, que se encuentren localizados dentro de los predios asegurados o fuera de los mismos y que esten bajo su responsabilidad, tenencia y/o control de PARQUES NACIONALES NATURALES DE COLOMBIA.
B19: PLANTA, EQUIPOS Y MÁQUINAS: Corresponde a todo tipo de equipos y máquinas, extendida esta definión a aquellos que son de adhesión o para la operatividad de la infraestructura de las edificaciones al igual que cualquier tipo de herramientas, accesorios, ascensores, plantas eléctricas, calderas, generadores, ascensores, equipos del sistema hidráulico, motobombas (incluidas aquellas que son sumergibles), aire acondicionado, extractores de olores, entre otros.
B20: EQUIPOS ELÉCTRICOS, ELECTRÓNICOS Y DE COMUNICACIÓN: Comprende todos aquellos equipos eléctricos, electrónicos, electromecánicos y los de comunicación (incluidas antenas cuando sean parte de los activos, caso contrario no se tendrán en cuenta), al igual que aquellas que son propia de la misionalidad de PNNC y todas aquellas por las que sea legalmente responsable)extendida esta definición a salas de control, servidores, equipos de computo con todos sus accesorios periféricos scanner, ploters, servidores, impresoras software, equipos de telecomunicaciones, equipos celulares, equipos de comunicación portátil, tabletas, equipos móviles y/o portátiles, equipos científicos de laboratorio, sistema de paneles solares, electrodomésticos, entre otros y que esten bajo su tenencia y/o control de PARQUES NACIONALES NATURALES DE COLOMBIA.
B21: BIENES O ACTIVOS DE ALMÁCEN E INVENTARIOS: Comprende todos los elementos de consumo, devolutivos nuevos, recuperables, inservibles, papelería, útiles de oficina, equipos en general, repuestos, muestras de oferentes y demás bienes contenidos en las diferentes dependencias de PARQUES NACIONALES NATURALES DE COLOMBIA y en general todo elemento que los Asegurados determinen como existencias o elementos de almacén, aunque no se hayan determinado específicamente.
B22: 1.4. | C22: VALORES ASEGURADOS
B23: 1.4.1. Bienes Asegurables | F23: VALORES ASEGURADOS
B24: A1. Edificios | F24: 8.8479084e+10
B25: A2. Edificios en Comodato | F25: 3225145441
B26: A. Total Edificios | F26: =SUM(F24:G25) -> 9.170423e+10
B27: B. Contenidos, Muebles y Enseres | F27: 4.1892847e+09
B28: C. Equipo Eléctricos, Electrónicos y de Comunicación (incluidos equipos móviles y portátiles, software y licencias, sistemas de paneles solares, etc) | F28: 3.7838212e+10
B29: D. Equipo y Maquinaría | F29: 7.9447714e+09
B30: E. Semovientes | F30: 1.152605e+08
B31: SUBTOTAL | F31: =SUM(F26:G30) -> 1.4179176e+11
B32: INDICE VARIABLE 5% ANUAL (ITEMS A y C) | F32: =+(+F26+F28)*5% -> 6.4771221e+09
B33: H. Gastos para la adecuación de suelos y terrenos 10% | F33: =+F26*10% -> 9.170423e+09
B34: I. Cláusula de Adecuación de Construcciones a las Normas de Sismo Resistencia 10% | F34: =+F26*10% -> 9.170423e+09
B35: TOTAL VALOR ASEGURADO | F35: =SUM(F31:G34) -> 1.6660973e+11
B36: Nota: Las aseguradoras debe tener en cuenta que el índice variable esta calculado con relación a la vigencia minima exigida, por tanto la aseguradora debe calcular el índice variable con relación a la vigencia ofertada.
B37: 1.4.1. Bienes con Sublímites
B38: BIENES Y/O RIESGO CON SUBLÍMITE A PRIMERA PÉRDIDA ABSOLUTA | F38: SUBLÍMITE
B39: Dinero y títulos valores dentro y fuera de caja fuerte. | F39: 700000000
B40: Bienes en Reposo | F40: 1.2882612e+10
B41: Gastos Adicionales | F41: 13000000000
B42: Mercancias (Bienes de Consumo controlado: papelería, aseo, cafeteria, combustible, entre otros, etc.) | F42: 500000000
B43: TOTAL SUBLIMITES | F43: =SUM(F39:F42) -> 2.7082612e+10
B44: TOTAL VALOR ASEGURADO + SUBLÍMITES | F44: =+F43+F35 -> 1.9369234e+11
B46: NOTAS APLICABLES AL NUMERAL 1.4.1. BIENES CON SUBLÍMITES:
B47: 1 - Los Sublímites antes indicados corresponden al monto mínimo que deben contemplar las aseguradoras para la propuesta de cobertura de los bienes y/o riesgos.
B48: 2 - Teniendo en cuenta la imposibilidad de establecer valor asegurable para este tipo de bienes por sus características y/o su condición de flotantes, queda expresamente declarado y aceptado por la aseguradora que la misma admite que para estos no exigirá el reporte de valor asegurable y por lo tanto no aplica la condición de seguro insuficiente para los bienes con sublímites relacionados en el numeral 1.4.1.
B49: 1.4.2. | C49: BASE DE VALORACIÓN DE LOS BIENES ASEGURADOS
B50: EDIFICIOS: Valor de reconstrucción.
B51: CONTENIDOS, EQUIPOS ELECTRICOS, ELECTRÓNICOS Y DE COMUNICACIÓN (INCLUIDO LICENCIAS Y SOFTWARE): Valor de reposición o reemplazo.
B52: BIENES DEVOLUTIVOS Y/O INSERVIBLES O PARA DAR DE BAJA O REMATE Y/O GASTADOS: Valor fiscal y/o de uso o de remate.
B53: BIENES DE ARTE Y CULTURA: Valor Admitido.
B54: 1.4.3. | C54: BASE PARA LA DETERMINACIÓN Y APLICACIÓN DEL CONCEPTO SUBLÍMITE / VIGENCIA / AGREGADO ANUAL
B55: Para la totalidad de Coberturas y/o condiciones básicas sublímitadas, queda expresamente aceptado por parte de los proponentes que, en concordancia con la vigencia de la póliza que se adjudique, cada Sublímite operará así:
B56: - Si la vigencia es inferior a doce (12) meses: (Sublímite indicado) Evento /Agregado vigencia.
B57: - Si la vigencia es igual o mayor a doce (12) meses: Sublímite indicado Evento /Agregado Anual.
B58: En caso de discrepancia en alguna cobertura o cláusula básicas con relación al concepto de aplicación del sublímite / vigencia / agregado anual, frente a la vigencia ofertada, prevalece el establecido en este numeral con relación al plazo de la condición ofertada.
B59: 1.5. | C59: COBERTURAS BÁSICAS
B60: Todo Riesgo: Bajo esta póliza se otorga amparo en la modalidad de todo riesgo por las pérdidas, daños materiales o desaparición que afecten a los bienes asegurados, activos o inactivos, por cualquier riesgo o causa que no se encuentre expresamente excluida en este anexo técnico. Se incluyen, entre otros, incendio, rayo, explosión, anegación y daños por agua; hurto, hurto calificado y hurto de partes o elementos de las edificaciones; actos malintencionados de terceros, asonada, motín, conmoción civil o popular, huelga, sabotaje y terrorismo; terremoto, temblor, erupción volcánica, maremoto, marejada, tsunami, vientos fuertes, granizo y demás eventos de la naturaleza. También cubre el impacto de vehículos terrestres, la caída de aeronaves o de sus partes, humo, impericia, descuido, manejo inadecuado, corriente débil, acción directa de la energía eléctrica, cortocircuitos, arcos voltaicos, sobrevoltajes, sobretensión, baja tensión y eventos similares; equipos sumergibles y plantas; hundimiento, asentamiento, deslizamiento y desplazamiento de terrenos, muros, pisos y techos; caída de rocas, árboles y aludes; pérdida de contenido y derrame de tanques. Asimismo, comprende los eventos propios de rotura de maquinaria, incluyendo, pero sin limitarse a: defectos de fabricación, fundición y uso de materiales defectuosos, sobrecalentamiento, defectos de mano de obra, montaje incorrecto o defectuoso, rotura debido a fuerza centrífuga, introducción de cuerpos extraños en la maquinaria asegurada, implosión, explosión física y explosión química de gases impropiamente quemados en la cámara de combustión de calderas o máquinas de combustión interna. Se entienden incluidos los riesgos mencionados en el artículo 1105 del Código de Comercio de Colombia, excepto guerra civil o internacional. Ninguna condición general de la aseguradora podrá convertir esta cobertura en una modalidad de riesgos nombrados.
B61: NOTA 1: | C61: LAS ASEGURADORAS DEBEN TENER EN CUENTA QUE NO SE ACEPTA PROPUESTA BAJO LA MODALIDAD DE RIESGOS NOMBRADOS, Y EL OFERENTE CON LA PRESENTACIÓN DE LA PROPUESTA ACEPTA ESTA CONDICIÓN.
B62: NOTA 2: | C62: QUEDA EXPRESAMENTE ACEPTADO POR LA ASEGURADORA QUE LAS CONDICIONES, COBERTURAS Y CLAUSULAS BÁSICAS PARA LAS CUALES NO SE INDIQUE SUBLÍMITE, OPERARÁN AL 100% DEL VALOR ASEGURADO.
B63: NOTA 3: | C63: LOS SUBLÍMITES Y GASTOS INDICADOS APLICAN DE MANERA COMBINADA PARA LA TOTALIDAD DE LOS BIENES ASEGURADOS Y SE ENTIENDEN COMPRENDIDOS DENTRO DEL VALOR ASEGURADO. SE EXCEPTÚAN LOS GASTOS ADICIONALES Y LOS EXTRAORDINARIOS, LOS CUALES OPERARÁN EN EXCESO DE DICHA SUMA.
B64: TERREMOTO, TEMBLOR Y/O ERUPCIÓN VOLCÁNICA Y DEMÁS EVENTOS DE LA NATURALEZA, (100%). | E64: Bajo este amparo, la aseguradora se compromete a indemnizar al Asegurado hasta el límite del valor asegurado de este sublímite, los daños y/o pérdidas materiales que sufran los bienes asegurados causados por terremoto, temblor y/o erupción volcánica y demás eventos de la naturaleza, o por incendio originado por tales fenómenos.
B65: ACTOS MAL INTENCIONADOS DE TERCEROS ASONADA, MOTÍN, CONMOCIÓN CIVIL O POPULAR Y HUELGA (INCLUIDO TERRORISMO Y SABOTAJE). Sublímite básico obligatorio de $10.000.000.000 (vigencia 1.4.3.) combinado para las coberturas de daños materiales. Se califica en Condiciones Adicionales (Formato No. 3) el aumento del sublímite ofrecido. | E65: La aseguradora se compromete a indemnizar al Asegurado hasta el límite del valor asegurado de este sublímite, los daños y/o pérdidas materiales que sufran los bienes asegurados causados por: Actos Mal Intencionados de Terceros y Terrorismo: Destrucción y daños materiales provenientes de actos terroristas, aún aquellos que sean cometidos por individuos pertenecientes a movimientos subversivo, incluida la explosión originada en tales fenómenos. Asonada, Motín, Conmoción Civil o Popular: Los daños y/o pérdidas materiales causados por personas intervinientes en desordenes, confusiones, alteraciones, y disturbios de carácter violento y tumultuario. Así como asonada según la definición del Código Penal. Huelga: Los daños y/o pérdidas materiales causados por huelguistas o por personas que tomen parte en conflictos colectivos de trabajo o suspensión de hecho de labores. Saqueo: Los daños y/o pérdidas materiales causados por eventos de saqueo (apropiación de bienes como consecuencia de de AMCCoPH y AMIT incluido T&S)
B66: COBERTURA POR ROTURA DE VIDRIOS Sublímite de $1.000.000.000 (vigencia 1.4.3.) incluidos los eventos de Actos Mal Intencionados de Terceros Asonada, Motín, Conmoción Civil o Popular y Huelga (Incluido Terrorismo y sabotaje) y cualquier evento de la naturaleza. SIN APLICACION DE DEDUCIBLE. | E66: La aseguradora se compromete a indemnizar al Asegurado hasta el límite del valor asegurado de este sublímite, la rotura que sufran los vidrios, domos, acrílicos u otros materiales que hagan sus veces, al igual que los cristales, espejos y unidades sanitarias instalados y que formen parte del predio asegurado, incluidos aquellos que sean parte decorativas de los mismos, incluidas las películas de seguridad.
B67: HURTO Y HURTO CALIFICADO Sublímite de $4.000.000.000 (vigencia 1.4.3.) combinado para todos los bienes. Se califica en Condiciones Adicionales (Formato No. 3) el aumento del sublímite ofrecido. | E67: La aseguradora se compromete a indemnizar al Asegurado hasta el límite del valor asegurado de este sublímite, las pérdidas y/o daños materiales de los bienes asegurados, ocasionados por cualquier evento de hurto y hurto calificado, inclusive aquellos que se deriven de: - Hurto Calificado o Hurto Simple según se define en el Código Penal. - Terremoto, temblor, erupción volcánica o cualquier otro fenómeno de la naturaleza. - Caída o destrucción total o parcial del predio asegurado. - Actos Mal Intencionados de Terceros, Asonada, Motín, Conmoción Civil o Popular y Huelga (incluido Terrorismo y Sabotaje) y conflictos colectivos de trabajo o suspensión de hecho de labores
B68: GASTOS PARA LA ADECUACIÓN DE SUELOS Y TERRENOS Hasta el 10% del valor asegurado del bien inmueble afectado. | E68: La aseguradora se compromete a indemnizar al asegurado los gastos razonables para la adecuación de suelos y terrenos y hasta el límite del porcentaje acá establecido, las pérdidas que sufra la Entidad por daños materiales como consecuencia de Terremoto, temblor, erupción volcánica o cualquier otro evento de la naturaleza, que deriven en las siguientes situaciones: a) Alteración de las características del suelo sobre el cual se levante la edificación asegurada, de tal forma que las nuevas características de dicho suelo pongan en condiciones inhabitables dicha edificación. b) Imposibilidad del asegurado para reparar o reconstruir la edificación asegurada, en virtud de disposiciones legales o administrativas, adoptadas por autoridad competente como consecuencia de la ocurrencia de un evento asegurado, que afecte en forma grave y notoria las características del terreno. De igual forma queda expresamente aclarado y convenido que la responsabilidad de la aseguradora se establece respectivamente así: a) El valor de los costos y gastos en que necesaria y razonablemente deba incurrir el asegurado para la recuperación de la estabilidad y capacidad portante del suelo, de tal manera que se garantice la estabilidad de la edificación asegurada. Para los efectos de este amparo se entenderá por valor asegurado el valor comercial del lote de terreno del inmueble asegurado de acuerdo con su superficie y ubicación. Para los efectos de este amparo, la aseguradora efectuará el pago de la indemnización a que se refiere el segundo literal del presente amparo, una vez el asegurado haya efectuado a su costa, mediante escritura pública debidamente registrada, el traspaso de los derechos sobre el terreno asegurado a nombre de la aseguradora.
B69: CLÁUSULA DE ADECUACIÓN DE CONSTRUCCIONES A LAS NORMAS DE SISMO RESISTENCIA Sublímite del 10% del valor de la reparación o reconstrucción de la parte de la edificación afectada. | E69: Queda expresamente convenido y acordado que en caso de siniestro la aseguradora indemnizará los costos razonables de adecuación, del o de los inmuebles afectados a las normas de sismo resistencia vigentes al momento del siniestro, en exceso del monto total de la reparación o la reconstrucción de los daños o pérdidas que afecten los inmuebles o construcciones aseguradas, que se generen a consecuencia de cualquier evento amparado bajo la presente póliza. Los costos amparados bajo la presente cláusula comprenden, costos razonables de diseño y rediseño, honorarios profesionales de ingenieros, arquitectos, topógrafos, interventores, consultores, tecnólogos, técnicos o cualquier otro profesional, para efectuar trabajos de planos, especificaciones y/o cualquier otro trabajo y ejecución de obras relacionadas con la reparación y/o reconstrucción de las partes del inmueble afectado y dirigidas a la adecuación de las mismas a las normas de sismo resistencia.
B70: GASTOS ADICIONALES. Sublímite por la suma de $13.000.000.000 (vigencia 1.4.3.), en exceso del valor asegurado,sin aplicación de deducible y combinado para los siguientes gastos y coberturas. Se califica en Condiciones Adicionales (Formato No. 3) el aumento del sublímite ofrecido. | E70: No obstante, lo que se diga en contrario en las condiciones generales de la póliza, la Compañía se obliga a indemnizar los gastos adicionales (que no tengan carácter de permanentes), debidamente comprobados en que necesaria y razonablemente incurra o deba incurrir el asegurado, como consecuencia directa del siniestro. Estos gastos deben ser previamente aprobados por la aseguradora y la Entidad se compromete para estos casos presentar previamente cotización de estos gastos (cuando se requiera), la aseguradora se reserva el derecho de poder cotizar con sus proveedores los servicios que demanden la aplicación de estos gastos.
B71: 1. Gastos razonables de horas extras, trabajo nocturno o en días festivos y flete expreso y aéreo. | E71: Bajo esta cobertura se amparan los gastos adicionales y extraordinarios por concepto de horas extras, trabajo nocturno o en días festivos, flete expreso y aéreo, que se incurran o deba incurrir con motivo de una pérdida o daño amparado.
B72: 2. Gastos razonables de viajes y estadía. | E72: Bajo esta cobertura se amparan los gastos (que incurra o deba incurrir) de viajes de y estadía de funcionarios, empleados y técnicos que intervienen en la planificación de la reconstrucción o adquisición de los bienes asegurados.
B73: 3. Remoción de Escombros y Gastos de Demolición. | E73: Mediante este amparo la compañía indemnizará, los gastos razonables (en que incurra o deba incurrir) demostrados por remoción de escombros, desmantelamiento, demolición o de apuntalamiento de los bienes asegurados, que hayan sido dañados o destruidos por la ocurrencia de cualquiera de los riesgos amparados, incluyendo los gastos de limpieza, recuperación de materiales y el traslado de los escombros a sitio autorizado, con ocasión de un siniestro.
B74: 4. Gastos para la preparación y demostración del Siniestro. | E74: Bajo este amparo se cubren los gastos razonables en que incurra o deba incurrir el asegurado, para la preparación y demostración de la ocurrencia y cuantía del siniestro y serán indemnizados bajo esta póliza. La aseguradora indemnizará hasta el 100% de los gastos demostrados. El seguro de esta póliza incluye los costos razonables y sustentables incurridos por el Asegurado (incluida la utilización por parte del Asegurado de consultores externos) para la preparación, presentación, demostración, certificación y / o verificación de cualquier reclamación resultante de la pérdida asegurada bajo esta póliza. Esta póliza se extiende para incluir los costos y gastos incurridos por el asegurado o por los representantes de cualquier asegurado (Ajustadores/Liquidadores/Reguladores, Abogados, Contadores, Expertos, asesores, especialistas, profesionales de siniestros y similares, etc.) en la preparación, justificación y demostración del monto de cualquier reclamación bajo esta póliza
B75: 5. Gastos para la extinción del incendio. | E75: La Compañía se obliga a indemnizar el 100% de los gastos en que necesaria y razonablemente incurra o deba incurrir el asegurado así como los costos de los productos o sustancias utilizadas, o de los elementos o equipos destruidos total o parcialmente, como consecuencia de las actividades dirigidas a la extinción de cualquier siniestro amparado por la póliza o para evitar su propagación, de acuerdo con lo señalado en el artículo 1074 del Código de Comercio. Se precisa que bajo ninguna circunstancia se considerara como gastos de extinción de un incendio la colaboración personal prestada por el asegurado, ni la de sus empleados, obreros o sus contratistas para el apoyo a la gestión.
... B94: COBERTURA PARA VEHÍCULOS, EMBARCACIONES, MAQUINARIA Y EQUIPO EN DEPÓSITO O REPOSO INACTIVOS, Sublímite de $500.000.000 (vigencia 1.4.3.). | E94: Se cubren bajo esta póliza los bienes como vehículos, embarcaciones, maquinaria y equipo en depósito o reposo y cualquier otro tipo de bien, que mantenga el asegurado en sus predios o de terceros hasta el límite de valor asegurado, en tales condiciones sin importar el lugar en que se encuentren en el momento de la ocurrencia del hecho que afecte los bienes mencionados propios o de terceros o por los cuales sea responsable.
B95: COBERTURA PARA SEMOVIENTES OPERA AL 100 % DEL VALOR ASEGURADO PARA ESTE ARTICULO (Vigencia 1.4.3.) SIN APLICACIÓN DE DEDUCIBLES
B96: Amparar los semovientes de propiedad de PARQUES NACIONALES NATURALES DE COLOMBIA - PNNC, bajo su responsabilidad, cuidado, tenencia y/o control, y en general los recibidos a cualquier título y/o por los que tenga algún interés asegurable dentro del territorio nacional o en el exterior. NOTA: Se permite la presentación de oferta de esta cobertura, bajo póliza(s) o anexo(s) de cualquier ramo o ramos que tenga aprobado(s) el proponente, siempre y cuando cumpla con las condiciones exigidas en el presente Pliego de Condiciones, con las siguientes coberturas:
B97: MUERTE | E97: Ocurrida durante la vigencia de la póliza como consecuencia de un accidente, enfermedad o dolencia que sufra el animal, incluyendo Actos Mal Intencionados de Terceros, Asonada, Motín, Conmoción Civil o Popular y Huelga.
E98: Que sea consecuencia directa o indirecta de cualquier operación quirúrgica realizada por un veterinario cirujano calificado, que certifique que dicha intervención ha sido necesaria exclusivamente por accidente, enfermedad o dolencia y como intento para conservar la vida del animal.
E99: Causada por la administración de cualquier medicamento siempre que haya sido recetado por un médico veterinario calificado o por personal experimentado bajo sus órdenes, y siempre que dicho veterinario certifique el carácter profiláctico o la necesidad del medicamento para tratar un accidente, enfermedad o dolencia. Para efectos de este contrato la palabra medicamento significa cualquier droga, hormona, vitamina o proteína.
B100: SACRIFICIO | E100: El sacrificio del animal o cuando su realización inmediata sea imperativa por razones de humanidad, si el animal ha sufrido una lesión o enfermedad incurable o extremadamente dolorosa, siempre y cuando que por tal circunstancia haya sido certificada con anterioridad al sacrificio por un médico veterinario nombrado por la compañía o, en caso de suma urgencia, cuando no sea posible esperar a que se produzca dicho nombramiento, por un médico veterinario calificado nombrado por el asegurado.
B101: ANEXO DE CIRUGIA. Sublímite de $5.000.000 (vigencia 1.4.3.) | E101: Queda convenido y acordado que la aseguradora reconocera hasta el monto estipulado los costos que se generen por las cirugias que requieran los semovientes.
B102: GASTOS MÉDICOS VETERINARIOS EN CASO DE ACCIDENTE Sublímite de $5.000.000 (vigencia 1.4.3.) | E102: Queda convenido y acordado que la aseguradora reconocera hasta el monto estipulado los costos que se generen por Gastos Médicos Veterinarios en caso de Accidente.
B103: HURTO SIMPLE Y HURTO CALIFICADO | E103: Según definición legal consagrada en el Código Penal, incluido el abigeato en concordancia con el Artículo 243 del Código Penal (cuando aplique).
B104: 1.6. | C104: CLÁUSULAS BÁSICAS
B105: REVOCACIÓN DE LA PÓLIZA, CLÁUSULAS O CONDICIONES. Con Termino de ciento veinte (120) días y para AMIT, AMCCOPH, Terrorismo y Sabotaje diez (10) días. | E105: La aseguradora podrá revocar la póliza, cláusulas o condiciones unilateralmente por la compañía, mediante noticia escrita enviada al asegurado, a su última dirección registrada, con no menos de ciento veinte (120) días y para AMIT Y AMCCOPH diez (10) días, de antelación; contados a partir de la fecha del envío. El asegurado podrá pedir la revocación en cualquier momento, según lo previsto en el Código de Comercio. Así mismo, en el caso de que la aseguradora decida no otorgar renovación o prorroga del contrato de seguro, excepto para AMIT, AMCCOPH, Terrorismo y Sabotaje, deberá dar aviso de ello al asegurado con no menos de ciento veinte (120) días de antelación a la fecha de vencimiento de la póliza, en caso contrario se dará por entendido que la aseguradora acepta la renovación o prorroga hasta el límite legal establecido en la Ley 80 de 1993, para la adición de los contratos y manteniendo las mismas condiciones ofertadas en este proceso de aseguradoras.
B106: AMPLIACIÓN DEL AVISO DE SINIESTRO. Término de noventa (90) días Y para AMIT, AMCCOPH, Terrorismo y Sabotaje diez (10) días. | E106: La póliza extiende el término de aviso de la ocurrencia del siniestro, por parte del asegurado a un término de noventa (90) días y para AMIT Y AMCCOPH diez (10) días siguientes a la fecha en que lo haya conocido o debido conocer.
B107: COBERTURA AUTOMÁTICA PARA NUEVAS PROPIEDADES Y BIENES. Sublímite de $2.000.000.000 (vigencia 1.4.3.) y aviso de ciento veinte (120) días. | E107: Mediante la presente cláusula, la aseguradora se obliga a otorgar cobertura automática para los bienes que adquiera, construya, estén en montajes, instale, remodele o adecúe, a cualquier título, sean nuevos o usados, sobre los cuales éste tuviere interés asegurable o queden bajo su responsabilidad, cuidado o control del asegurado, bajo las mismas condiciones ofrecidas en el presente proceso y a partir del momento en que el asegurado asuma la responsabilidad por los mismos. La aplicación de esta condición queda sujeta a que el asegurado se obliga a dar aviso a la aseguradora dentro del término señalado a la adquisición o recibo de los mismos. Esta condición dará derecho a la compañía al cobro de la prima proporcional, calculada a prorrata, con las tasas adjudicadas y correspondiente al periodo de amparo, incluido el término automático otorgado para esta condición. Así mismo queda acordado y convenido, que si el valor supera el sublímite de la presente cláusula, la cobertura aplicará hasta dicho monto y la cobertura del valor adicional operará a partir de la fecha de reporte y solicitud formulada por la entidad asegurada. En el caso de bienes en construcción, montaje y remodelación se excluye ALOP, RCE, Mantenimiento, Pruebas, Errores de diseño y Riesgo Petroquímico.
B108: AMPARO AUTOMÁTICO POR CAMBIO DE UBICACIÓN DEL RIESGO. | E108: Mediante la presente condición, queda expresamente acordado que la cobertura del seguro se extiende a cubrir los bienes asegurados, que cambien de dirección o nomenclatura, ubicación o sean trasladados a otro(s) sitio(s), siempre y cuando ello se genere por las necesidades de la operación y/o servicio de la entidad asegurada o tomadora.
B109: EXPERTICIO TÉCNICO | E109: Queda convenido, entendido y aceptado que en el evento de existir una discrepancia entre la compañía y el asegurado en cuanto a si el siniestro constituye una pérdida total o parcial, o con relación a otros aspectos de orden técnico, la cuestión será sometida a decisión de la decisión de ingenieros, técnicos o peritos expertos en la actividad que desarrolla el asegurado (peritos o a expertos en la materia de siniestros), según los intereses afectados por el siniestro, siguiendo el procedimiento que para tal regulación previo los artículos 2026 y siguientes del código del comercio.
B110: CONOCIMIENTO DEL RIESGO | E110: La Compañía acepta mediante la presente cláusula que la Entidad, le ha brindado la oportunidad para realizar la inspección de los bienes y riesgos a que están sujetos los mismos y el patrimonio del Asegurado, razón por la cual se deja constancia del conocimiento y aceptación de los hechos, circunstancias y, en general, condiciones de los mismos. La compañía se reserva el derecho de llevar a cabo la inspección cuantas veces lo juzgue pertinente.
B111: NOMBRAMIENTO Y DESIGNACIÓN DE AJUSTADORES | E111: El nombramiento de ajustadores deberá efectuarse de común acuerdo entre la aseguradora y el asegurado, para lo cual la aseguradora presentará para cada reclamo una relación de cinco (5) firmas ajustadoras. No obstante la anterior condición, el asegurador con su propuesta se obliga a presentar la lista de todos sus ajustadores y la Entidad se reserva el derecho de nombrar al ajustador que considere más adecuado o solicitar el cambio de los mismos en caso de que no fueren de su entera satisfacción, sin que para ello se requiera motivación alguna.
B112: EXTENSIÓN DE COBERTURA PARA DAÑOS Y/O PÉRDIDAS CONSECUENCIALES | E112: La aseguradora acepta y conviene que la presente póliza se extiende a amparar los daños y/o pérdidas consecuenciales que afecten los bienes asegurados que sean derivadas de cualquier tipo de riesgo, bajo los mismos términos del seguro; siempre y cuando las mismas sean causadas por alguno de los riesgos amparados con la presente póliza, incluyendo las pérdidas y/o daños en medios de operación, como combustibles, lubricantes, refrigerantes o agentes químicos, entre otros. NOTA: No se cubren las pérdidas consecuenciales de cualquier tipo, tales como lucro cesante, incremento en costos de operación, pérdida de ingresos y pérdida de utilidades o pérdida de beneficios, pérdida de mercado.
B113: NO APLICACIÓN DE DÉMERITO POR USO O MEJORÁ TECNOLÓGICA PARA TODOS LOS BIENES ASEGURADOS | E113: La aseguradora acepta no aplicará demérito por uso y/o mejora tecnológica, o cualquier otro concepto, en la liquidación de la indemnizaciones de los siniestros.
B114: PAGO DE LAS INDEMNIZACIONES A VALOR DE REPOSICIÓN O REEMPLAZO A NUEVO DE LOS BIENES AFECTADOS. | E114: La aseguradora acepta mediante la presente póliza la no aplicación por demérito, uso, vetustez, obsolescencia tecnológica, o mejora tecnológica, en fin, cualquier otro concepto para los riesgos de Sustracción, Incendio y anexos (se exceptúa los bienes correspondientes a equipos eléctricos y electrónicos). Para las coberturas de equipos eléctricos, electrónicos y rotura de maquinaría aplicará en la liquidación de las indemnizaciones las siguientes condiciones:
B115: - RECONSTRUCCIÓN, REPOSICIÓN, REPARACIÓN O REEMPLAZO. | E115: a) Se entiende por valor de reposición del bien o los bienes, el valor a nuevo del mismo o de los mismos, sin deducción alguna por depreciación, demérito, uso, vetustez, obsolescencia tecnológica, mejora tecnológica o, en fin, por cualquier otro concepto o deducción.
E116: b) Si con ocasión del siniestro, la reposición o reparación del bien, conjunto o totalidad de los bienes, o de un grupo de estos o de cualquiera de ellos, el asegurado hiciera cualquier cambio o reforma en sus instalaciones, o reemplazare el o los bienes siniestrados por otro u otros de diferente naturaleza, o de mayor capacidad, serán de su cuenta los mayores costos que dichos cambios ocasionen. Sin embargo, la aseguradora debe contemplar en forma expresa que la determinación del valor de la pérdida indemnizable de bienes, se efectuará con base en cotizaciones de bienes de la misma clase, capacidad, tipo y marca o de las características más similares que ofrezca el mercado. En el evento en que en el mercado no existan bienes de las mismas o similares características, la determinación se efectuará con base en la (s) alternativa (s) de reemplazo que presentará el asegurado. Se indemnizará a valor de reposición cuando el conjunto o la totalidad ellos queden destruidos o de tal modo averiados que pierdan la aptitud para el fin para el que están destinados o cuando, no obstante, no perder esa aptitud, su reparación, aunque se facilite, implique perjuicios en la calidad o eficiencia en la producción u operación.
E117: c) La Aseguradora también se obliga a indemnizar el siniestro total o parcial con base en el valor de la reconstrucción, reposición, reparación o reemplazo, si se hace conveniente o necesaria la reconstrucción en un sitio distinto al del sitio afectado por el siniestro, sin que la indemnización exceda de la suma que hubiere debido indemnizar en casos normales.
E118: d) Sin importar que la indemnización se haga bajo cualesquiera de las modalidades antes previstas, la compañía no estará obligada a responder sino hasta la concurrencia del valor asegurado, ajustado según lo estipulado en las condiciones de la póliza. Se precisa que la aseguradora en estos caso solo es el medio de pago.
E119: e) En el evento que la Entidad requiera la reposición de algún bien mueble y/o equipo o elemento, la aseguradora realizará el proceso de compra y adquisición de los equipos o bienes, en este sentido, la Entidad entregará las especificaciones técnicas de los equipos a reponer, esto con el fin que se realice la reposición por un bien de las mismas o similares características de los bienes afectados y se realice el proceso adquisición y entrega de los mismos a la Entidad. Dado lo anterior, el pago de la indemnización se realizará con base en las cotizaciones presentadas por la Entidad y/o de los proveedores que designe el asegurado.
E120: f) Queda expresamente convenido y acordado que, en caso de siniestro de bienes cotizados bajo cualquier denominación de moneda extranjera, la aseguradora liquidará el bien con la Tasa Representativa del Mercado (TRM) del día del siniestro. En caso que para efectos de la indemnización se tenga una variación significativa de la TRM, la aseguradora se compromete a ajustar la liquidación con la TRM de la fecha del día del pago.
B121: DESIGNACIÓN O DENOMINACIÓN DE BIENES | E121: La aseguradora acepta el título, nombre, designación, denominación o nomenclatura con que el asegurado identifica o describe los bienes asegurados en sus registros o libros de comercio o contabilidad.
B122: MODIFICACIONES A FAVOR DEL ASEGURADO | E122: Los cambios o modificaciones a las condiciones de la presente póliza, serán acordados mutuamente entre la compañía y el asegurado. El certificado, documento o comunicaciones que se expidan para formalizarlos debe ser firmado, en señal de aceptación, por un representante legal del asegurado o funcionario autorizado, prevaleciendo sobre las condiciones de esta póliza. No obstante, si durante la vigencia de la póliza se presentan modificaciones en las condiciones del seguro, legalmente aprobadas que representen un beneficio a favor del asegurado, tales modificaciones se consideran automáticamente incorporadas. Siempre y cuando no causen cobro de prima adicional.
...

Sheet 2. COND. BÁSICAS MANEJO
B3: =+'1. COND. BÁSICAS TRDM'!B3:G3 -> PARQUES NACIONALES NATURALES DE COLOMBIA - PNNC
B4: ANEXO No. 1.1 - CONDICIONES TÉCNICAS (BÁSICAS OBLIGATORIAS)
B5: GRUPO No. 1
B7: 2. SEGURO GLOBAL DE MANEJO PARA ENTIDADES OFICIALES
B8: 2.1. | C8: INFORMACIÓN GENERAL
B9: TOMADOR: | C9: =+'1. COND. BÁSICAS TRDM'!$C$9:$E$9 -> PARQUES NACIONALES NATURALES DE COLOMBIA - PNNC | F9: NIT. | G9: =+'1. COND. BÁSICAS TRDM'!G9 -> 830.016.624-7
B10: ASEGURADO: | C10: =+C9 -> PARQUES NACIONALES NATURALES DE COLOMBIA - PNNC | F10: NIT. | G10: =+G9 -> 830.016.624-7
B11: BENEFICIARIO: | C11: =+C10 -> PARQUES NACIONALES NATURALES DE COLOMBIA - PNNC | F11: NIT. | G11: =+G10 -> 830.016.624-7
B12: 2.2. | C12: OBJETO DEL SEGURO
B13: Amparar el menoscabo que sufran los fondos, valores y bienes de PARQUES NACIONALES NATURALES DE COLOMBIA - PNNC, ocasionado por empleados, funcionarios, servidores, sus reemplazos y demás personas comprendidas en la definición de trabajador o empleado de esta póliza, por actos que se tipifiquen como delitos contra la administración pública o fallos con responsabilidad fiscal, de conformidad con las coberturas y condiciones del presente anexo. La cobertura no estará condicionada a la existencia de sentencia penal o fallo fiscal cuando la ocurrencia y cuantía de la pérdida se encuentren acreditadas conforme al contrato y a la ley.
B14: 2.3. | C14: LÍMITE ASEGURADO
A15: 1 | B15: Oferta Básica: Se califica en Condiciones Adicionales (Formato No. 3) el aumento del límite asegurado sin cobro de prima adicional. | F15: 800000000
B16: 2.3.1. | C16: MODALIDAD DE COBERTURA:
B17: Los amparos otorgados operan bajo modalidad de OCURRENCIA. Se cubren las pérdidas patrimoniales cuyo hecho generador o conducta amparada ocurra durante la vigencia de la póliza, aun cuando su descubrimiento, investigación, determinación de responsabilidad o reclamación tenga lugar con posterioridad, sujeto exclusivamente a los términos legales de prescripción aplicables y a las demás condiciones más favorables previstas en este anexo. Ninguna condición general de la aseguradora podrá transformar esta cobertura en modalidad claims made, descubrimiento o reclamación.
B18: 2.3.2. | C18: BASE PARA LA DETERMINACIÓN Y APLICACIÓN DEL CONCEPTO SUBLÍMITE / VIGENCIA / AGREGADO ANUAL
B19: Para la totalidad de Coberturas y/o condiciones básicas sublímitadas, queda expresamente aceptado por parte de los proponentes que, en concordancia con la vigencia de la póliza que se adjudique, cada Sublímite operará así:
B20: - Si la vigencia es inferior a doce (12) meses: (Sublímite indicado) Evento /Agregado vigencia.
B21: - Si la vigencia es igual o mayor a doce (12) meses: Sublímite indicado Evento /Agregado Anual.
B22: En caso de discrepancia en alguna cobertura o cláusula básicas con relación al concepto de aplicación del sublímite / vigencia / agregado anual, frente a la vigencia ofertada, prevalece el establecido en este numeral con relación al plazo de la condición ofertada.
B23: 2.4. | C23: CARGOS ASEGURADOS
B24: EMPLEADOS ACTIVOS | D24: 578 | E24: MONTO ANUAL PROYECTADO DE LA NÓMINA: | G24: =800000000*12 -> 9600000000
B25: CONTRATISTAS Y SUBCONTRATISTAS | D25: 1740
B26: TOTAL CARGOS ASEGURADOS: | D26: =SUM(D24:D25) -> 2318
B27: NOTA: | C27: CADA SUBLÍMITE INDICADOS ESTAN CONTEMPLADOS DENTRO DEL LÍMITE ASEGURADO. EXCEPTO LAS CLÁUSULAS DE GASTOS QUE SON EN EXCESO DEL LÍMITE ASEGURADO
B28: 2.5. | C28: COBERTURAS BÁSICAS
B29: DELITOS CONTRA LA ADMINISTRACIÓN PÚBLICA | E29: La aseguradora indemnizará la pérdida económica que sufra la Entidad a consecuencia de actos que se tipifiquen como delitos contra la administración, cometidos por empleado(s) en desempeño de(los) cargo(s) señalados en el numeral 2.4.
B30: GASTOS DE RECONSTRUCCIÓN O RENDICIÓN DE CUENTAS | E30: La aseguradora mediante este amparo cubre los gastos que la Entidad tenga que incurrir en caso de abandono del cargo o fallecimiento del empleado, para llevar a cabo los procesos de rendición y reconstrucción de cuentas.
B31: DELITOS CONTRA EL PATRIMONIO ECÓNOMICO | E31: La aseguradora mediante este amparo indemnizará la pérdida económica que sufra la Entidad, por aquellas conductas penalmente sancionables, cometidas por los empleados de la Entidad, que no dan cuenta de un buen manejo de los recursos estatales y que causan detrimento al patrimonio del estado.
B32: JUICIOS CON RESPONSABILIDAD FISCAL Y ALCANCES FISCALES | E32: La aseguradora mediante este amparo cubre los procesos de responsabilidad fiscal con ocasión de la ejecución de actos que den lugar a iniciación de juicios de esta naturaleza, al igual que los alcances fiscales.
B33: PÉRDIDA DE EMPLEADOS NO IDENTIFICADOS AL 100% DEL LÍMITE ASEGURADO | E33: En caso de ocurrencia de cualquier pérdida, pero que la Entidad no pudiera determinar específicamente al empleado o los empleados responsables, la aseguradora reconocerá la indemnización correspondiente, siempre y cuando las circunstancias que dieron lugar al evento, permitan considerar que en la ocurrencia del mismo intervinieron uno o varios empleados de la Entidad, a cualquier titulo (autor intelectual, material o cómplice). Queda entendido que la responsabilidad de la compañía, respecto de tales pérdidas, no excederá en ningún caso del monto asegurado estipulado en la póliza.
B34: PROTECCIÓN DE DEPÓSITOS BANCARIOS AL 100% DEL LÍMITE ASEGURADO | E34: Cubre las pérdidas de dinero que el asegurado tenga depositado en sus cuentas corrientes o de ahorro en entidades bancarias o financieras (incluidos sus respectivos intereses), que se deba a falsificación o adulteración de un cheque, letra de cambio, pagaré, carta de crédito o cualquier otra clase de título valor que el banco o entidad financiera presuma que ha sido firmado, endosado o avalado por el asegurado o por una persona que obre en su nombre o representación y que el banco o entidad financiera compruebe que no es responsable por dicho pago, incluyendo: a) Cualquier cheque o giro hecho o girado en nombre de la Entidad pagadero a una persona ficticia y endosado o pagado a nombre de dicha persona. b) Cualquier cheque o giro hecho o girado en transacción de la Entidad o por su representante a favor de un tercero y entregado al representante de éste que resultare endosado o cobrado por persona distinta de aquel a quien se giró. c) Cualquier cheque o giro con destino al pago de salarios que habiendo sido girado u ordenado por la Entidad, resultare endosado y cobrado por un tercero obrando supuestamente a nombre del girador, o de aquel a quien se debía hacer el pago. Esta cobertura aplica cuando se demuestra la participación de uno o más empleados del asegurado y que la entidad bancaria demuestre que no tiene ninguna responsabilidad.
B35: EXTENSIÓN DE COBERTURA PARA EMPLEADOS OCASIONALES, TEMPORALES Y TRANSITORIOS AL 100% DEL LÍMITE ASEGURADO | E35: Bajo esta condición la cobertura de la presente póliza se extiende a amparar a los trabajadores ocasionales, temporales o transitorios y a quienes, sin serlo, realicen prácticas o investigaciones en sus dependencias. Esta cobertura queda sujeta a que las operaciones que realicen tales personas estén bajo el control de la Entidad.
B36: EXTENSIÓN DE COBERTURA PARA EMPLEADOS DE FIRMAS ESPECIALIZADAS Y OTROS AL 100% DEL LÍMITE ASEGURADO | E36: Bajo esta condición la cobertura de la presente póliza se extiende a amparar a todas aquellas personas naturales que presten servicios en los establecimientos del asegurado bajo cualquier título o contrato, incluidos los empleados de firmas especializadas, los empleados de contratistas independientes, los cuales deben cumplir con las normas que los regulan y con las garantías exigidas por la ley 80 de 1993. Esta cobertura queda sujeta a que las operaciones que realicen tales personas estén bajo el control de la Entidad.
B37: EXTENSIÓN DE COBERTURA PARA PÉRDIDAS OCASIONADAS POR EMPLEADOS DE CONTRATISTAS Y SUBCONTRASTISTAS INDEPENDIENTES AL 100% DEL LÍMITE ASEGURADO | E37: Bajo esta condición la cobertura de la presente póliza se extiende a amparar a todas aquellas personas naturales que presten servicios en los establecimientos del asegurado bajo cualquier título o contrato, incluidos los empleados de contratistas y subcontratistas independientes, los cuales deben cumplir con las normas que los regulan y con las garantías exigidas por la ley 80 de 1993.
B38: GASTOS POR PAGOS DE AUDITORES, REVISORES, CONTADORES Y ABOGADOS | E38: La cobertura de esta póliza debe extenderse a amparar los gastos en que incurra el asegurado, por pago a auditores, revisores, contadores y abogados, que se requieran para analizar y certificar los datos extraídos de los libros de contabilidad y demás documentos del asegurado, al igual que cualquier otra información que sea solicitada por la compañía al asegurado para el ajuste y definición de los reclamos.
B39: GASTOS PARA LA DEMOSTRACIÓN DEL SINIESTRO | E39: Bajo este amparo se cubren los gastos razonables en que incurra el asegurado, para la demostración de la ocurrencia y cuantía del siniestro y serán indemnizados bajo esta póliza. Estos gastos deben ser previamente aprobados por la aseguradora y la Entidad se compromete para estos casos presentar previamente cotización de estos gastos (cuando se requiera), la aseguradora se reserva el derecho de poder cotizar con sus proveedores los servicios que demanden la aplicación de estos gastos.Hasta el 100% de los gastos demostrados.
B40: GASTOS PARA LA PREPARACIÓN Y DEMOSTRACIÓN DEL SINIESTRO | E40: Bajo este amparo se cubren los gastos razonables en que incurra o deba incurrir el asegurado, para la preparación y demostración de la ocurrencia y cuantía del siniestro y serán indemnizados bajo esta póliza. La aseguradora indemnizará hasta el 100% de los gastos demostrados. El seguro de esta póliza incluye los costos razonables y sustentables incurridos por el Asegurado (incluida la utilización por parte del Asegurado de consultores externos) para la preparación, presentación, demostración, certificación y / o verificación de cualquier reclamación resultante de la pérdida asegurada bajo esta póliza. Esta póliza se extiende para incluir los costos y gastos incurridos por el asegurado o por los representantes de cualquier asegurado (Ajustadores/Liquidadores/Reguladores, Abogados, Contadores, Expertos, asesores, especialistas, profesionales de siniestros y similares, etc.) en la preparación, justificación y demostración del monto de cualquier reclamación bajo esta póliza
A41: 2 | B41: GASTOS ADICIONALES. Sublímite 10% del límite asegurado (vigencia 2.3.2.) Se califica en Condiciones Adicionales (Formato No. 3) el aumento del porcentaje ofrecido. | E41: No obstante lo que se diga en contrario en las condiciones generales y particulares de la póliza, la Compañía se obliga a indemnizar los gastos adicionales (que no tengan carácter de permanentes) incluidos aquellos que tenga que asumir por la reconstrucción de archivos, documentos, bases de datos o información en servidores o medios magnéticos, debidamente comprobados en que necesaria y razonablemente incurra el asegurado, como consecuencia directa del siniestro, hasta el 100% de los gastos demostrados.
A42: 3 | B42: HONORARIOS PROFESIONALES DE ABOGADOS, CONSULTORES, AUDITORES, INTERVENTORES, ETC Sublímite 20% del límite asegurado (vigencia 2.3.2.) Se califica en Condiciones Adicionales (Formato No. 3) el aumento del porcentaje ofrecido. | E42: No obstante lo que se diga en contrario en las condiciones generales y particulares de la póliza, la Compañía se obliga a indemnizar los honorarios en que necesaria y razonablemente incurra el asegurado, por concepto de abogados, consultores, auditores, interventores, revisores, contadores, etc., para obtener y certificar: a.- los detalles extraídos de los libros de contabilidad y del negocio mismo del asegurado, y b.- cualesquiera otras informaciones, documentos y testimonios que sean pedidos por la compañía al asegurado según lo establecido en las condiciones generales y particulares de la póliza. La compañía reconocerá hasta el 100% de los gastos razonables demostrados por el asegurado.
A43: 4 | B43: COSTAS EN JUICIO, HONORARIOS PROFESIONALES Y SELECCIÓN DE PROFESIONALES PARA LA DEFENSA. Sublímite del 10% del límite asegurado (vigencia 2.3.2.). Se califica en Condiciones Adicionales (Formato No. 3) el aumento del porcentaje ofrecido. | E43: Por medio de la presente cláusula la compañía indemnizará al asegurado las costas de los procesos judiciales y los honorarios de abogados hasta por el 100% del valor asegurado, siempre y cuando sean justificados, razonables, causados y cancelados por el asegurado en la defensa de cualquier procedimiento legal o pleito en el cual sea demandado por el (los) funcionario(s) investigado(s) con ocasión de los hechos que dan origen a la reclamación formulada a la compañía de seguros. Sin embargo, si dicha reclamación es mayor que el monto del deducible, el asegurador asumirá el pago de las costas y honorarios en igual proporción en que haya asumido la pérdida. El asegurador podrá, en caso de así determinarlo y de común acuerdo con el asegurado asumir la defensa en cualquier litigio o procedimiento legal a nombre del asegurado, a través de abogados elegidos por el asegurador. La selección de los profesionales encargados para la defensa corresponderá al Asegurado, o los funcionarios que esta designe, quienes para su aprobación presentan a la compañía la propuesta correspondiente. La compañía podrá, previo común acuerdo con la Entidad asegurada, asumir la defensa de cualquier litigio o procedimiento legal a nombre del asegurado, a través de abogados elegidos por este.
B44: 2.7. | C44: CLÁUSULAS BÁSICAS
B45: REVOCACIÓN DE LA PÓLIZA, CLÁUSULAS O CONDICIONES Con termino de ciento veinte (120) días. | E45: La aseguradora podrá revocar la póliza, cláusulas o condiciones unilateralmente por la compañía, mediante noticia escrita enviada al asegurado, a su última dirección registrada, con no menos de ciento veinte (120) días de antelación; contados a partir de la fecha del envío. El asegurado podrá pedir la revocación en cualquier momento, según lo previsto en el Código de Comercio. Así mismo, en el caso de que la aseguradora decida no otorgar renovación o prorroga del contrato de seguro, deberá dar aviso de ello al asegurado con no menos de ciento veinte (120) días de antelación a la fecha de vencimiento de la póliza, en caso contrario se dará por entendido que la aseguradora acepta la renovación o prorroga hasta el límite legal establecido en la Ley 80 de 1993, para la adición de los contratos y manteniendo las mismas condiciones ofertadas en este proceso.
B46: AMPARO AUTOMÁTICO DE NUEVOS CARGOS | E46: Bajo esta cláusula se otorga amparo automático a todo nuevo cargo creado por la Entidad, durante la vigencia de la misma, sin que exista obligación por parte de la entidad asegurada de reportarle dichos nuevos cargos, siempre que los nuevos cargos cuenten con las mismas seguridades y controles que los reportados en el inicio de la póliza. Esta condición dará derecho a la compañía al cobro de la prima proporcional, calculada a prorrata, con las tasas adjudicadas y correspondiente al periodo de amparo.
B47: ERRORES, OMISIONES O INEXACTITUDES | E47: El tomador está obligado a declarar sinceramente los hechos y circunstancias que determinen el estado del riesgo. La inexactitud sobre hechos o circunstancias que, conocidas por la compañía, la hubieren retraído de celebrar el contrato o inducido a estipular condiciones más onerosas, produce la nulidad relativa del seguro. Sin embargo, si se incurriere en errores, omisiones e inexactitudes inculpables al tomador o al asegurado, el contrato no será nulo ni habrá lugar a la aplicación del inciso tercero del artículo 1058 del Código de Comercio sobre reducción porcentual de la prestación asegurada. En este caso se deberá pagar la prima adecuada al verdadero estado del riesgo.
B48: MODIFICACIÓN A CARGOS | E48: Queda entendido, convenido y aceptado que si durante la vigencia de la presente póliza se presenta cambio de denominaciones a cargos, se consideran automáticamente incorporados a la póliza, sin que el asegurado se obligue a reportarle tales cambios y/o modificaciones, precisando que estos cargos cuentan con los controles y seguridades que los reportados al inicio de vigencia.
B49: AMPLIACIÓN AVISO DEL SINIESTRO Con termino de noventa (90) días. | E49: Queda convenido y aceptado que el asegurado podrá dar aviso de la ocurrencia del siniestro en un término de noventa (90), siguientes a la fecha en que haya conocido o debido conocer la ocurrencia del mismo.
B50: DEFINICIÓN DE SERVIDOR PÚBLICO, TRABAJADOR O EMPLEADO | E50: Queda convenido y aceptado que aseguradora acepta bajo la presente cláusula, que el término "servidor público, trabajador o empleado" y estén bajo el control y dependencia del asegurado, dondequiera que se utilice en la póliza significará:
E51: 1) La persona natural que, dentro del desempeño del cargo asegurado, presta su servicio a la Entidad, vinculada a éste mediante contrato de trabajo, orden de trabajo o mediante nombramiento por decreto o resolución.
E52: 2) Contratistas bajo la Prestación de Servicios Profesionales para el apoyo a la gestión.
E53: 3) Los asesores y consultores que desarrollan funciones en la Entidad.
E54: 4) Estudiantes o Practicantes mientras estén prosiguiendo estudios o deberes en los predios de la Entidad.
E55: 5) Empleados de seguridad y contratistas y sus empleados, mientras dichos contratistas estén desarrollando servicios temporales para la Entidad.
E56: 6) Los trabajadores suministrados por compañías especializadas para desarrollar trabajos propios del asegurado y bajo supervisión en cualquiera de las oficinas o predios de la Entidad.
E57: 7) Directores cuando sean empleados asalariados, pensionados o cuando estén desarrollando labores propias de un empleado o cuando esté actuando como miembro de cualquier comité debidamente elegido o nombrado por Resolución de la Junta Directiva de la Entidad (cuando aplica) para desempeñar específicamente la labor de nombramiento para actos de dirección en nombre del asegurado.
E58: 8) Cualquier persona que haga parte de la Junta Directiva de la Entidad.
E59: 9) Cualquier persona o compañía empleada por el asegurado para prestar servicios profesionales en cualquier rama de su especialidad mientras estan prestando servicios a la Entidad.
E60: 10) Cualquier persona que haga parte de alguna entidad con la cual el ASEGURADO tenga algún tipo de convenio, contrato u otra figura que implique el manejo de bienes o recursos en el desarrollo de su misionalidad.
E61: Todas las anteriores definiciones se consideran empleados mientras estén prestando dichos servicios e incluye los primeros ciento veinte (120) días siguientes a la dejación del cargo o a la terminación de sus servicios, según sea el caso y se otorga siempre y cuando el termino indicado se encuentre dentro de la vigencia de la póliza, sin exceder la fecha de finalización de vigencia.
B62: DESIGNACIÓN O DENOMINACIÓN DE BIENES | E62: La aseguradora acepta el título, nombre, denominación o nomenclatura con que el asegurado identifica o describe los bienes asegurados en sus registros o libros de comercio o contabilidad. El alcance de éstas designación de bienes se amplía al objeto establecido en el Manual de Procedimientos Administrativos y Contables para el manejo y control de los bienes de la Entidad.
B63: CONOCIMIENTO DEL RIESGO | E63: La Compañía acepta mediante la presente cláusula que la Entidad, le ha brindado la oportunidad para realizar la inspección de los bienes y riesgos a que están sujetos los mismos y el patrimonio del Asegurado, razón por la cual se deja constancia del conocimiento y aceptación de los hechos, circunstancias y, en general, condiciones de los mismos. La compañía se reserva el derecho de llevar a cabo la inspección cuantas veces lo juzgue pertinente.
A64: 5 | B64: ANTICIPO DE INDEMNIZACIÓN DEL 85% | E64: Queda expresamente acordado que, a petición escrita de la Entidad, la aseguradora anticipará pagos parciales sobre el valor de cualquier reclamo, con base en el valor de la estimación preliminar de la pérdida aceptada por el ajustador, para adelantar la reparación, reposición o remplazo de los bienes asegurados. En el caso de que no haya nombramiento de ajustador, el anticipo se liquidará con base en la valoración de la cuantía de la pérdida amparada, acreditada por la entidad mediante cotización de la misma. Este anticipo también se extiende a cualquier tipo de gastos que se requiera para la operatividad de la póliza. En caso que el anticipo o suma de anticipos que la compañía adelante al asegurado llegare a exceder la suma total indemnizable a que tenga derecho, éste se compromete a devolver el exceso pagado. Para esta cláusula la aseguradora debe contemplar un plazo máximo para el pago del anticipo de diez (10) días hábiles contados a partir de la fecha de solicitud y formalización del mismo este y no se acepta el requerimiento de ningún requisito adicional para realizar el anticipo.
B65: MODIFICACIONES A FAVOR DEL ASEGURADO | E65: Los cambios o modificaciones a las condiciones de la presente póliza, serán acordados mutuamente entre la compañía y el asegurado. El certificado, documento o comunicaciones que se expidan para formalizarlos debe ser firmado, en señal de aceptación, por un representante legal del asegurado o funcionario autorizado, prevaleciendo sobre las condiciones de esta póliza. No obstante, si durante la vigencia de la póliza se presentan modificaciones en las condiciones del seguro, legalmente aprobadas que representen un beneficio a favor del asegurado, tales modificaciones se consideran automáticamente incorporadas. Siempre y cuando no causen cobro de prima adicional.
B66: NOMBRAMIENTO Y DESIGNACIÓN DE AJUSTADORES | E66: El nombramiento de ajustadores deberá efectuarse de común acuerdo entre la aseguradora y el asegurado, para lo cual la aseguradora presentará para cada reclamo una relación de cinco (5) firmas ajustadoras. No obstante la anterior condición, el asegurador con su propuesta se obliga a presentar la lista de todos sus ajustadores y la Entidad se reserva el derecho de nombrar al ajustador que considere más adecuado o solicitar el cambio de los mismos en caso de que no fueren de su entera satisfacción, sin que para ello se requiera motivación alguna.
B67: VARIACIONES O MODIFICACIONES DEL RIESGO | E67: Queda entendido, convenido y aceptado que las notificaciones que sobre los hechos o circunstancias no previsibles que sobrevengan con posterioridad a la celebración del contrato de seguro y que, conforme al criterio consignado en el inciso 1° del artículo 1058 del código de comercio, signifiquen agravación del riesgo, se efectuarán por la Entidad dentro de los noventa (90) días siguientes a la fecha de modificación del riesgo.
B68: NO CONCURRENCIA DE AMPAROS, CLÁUSULAS O CONDICIONES | E68: Queda entendido, convenido y aceptado, que si dos o más amparos, cláusulas o condiciones otorgan cobertura a un mismo evento, se indemnizará con base en aquella que ofrezca mayor protección para los intereses del asegurado. De igual manera prevalecerán los amparos, cláusulas o condiciones que otorguen coberturas sobre aquellos que las excluyan. En todo caso y ante cualquier discrepancia sobre cuál es el amparo, cláusula o condición aplicable a un caso determinado, se aplicara aquella o aquellas que en conjunto determine el asegurado de acuerdo a su conveniencia.
B69: AMPARO AUTOMÁTICO DE CARGOS QUE POR ERROR U OMISIÓN NO SE HAYAN INFORMADO AL INICIO DE LA VIGENCIA. | E69: Queda entendido, convenido y aceptado que no obstante lo que en contrario se diga en las condiciones generales de la póliza, el presente anexo se extiende a cubrir automáticamente todo cargo que por error u omisión no se haya informado al inicio del seguro por el asegurado. El asegurado deberá comunicar tal situación a la aseguradora dentro del plazo aca estipulado y siguientes a la expedición del seguro y la compañía efectuará el cobro de la prima proporcional a prorrata.
B70: NO APLICACIÓN DE GARANTÍAS | E70: Queda expresamente acordado y aceptado que la cobertura otorgada bajo la presente póliza no queda sujeta al cumplimiento de ningún tipo de garantía por parte de la entidad asegurada.
B71: NO APLICACIÓN DE DEDUCIBLE O RESTRICCIÓN DE LÍMITE PARA CAJAS MENORES | E71: Queda expresamente acordado y aceptado que la aseguradora acepta la no aplicación de deducibles para Cajas Menores y tampoco impondrá restricciones al límite de número y cuantías que manejan cada una de ellas.
B72: FALTANTES DE INVENTARIOS 50% DEL LÍMITE ASEGURADO Se califica en Condiciones Adicionales (Formato No. 3) el aumento del porcentaje ofrecido. | E72: El oferente ofrecerá la cobertura para los faltantes de inventarios atribuibles a funcionarios de la entidad siempre y cuando tales pérdidas sean como consecuencia de eventos amparados bajo presente póliza. Se otorga la cobertura siempre que se acredite en el reclamo que las pérdidas fueron causadas por la intervención de uno o más empleados.
B73: DETERMINACIÓN DE LA PÉRDIDA INDEMNIZABLE | E73: La aseguradora debe contemplar en forma expresa que la determinación del valor de la pérdida indemnizable de bienes, se efectuará con base en cotizaciones de bienes de la misma clase, capacidad, tipo y marca o de las características más similares que ofrezca el mercado. En caso de que en el mercado no existan bienes de las mismas o similares características, la determinación se efectuará con base en la (s) alternativa (s) de reemplazo que presentará el asegurado.
B74: RESTABLECIMIENTO AUTOMÁTICO DEL LÍMITE ASEGURADO POR PAGO DE SINIESTRO, HASTA UNA (1) VEZ EL LÍMITE CONTRATADO CON COBRO DE PRIMA A PRORRATA | E74: Mediante la presente cláusula la aseguradora acepta expresamente, que en el caso de presentarse una pérdida amparada por la presente póliza, la cuantía de tal pérdida se considerará inmediatamente restablecida desde el momento de ocurrencia del siniestro. El restablecimiento ofrecido por esta condición dará derecho a la aseguradora al cobro de la prima correspondiente al monto restablecido, desde la fecha de la pérdida hasta el vencimiento de la póliza, expedición de cuyo certificado de seguro realizará una vez efectuado el pago de la indemnización.
B75: PAGO DE RECLAMOS CON BASE EN LA DETERMINACIÓN DE RESPONSABILIDAD DE EMPLEADOS DEL ASEGURADO EN LA INVESTIGACIÓN ADMINISTRATIVA, SIN NECESIDAD DEL FALLO DE RESPONSABILIDAD FISCAL. | E75: Queda entendido, convenido y aceptado, que la aseguradora indemnizará las pérdidas objeto de la respectiva cobertura, previamente demostrada ocurrencia y cuantía, sin requerir fallo fiscal o penal, con base en la determinación de responsabilidad del (los) empleado(s) del asegurado en la investigación administrativa. Esta condición aplica siempre y cuando se acredite la ocurrencia y cuantía de la pérdida.
B76: NO APLICACIÓN DE LA CONDICIÓN DE COMPENSACIÓN EN CASO DE SINIESTRO | E76: La Aseguradora no podrá a su arbitrio aplicar en la liquidación de valor de las indemnizaciones de los reclamos que afecten esta póliza, sumas de dinero que la entidad asegurada adeude al (los) empleado (s) involucrado (os) en las acciones, omisiones y/o delitos contra la administración pública, que dan lugar al siniestro, a menos que exista fallo judicial debidamente ejecutoriado que así lo determine.
... B80: CLÁUSULA DE JURISDICCIÓN Y SOLUCIÓN DE CONTROVERSIAS | E80: Toda y cualquier diferencia que surja entre las partes por la interpretación del presente contrato, su ejecución, cumplimiento, terminación o las consecuencias futuras del mismo, será dirimida bajo la jurisdicción y legislación de la República de Colombia. Las diferencias y controversias que surjan se solucionarán con sujeción a las siguientes instancias que se agotarán de forma sucesiva o a elección de las partes, así:
E81: a). Arreglo Directo: Las partes tratarán de resolver sus diferencias de forma directa y entre ellas mismas dentro del plazo de quince (15) días contados a partir de la notificación escrita en que cualquiera de ellas informe a la otra de un conflicto o controversia originado en el contrato. b). Conciliación: Agotado el plazo anterior sin que las partes lograsen un acuerdo por si mismas, acudirán a la asistencia de un conciliador legalmente autorizado que se designará y actuará según los parámetros establecidos por la Ley 2220 de 2022 y el Decreto 1818 del 2018, en caso de lograrse la conciliación la misma producirá efectos de cosa juzgada entre las partes, en caso contrario agotará el requisito de procedibilidad para acudir a la jurisdicción ordinaria o arbitral según corresponda, de acuerdo con los literales c) y d) de la presente cláusula.
E82: c). Jurisdicción Ordinaria: Agotadas las instancias anteriores, si la cuantía de las pretensiones derivadas de la diferencia que surja entre las partes por la interpretación del presente contrato, su ejecución, cumplimiento, terminación o las consecuencias futuras del mismo, no excediere de 220 SMMLV las partes sujetarán su controversia a la decisión del juez de instancia que corresponda según la cuantía y competencia en arreglo a lo previsto por el código de procedimiento Civil. d). Jurisdicción Arbitral: Agotadas las instancias anteriores, si la cuantía de las pretensiones derivadas de la diferencia que surja entre las partes por la interpretación del presente contrato, su ejecución, cumplimiento, terminación o las consecuencias futuras del mismo, se llevará el conflicto a la decisión de un Tribunal de Arbitramento Institucional cuyo domicilio será la ciudad de Bogotá D.C., el Tribunal estará integrado por un (1) árbitro que será designado conjuntamente por las partes dentro de los quince (15) días hábiles siguientes al envío de la comunicación por correo certificado que una de ellas le haga llegar a la otra solicitando la conformación del Tribunal; en caso de desacuerdo o falta de respuesta de la parte requerida, la otra parte podrá solicitar la designación y conformación del Tribunal al centro de Arbitraje y Conciliación de la Cámara de Comercio de la ciudad de Bogotá D.C.. El Tribunal así conformado funcionará en la ciudad de Bogotá D.C. y el laudo deberá proferirse en derecho, sujetándose en un todo al Decreto 2279 de 1.989, la ley 23 de 1.991, a la Ley 1437 de 2011, sus decretos reglamentarios y demás normas que regulan esta figura judicial. Esta última sujeta a lo dispuesto en Directiva Presidencial 04 del 18 de mayo de 2018.
B83: SUBROGACION | E83: Al indemnizar un siniestro la compañía se subroga, por ministerio de la ley y hasta concurrencia de su importe, en los derechos del Asegurado contra las personas responsables del siniestro, no obstante, la Compañía renuncia expresamente a ejercer sus derechos de subrogación contra: 1. Cualquier persona o Entidad que sea un Asegurado bajo la póliza. 2. Cualquier filial, subsidiaria u operadora del asegurado. 3. Cualquier miembro de la Junta Directiva o cualquier empleado o dependiente del Asegurado, o cualquier persona a las cuales el Asegurado en su misionalidad tengan a cargo cualquiera de los bienes asegurados, incluidos los contratistas para apoyo a la gestión misional de la Entidad, salvo el caso en que los daños hayan sido causados intencionalmente por ellos.
B84: LIQUIDACIÓN A PRORRATA EN CASO DE CANCELACIÓN DE LA PÓLIZA POR PARTE DEL ASEGURADO | E84: Bajo esta cláusula la aseguradora debe aceptar que en caso de cancelación de la póliza por parte del asegurado, la devolución de las primas respectivas se realizará a prorrata.
B85: LIQUIDACIÓN A PRORRATA PARA PRÓRROGA DE LA VIGENCIA | E85: En caso de que el asegurado lo requiera, la aseguradora realizara la liquidación de la prima de la prórroga a prorrata con las mismas tasas y condiciones de la póliza inicial. Siempre y cuando la siniestralidad de la póliza no sea mayor al 50%, en el caso que la siniestralidad supere el 50% la aseguradora acordará con el asegurado las condiciones en que se otorgará la prórroga.
B86: CONDICIONES DE RENOVACIÓN Y/O PRORROGA DE LA PÓLIZA | E86: En caso de que el asegurado decida renovar y/o prorrogar la póliza, la aseguradora se obliga a mantener los términos contratados con las mismas tasas y condiciones de la póliza inicial, siempre y cuando la siniestralidad de la póliza no sea mayor al 70%, en el caso que la siniestralidad supere el 70% la aseguradora acordará con el asegurado las condiciones en que se otorgará las condiciones de renovación. La aseguradora se obliga a entregar en cualquiera de las situaciones de resultado de siniestralidad, las condiciones con una antelación de noventa (90) días antes del vencimiento de la póliza.
B87: ACTOS DE AUTORIDAD | E87: La póliza se extiende a cubrir los daños o pérdidas materiales de los bienes asegurados, causados directamente por la acción de la autoridad legalmente constituida, ejercida con el fin de disminuir o aminorar las consecuencias de cualquiera de los riesgos amparados. Se excluye el embargo y la confiscación de bienes.
B88: CLÁUSULA DE NO ACEPTACIÓN DE COASEGURO | E88: En el evento en el que el contrato de seguro sea celebrado a través de una figura asociativa, la misma se celebrará bajo alguna de las modalidades previstas en el artículo 7º del Estatuto General de Contratación de la Administración Pública – EGCP (Unión temporal, consorcio, entre otros). Adicionalmente, no serán aceptados los contratos de seguros estructurados por dos o más Compañías de seguros, en calidad de coaseguradores, y toda disposición que se realice con esta referencia (coaseguro), se entenderá por no escrita.
B89: CLÁUSULA DE CONOCIMIENTO POR LOS MIEMBROS DE LA FIGURA ASOCIATIVA | E89: Esta cláusula será aplicada cuando se presente la asociación de dos o más Aseguradoras, sin importar la figura utilizada para tal fin. Las Compañías de Seguros que actúan como integrantes de cualquier figura asociativa (consorcio, unión temporal, etc.) dentro del presente contrato de seguro, conocen y aceptan: i) las condiciones generales y particulares de la póliza, ii) Cualquier anexo y/o certificado que sobre la póliza inicial emita la Compañía líder de la figura asociativa. En igual sentido, declaran que cualquier reclamación, notificación, requerimiento o comunicación formulada por el asegurado o por un tercero a la compañía líder o cualquiera de sus integrantes, se entiende automáticamente formulada ante todos los integrantes de la figura asociativa establecida para tal fin.
B90: CLÁUSULA DE SOLIDARIDAD ENTRE LOS MIEMBROS DE LA FIGURA ASOCIATIVA | E90: En caso de figuras asociativas se considera lo contemplado en el parágrafo 2 del artículo 7 de la Ley 80 de 1993, el cual indica “En los casos en que se conformen sociedades bajo cualquiera de las modalidades previstas en la ley con el único objeto de presentar una propuesta, celebrar y ejecutar un contrato estatal, la responsabilidad y sus efectos se regirá por las disposiciones previstas en esta ley para los consorcios.”, por tanto, frente a la contratación estatal queda entendido que existirá la solidaridad en el cumplimiento del contrato de seguros y las obligaciones derivadas del mismo.
B91: CLÁUSULA IDENTIFICACIÓN DE LA FIGURA ASOCIATIVA EN LA PÓLIZA | E91: En el evento que el contrato se seguro sea celebrado a través alguna figura asociativa (consorcio, unión temporal, etc.) compuesta por dos o más compañías de seguros, en virtud del artículo 1047 del Código de Comercio, en la póliza deberá incorporarse: (i) el nombre del contratista (razón social de la figura asociativa establecida en su documento de conformación) y (ii) la razón social, número de identificación y porcentajes de participación de cada una de las aseguradoras integrantes de la figura asociativa.
B92: CLÁUSULA DE CONDICIONES PARTICULARES | E92: Queda expresamente acordado y convenido, que la aseguradora acepta las condiciones obligatorias (mínimas técnicas) establecidas en este anexo, en los términos señalados en el mismo, por lo tanto, en caso de existir discrepancia ente los ofrecimientos contenidos en la propuesta técnica básica, frente a los textos de los ejemplares de las pólizas, a las condiciones generales, certificados, anexos o cualquier otro documento; prevalecerá la información y condiciones básicas técnicas establecidas de este anexo, de igual forma en caso de encontrarse contradicción en alguna condición prevalecerá la de mayor beneficio para el asegurado.
B93: DETERMINACIÓN DE CONDICIONES Y REQUISITOS PARA EL PAGO DE INDEMNIZACIONES | E93: La aseguradora manifiesta expresamente que acepta los requisitos y documentos contenidos en el ANEXO 9 - REQUISITOS PARA EL PAGO DE LAS INDEMNIZACIONES, como únicos para la atención y pago de reclamaciones por siniestros. A futuro no podrá exigir documentos o trámites adicionales.
B94: 2.8. | C94: EXCLUSIÓN DE ENFERMEDADES TRANSMISIBLES O CONTAGIOSAS
B95: Este seguro no cubre cualquier reclamo de ninguna manera causado por o como resultado de: a) Enfermedad por coronavirus (COVID-19) b) Coronavirus 2 del síndrome respiratorio agudo severo (SARS-CoV-2) c) Cualquier mutación o variación de SARS-CoV-2; d) Cualquier otra enfermedad transmisible, epidemia o pandemia e) Cualquier temor o amenaza de a), b), c) ó d) anteriores f) La interrupción de negocios y/o pérdidas financieras sufridas por la Entidad al no poder desarrollar la actividad para la cual fue creada como consecuencia de a), b), c), d) y e) anteriores.
B96: 2.9. | C96: COBERTURAS, AMPAROS Y BIENES SIN APLICACIÓN DE DEDUCIBLES EN FORMA OBLIGATORIA
B97: La Entidad, requiere oferta de cobertura SIN APLICACIÓN DE DEDUCIBLE, para los bienes y/o amparos y/o eventos, señalados a continuación y por lo tanto el proponente con la firma del FORMATO No. 14 ACEPTACIÓN DE LAS CONDICIONES OBLIGATORIAS (MÍNIMAS TÉCNICAS), admite estas condiciones, so pena de rechazo de oferta.
B98: - Caja Menores sin aplicación de deducible. - Calquier cláusula de GASTOS sin aplicación de deducibles.
B99: 2.10. | C99: DEDUCIBLES MÁXIMOS ACEPTABLES
B100: 1. EMPLEADOS NO IDENTIFICADOS: 2,0% del valor de la pérdida mínimo 5 SMMLV
B101: 2- Demas eventos y/o amparos: Sin deducible
B102: NOTA: El ofrecimiento de deducibles superiores a los enunciados, constituyen causal de rechazo de la oferta.
B103: 2.11. | C103: COMISIÓN MÍNIMA ACEPTABLE.
B104: En virtud de lo expuesto en el artículo 1341 del Código de Comercio el Corredor tendrá derecho a la comisión de intermediación, la cual será pagada por la Compañía de Seguros. La comisión mínima no deberá ser inferior al 15,0% el valor de la prima neta antes de IVA que es la actualmente contratada y no involucra en ningún aspecto a la Entidad. Se aclara que este comisión no es limitante para la aceptación de las condiciones técnicas básicas obligatorias del presente anexo, ya que no no constituye un aspecto técnico de la póliza a contratar.
B105: By: Tiger | G105: =+'1. COND. BÁSICAS TRDM'!G211 -> VERSIÓN: SEP 2026

Sheet 3. COND. BÁSICAS RCE
B3: =+'2. COND. BÁSICAS MANEJO'!$B$3:$G$3 -> PARQUES NACIONALES NATURALES DE COLOMBIA - PNNC
B4: ANEXO No. 1.1 - CONDICIONES TÉCNICAS (BÁSICAS OBLIGATORIAS)
B5: GRUPO No. 1
B7: 3. SEGURO DE RESPONSABILIDAD CIVIL EXTRACONTRACTUAL
B8: 3.1. | C8: INFORMACIÓN GENERAL
B9: TOMADOR: | C9: =+'2. COND. BÁSICAS MANEJO'!$C$9:$E$9 -> PARQUES NACIONALES NATURALES DE COLOMBIA - PNNC | F9: NIT. | G9: =+'1. COND. BÁSICAS TRDM'!G9 -> 830.016.624-7
B10: ASEGURADO: | C10: =+C9 -> PARQUES NACIONALES NATURALES DE COLOMBIA - PNNC | F10: NIT. | G10: =+G9 -> 830.016.624-7
B11: BENEFICIARIO: | C11: TERCEROS AFECTADOS | F11: NIT.
B12: 3.2. | C12: OBJETO DEL SEGURO
B13: Amparar los perjuicios patrimoniales y extrapatrimoniales que cause PARQUES NACIONALES NATURALES DE COLOMBIA - PNNC, como consecuencia de la Responsabilidad Civil Extracontractual originada dentro o fuera de sus instalaciones, en el desarrollo de sus actividades o en lo relacionado con ella, lo mismo que los actos de sus empleados y funcionarios o el personal para el apoyo a la gestión administrativa dentro y fuera del territorio nacional o por bienes que se encuentren bajo tenencia, control y/o responsabilidad . NOTA: Se entenderán como terceros todos los servidores públicos, empleados y funcionarios (permanentes o temporales), estudiantes en práctica o pasantía, contratistas, subcontratistas y personal voluntario que presten servicios al asegurado, incluyendo a los miembros de sus juntas directivas. Asimismo, se considerará tercero a cualquier persona natural que circule, ingrese, acceda o se encuentre en los predios del asegurado, con independencia de si este le presta o no un servicio ligado a su objeto social. Esta condición aplicará en oficinas, en los Parques Nacionales Naturales, Santuarios de Flora y Fauna, Distritos Nacionales de Manejo Integrado, Reservas Nacionales, Áreas Naturales Únicas, Vías Parque y, en general, en cualquier predio, zona o sitio bajo la responsabilidad o custodia de Parques Nacionales Naturales de Colombia (PNNC).
B14: 3.3. | C14: LÍMITE ASEGURADO (vigencia 3.4.1.)
A15: 1 | B15: Oferta Básica: Se califica en Condiciones Adicionales (Formato No. 3) el aumento del límite ofrecido sin cobro de prima adicional. | F15: 6000000000
B16: 3.3.1. | C16: MODALIDAD DE COBERTURA
B17: Por ocurrencia: La aseguradora cubre todos los perjuicios que se generen durante la vigencia del seguro
B18: 3.4. | C18: INFORMACIÓN GENERAL
B19: Nómina promedio mensual: $800,000,00
B20: Número de funcionarios: 578 Contratistas: 1740
B21: Presupuesto anual proyectado de la Entidad año 2025: $219.763.391.697
B22: 3.4.1. | C22: BASE PARA LA DETERMINACIÓN Y APLICACIÓN DEL CONCEPTO SUBLÍMITE / VIGENCIA / AGREGADO ANUAL
B23: Para la totalidad de Coberturas y/o condiciones básicas sublímitadas, queda expresamente aceptado por parte de los proponentes que, en concordancia con la vigencia de la póliza que se adjudique, cada Sublímite operará así:
B24: - Si la vigencia es inferior a doce (12) meses: (Sublímite indicado) Evento /Agregado vigencia.
B25: - Si la vigencia es igual o mayor a doce (12) meses: Sublímite indicado Evento /Agregado Anual.
B26: En caso de discrepancia en alguna cobertura o cláusula básicas con relación al concepto de aplicación del sublímite / vigencia / agregado anual, frente a la vigencia ofertada, prevalece el establecido en este numeral con relación al plazo de la condición ofertada.
B27: NOTA: | C27: CADA SUBLÍMITE INDICADOS ESTAN CONTEMPLADOS DENTRO DEL LÍMITE ASEGURADO. EXCEPTO LAS CLÁUSULAS DE GASTOS QUE SON EN EXCESO DEL LÍMITE ASEGURADO
B28: 3.4.2. | C28: PREDIOS ASEGURADOS
B29: Todos los de propiedad del asegurado, que éste use o entregue en comodato y aquellos de terceros que el asegurado use, mantenga, ocupe en desarrollo de sus actividades y operaciones y los tomados en arriendo.
B30: 3.5. | C30: COBERTURAS BÁSICAS
B31: Queda expresamente acordado y convenido, que mediante la presente póliza la aseguradora ampara los perjuicios patrimoniales y extrapatrimoniales, que cause la Entidad a terceros al igual que las costas y gastos de proceso, siempre y cuando el hecho generador le cause daños materiales, lesiones personales y/o muerte; generados como consecuencia de la responsabilidad civil extracontractual originada dentro o fuera de sus instalaciones, en el desarrollo de sus actividades propias a su objeto social o en lo relacionado con ellas, incluidos los actos de sus empleados y funcionarios en el desarrollo de sus funciones. De igual forma, se acuerda que para todos los efectos de la presente póliza, el termino de “perjuicios patrimoniales” contempla los perjuicios relacionados con daños materiales, daño emergente, lucro cesante y demás perjuicios considerados como patrimoniales; y el termino de “perjuicios extrapatrimoniales” comprende, entre otros, el daño moral, daño fisiológico, daño a la vida de relación y demás perjuicios considerados como extrapatrimoniales. La aseguradora acepta expresamente el otorgamiento de la cobertura de este seguro, según lo previsto en el Artículo 1131 del Código de Comercio, relacionado con la configuración del siniestro e inicio de la prescripción, que estipula: ARTICULO 1131. Configuración del siniestro en el seguro de responsabilidad civil. En el seguro de responsabilidad se entenderá ocurrido el siniestro en el momento en que acaezca el hecho externo imputable al asegurado, fecha a partir de la cual correrá la prescripción respecto de la víctima. Frente al asegurado ello ocurrirá desde cuando la víctima le formula la petición judicial o extrajudicial.
B32: PREDIOS, LABORES Y OPERACIONES (incluyendo incendio y explosión) | E32: La aseguradora se obliga a indemnizar, sujeto a los términos y condiciones establecidas tanto en las condiciones generales como a las particulares de la póliza, los perjuicios patrimoniales y extrapatrimoniales que cause el asegurado con motivo de la responsabilidad civil extracontractual en que incurra de acuerdo con la ley colombiana, por hechos imputables al asegurado, que causen la muerte, lesión o menoscabo en la salud de las personas (daños personales) y/o el deterioro o destrucción de bienes (daños materiales) y perjuicios económicos, incluyendo lucro cesante y daño moral, como consecuencia directa de tales daños personales y/o daños materiales. La aseguradora responderá, además, por los costos del proceso que el tercero damnificado o sus causahabientes promuevan en su contra o la del asegurado, con las salvedades siguientes: a) Si la Entidad asegurada afronta el proceso contra orden expresa de la compañía. b) Si la responsabilidad proviene de dolo o está expresamente señalada en las exclusiones de la póliza. c) Si la condena por los perjuicios ocasionados a la víctima excede la suma que delimita la responsabilidad de la aseguradora, esta solo responderá por los gastos del proceso en proporción a la cuota que le corresponda en la indemnización.
E33: PREDIOS, los perjuicios patrimoniales y extrapatrimoniales que cause el asegurado por la posesión, el uso o el mantenimiento de sus predios o por los que es responsable y en especial en los que la Entidad asegurada desarrolla y realiza las actividades objeto de la cobertura de esta póliza.
E34: LABORES Y OPERACIONES, los perjuicios patrimoniales y extrapatrimoniales que cause el asegurado por las labores u operaciones que lleva a cabo la Entidad asegurada en el desarrollo de las actividades objeto de la cobertura de esta póliza incluyendo todos los riesgos que son inherentes a las actividades desarrolladas por el asegurado en el giro normal de sus actividades y derivadas de: a) Posesión o uso de ascensores y escaleras automáticas, elevadores, montacarga, grúas, puente grúas, equipo de trabajo. b) Posesión o uso de máquinas y equipos de trabajo, de cargue, descargue y transporte dentro de los predios asegurados. c) Transporte de bienes del asegurado, tales como materias primas, productos en proceso y productos terminados, fuera de los predios asegurados (Cuando aplique) d) Operaciones de cargue y descargue. (Cuando aplique) e) Posesión o uso de avisos y vallas publicitarias en el territorio nacional. f) Posesión o uso de sus instalaciones sociales, culturales y deportivas y los eventos que el asegurado realice u organice en ellas. g) Viajes de funcionarios del asegurado dentro y fuera del territorio nacional. h) Actividades y Eventos Sociales y Culturales i) Participación del asegurado en ferias y exposiciones nacionales. j) Errores de puntería, opera en exceso de las pólizas que por ley deben tener contratadas las empresas de vigilancia, empleados del asegurado o contratados a través de firma especializada. (Excepto cuando se trata de sus propios funcionarios). k) Vigilancia de los predios por medio de personal armado y/o animales opera en exceso de las pólizas que por ley deben tener contratadas las empresas de vigilancia, empleados del asegurado o contratados a través de firma especializada. (Excepto cuando se trata de sus propios funcionarios)
E35: l) Posesión o uso de depósitos, tanques y tuberías ubicados o instalados dentro de los predios asegurados. m) Actos de los directivos, representantes y empleados del asegurado en el desempeño de sus funciones y dentro de las actividades aseguradas. Se excluye la Responsabilidad Profesional. n) Posesión o uso de cafeterías, casinos y restaurantes para uso de sus empleados y/o invitados. ñ) Incendio y/o explosión producidos dentro de los predios asegurados. o) Uso de parqueaderos dentro de los predios del asegurado p) Descargue, dispersión, liberación o escape de humo, vapores, hollín, ácidos, álcalis y en general productos químicos tóxicos, líquidos o gaseosos, y demás materias irritantes o contaminantes, en o sobre la tierra, atmosfera, ríos, lagos o cualquier curso o cuerpo de agua, producida en forma accidental, súbita e imprevista. (Cuando aplique) q) Uso de casinos, restaurantes y cafeterías de su propiedad o que sean ocupados por él o que tenga tomados en arrendamiento o alquiler, no obstante el hecho que éstos estén administrados por personas naturales o jurídicas distintas de la entidad o sus empleados. r) Productos y Trabajos terminados sin son de la misionalidad de la Entidad, se excluye recogida del producto. (Cuando aplique). s) Participación del asegurado en ferias y exposiciones internacionales, excluyendo la responsabilidad en los países de Estados Unidos, Puerto Rico y Canadá. t) Uso de maquinaria y equipos de trabajo dentro y fuera de los predios del asegurado, se aclare que opera en exceso de las pólizas propias de las máquinas cuando éstas las tengan, caso contrario opera al 100%.
B36: GASTOS MÉDICOS (sin aplicación de deducibles). Sublímite $100.000.000 persona / $650.000.000 (vigencia 3.4.1.). Se califica en Condiciones Adicionales (Formato No. 3) el aumento del sublímite. | E36: La aseguradora debe contemplar para la propuesta de este amparo, que indemnizarán hasta el límite establecido en la póliza y dentro de los términos y con sujeción a las condiciones de este seguro, los gastos razonables y prioritarios que se causen, por concepto de primeros auxilios inmediatos, servicios médicos, quirúrgicos, de ambulancia de hospital, de enfermeras, medicamentos, terapias de rehabilitación, protesis, etc. como consecuencia de las lesiones corporales producidas a terceros en desarrollo de las actividades de la entidad, incluido gastos de traslado (dentro del territorio colombiano o en el exterior). Se precisa, que el amparo que se otorga es independiente al de responsabilidad civil extracontractual y por consiguiente, los pagos que por dicho concepto se realicen, en ningún caso pueden ser interpretados como aceptación tácita de responsabilidad y no está sujeto a la aplicación de deducible. Los funcionarios y contratistas para el apoyo a la gestión administrativa y demás personal de apoyo a la Entidad se consideran terceros. De igual forma, en caso de requerirse, este amparo puede aplicar por reembolso.
B37: RESPONSABILIDAD CIVIL PATRONAL. Sublímite de $160.000.000 persona / $950.000.000 (vigencia 3.4.1.). | E37: La aseguradora mediante este amparo se compromete a indemnizar los perjuicios patrimoniales derivados de la responsabilidad civil extracontractual que le sea imputable al asegurado en su calidad de empleador exclusivamente por los accidentes de trabajo que sufran los empleados a su servicio, en el desarrollo de las actividades asignadas a ellos y de acuerdo con las siguientes definiciones y condiciones: a) Se entiende por empleado toda persona que mediante contrato de trabajo o de prestación de servicios (incluidos contratistas para el apoyo a la gestión administritativa o misional) preste al asegurado. b) Quedan excluidas de este seguro: Las enfermedades profesionales, endémicas o epidémicas, contagiosas (en especial el COVID19), por accidentes de trabajo que se hayan sido provocados deliberadamente o por culpa grave del empleado. Se precisa que este amparo opera en exceso de la seguridad social.
B38: CONTRATISTAS Y SUBCONTRATISTAS INDEPENDIENTES AL 100% DEL LÍMITE ASEGURADO | E38: La aseguradora bajo este amparo se obliga a cubrir los perjuicios patrimoniales y extra patrimoniales derivados de la responsabilidad civil extracontractual que le sea imputable al asegurado y/o los gastos médicos por los daños que causare a terceros, a consecuencia de labores amparadas realizadas por contratistas y subcontratistas independientes a su servicio. Se precisa que este amparo opera en exceso de las pólizas del contratista o subcontratista.
B39: RESPONSABILIDAD CIVIL CRUZADA AL 100% DEL LÍMITE ASEGURADO. | E39: Se cubren los perjuicios patrimoniales causados por un contratista a otro, a consecuencia de las labores amparadas previamente contratadas por el asegurado y que se efectúen dentro de los predios del mismo. Se precisa que este amparo opera en exceso de las pólizas del contratista.
B40: RESPONSABILIDAD CIVIL POR LA CAIDA, EL DESCOPE, LA PODA Y EL MANTENIMIENTO DE ÁRBOLES. (siempre y cuando sea responsabilidad del asegurado) | E40: Se cubren los perjuicios patrimoniales causados por la caída, el descope, la poda y el mantenimiento de árboles, siempre y cuando sean responsabilidad de la entidad.
B41: VEHÍCULOS PROPIOS Y NO PROPIOS EN EXCESO DEL SEGURO DE AUTOMÓVILES Y SOAT. (SE EXTIENDE ESTA COBERTURA A LAS EMBARCACIONES, MAQUINARÍA Y DRONES A CARGO DE LA ENTIDAD). Sublímite de $110.000.000 por (vehículo-SOAT-embarcación o maquinaría) / $600.000.000 (vigencia 3.4.1.). | E41: Mediante esta condición se indemnizarán los daños que cause el asegurado en razón de la responsabilidad civil por lesiones a terceras personas o daños a propiedades de terceros que le sean imputables legalmente como consecuencia de la utilización en el giro normal de sus negocios, de vehículos propios o no propios incluido los de los funcionarios en desarrollo de las actividades del asegurado y en exceso de los limites contratados en el seguro de automóviles. En caso que el vehículo que generó los daños no cuente con póliza de automóviles y/o SOAT, la cobertura de los daños será asumida por la presente póliza hasta el monto del límite fijado.
B42: DAÑOS Y HURTO DE VEHÍCULOS INCLUIDOS ACCESORIOS EN PARQUEADEROS Y PREDIOS DEL ASEGURADO Sublímite de $300.000.000 por vehículo / $1.000.000.000 (vigencia 3.4.1.). | E42: Queda entendido y convenido que la cobertura de la póliza se extiende a amparar los eventos que ocurran en los parqueaderos de propiedad o sobre los cuales se ejerza tenencia y/o control y/o custodia el asegurado, incluyendo daños y hurto de vehículos, motocicletas, bicicletas, patinetas o accesorios. Los vehículos de los funcionarios y contratistas se consideran terceros.
B43: COBERTURA DE PROPIEDADES ADYACENTES (CUANDO APLIQUE) | E43: La aseguradora debe contemplar la extensión de la cobertura de propiedades adyacentes para obras civiles terminadas que tenga el Asegurado a su cargo o por las que sea legal o contractualmente responsable.
B44: AMPARO AUTOMÁTICO PARA NUEVOS PREDIOS Y OPERACIONES Con termino de ciento veinte (120) días. | E44: La aseguradora debe contemplar la extensión de la cobertura automática del seguro, en los mismos términos y limitaciones establecidos en esta póliza, para amparar la responsabilidad extracontractual por nuevas operaciones y/o el uso, posesión y demás actividades desarrolladas en nuevos predios que adquiera el asegurado o sobre los cuales obtenga el dominio o control. Esta condición dará derecho a la compañía al cobro de la prima proporcional, calculada a prorrata, con las tasas adjudicadas y correspondiente al periodo de amparo
B45: GASTOS ADICIONALES PARA CAUCIONES Y COSTAS PROCESALES. | E45: La presente póliza ampara los siguientes gastos razonables: a) El costo de cualquier clase de caución que el Asegurado tenga que prestar. El costo de cualquier clase de caución que el Asegurado tenga que prestar. La aseguradora no se obliga a constituir la caución, sin embargo si se obliga a cubrir el valor de la prima que esta genere. b) Intereses de mora en beneficio del tercero afectado.
B46: GASTOS ADICIONALES PARA HONORARIOS PROFESIONALES DE ABOGADOS, CONSULTORES, AUDITORES, INTERVENTORES, ETC. | E46: No obstante lo que se diga en contrario en las condiciones generales y particulares de la póliza, la Compañía se obliga a indemnizar los honorarios razonables en que necesaria y razonablemente incurra el asegurado, por concepto de abogados, consultores, auditores, interventores, revisores, contadores, etc., para obtener y certificar: a.- los detalles extraídos de los libros de contabilidad y del negocio mismo del asegurado, y b.- cualesquiera otras informaciones, documentos y testimonios que sean pedidos por la compañía al asegurado según lo establecido en las condiciones generales y particulares de la póliza. La compañía reconocerá hasta el 100% de las gastos razonables demostrados por el asegurado.
B47: GASTOS PARA LA PREPARACIÓN Y DEMOSTRACIÓN DEL SINIESTRO | E47: Bajo este amparo se cubren los gastos razonables en que incurra o deba incurrir el asegurado, para la preparación y demostración de la ocurrencia y cuantía del siniestro y serán indemnizados bajo esta póliza. La aseguradora indemnizará hasta el 100% de los gastos demostrados. El seguro de esta póliza incluye los costos razonables y sustentables incurridos por el Asegurado (incluida la utilización por parte del Asegurado de consultores externos) para la preparación, presentación, demostración, certificación y / o verificación de cualquier reclamación resultante de la pérdida asegurada bajo esta póliza. Esta póliza se extiende para incluir los costos y gastos incurridos por el asegurado o por los representantes de cualquier asegurado (Ajustadores/Liquidadores/Reguladores, Abogados, Contadores, Expertos, asesores, especialistas, profesionales de siniestros y similares, etc.) en la preparación, justificación y demostración del monto de cualquier reclamación bajo esta póliza
... B57: PAGO DEL SINIESTRO SIN NECESIDAD DE FALLO FISCAL O PENAL | E57: Queda entendido, convenido y aceptado, que la aseguradora indemnizará las pérdidas objeto de la respectiva cobertura, sin requerir fallo fiscal o penal.
B58: 3.6. | C58: CLÁUSULAS BÁSICAS
B59: REVOCACIÓN DE LA PÓLIZA, CLÁUSULAS O CONDICIONES Con termino de ciento veinte (120) días. | E59: La aseguradora podrá revocar la póliza, cláusulas o condiciones unilateralmente por la compañía, mediante noticia escrita enviada al asegurado, a su última dirección registrada, con no menos de ciento veinte (120) días de antelación; contados a partir de la fecha del envío. El asegurado podrá pedir la revocación en cualquier momento, según lo previsto en el Código de Comercio. Así mismo, en el caso de que la aseguradora decida no otorgar renovación o prorroga del contrato de seguro, deberá dar aviso de ello al asegurado con no menos de ciento veinte (120) días de antelación a la fecha de vencimiento de la póliza, en caso contrario se dará por entendido que la aseguradora acepta la renovación o prorroga hasta el límite legal establecido en la Ley 80 de 1993, para la adición de los contratos y manteniendo las mismas condiciones ofertadas en este proceso.
B60: ERRORES, OMISIONES O INEXACTITUDES | E60: El tomador está obligado a declarar sinceramente los hechos y circunstancias que determinen el estado del riesgo. La inexactitud sobre hechos o circunstancias que, conocidas por la compañía, la hubieren retraído de celebrar el contrato o inducido a estipular condiciones más onerosas, produce la nulidad relativa del seguro. Sin embargo, si se incurriere en errores, omisiones e inexactitudes inculpables al tomador o al asegurado, el contrato no será nulo ni habrá lugar a la aplicación del inciso tercero del artículo 1058 del Código de Comercio sobre reducción porcentual de la prestación asegurada. En este caso se deberá pagar la prima adecuada al verdadero estado del riesgo.
B61: AMPLIACIÓN AVISO DEL SINIESTRO Con termino de noventa (90) días. | E61: Queda convenido y aceptado que el asegurado podrá dar aviso de la ocurrencia del siniestro en un término de noventa (90), siguientes a la fecha en que haya conocido o debido conocer la ocurrencia del mismo.
B62: DESIGNACIÓN O DENOMINACIÓN DE BIENES | E62: La aseguradora acepta el título, nombre, denominación o nomenclatura con que el asegurado identifica o describe los bienes asegurados en sus registros o libros de comercio o contabilidad. El alcance de éstas designación de bienes se amplía al objeto establecido en el Manual de Procedimientos Administrativos y Contables para el manejo y control de los bienes de la Entidad.
B63: CONOCIMIENTO DEL RIESGO | E63: La aseguradora acepta mediante la presente cláusula que la Entidad, le ha brindado la oportunidad para realizar la inspección de los bienes y riesgos a que están sujetos los mismos y el patrimonio del Asegurado, razón por la cual se deja constancia del conocimiento y aceptación de los hechos, circunstancias y, en general, condiciones de los mismos. La compañía se reserva el derecho de llevar a cabo la inspección cuantas veces lo juzgue pertinente.
B64: PAGO DE LA INDEMNIZACIÓN | E64: Queda expresamente acordado que la aseguradora acepta efectuar el pago de la indemnización bajo cualquiera de las modalidades que escoja el asegurado y/o el tercero afectado, tales como: (i) en dinero al asegurado, a título de reembolso, por los pagos efectuados por este, previamente autorizados por la aseguradora; y/o (ii) mediante el giro al tercero afectado; y/o (iii) mediante el giro a los contratistas y/o proveedores de bienes o servicios, con los cuales el tercero afectado, decida remplazar, reconstruir, reparar y/o reponer los bienes o servicios objeto de indemnización, hasta el monto de su responsabilidad. En las facturas o contratos que se deriven de esta opción, la aseguradora figurará como comprador y/o contratante, salvo que el asegurado solicite lo contrario.
B65: ANTICIPO DE INDEMNIZACIÓN DEL 85% | E65: Queda expresamente acordado que, a petición escrita de la Entidad, la aseguradora anticipará pagos parciales sobre el valor de cualquier reclamo, con base en el valor de la estimación preliminar de los perjuicios causados o la pérdida aceptada por el ajustador, para adelantar la reparación, reposición o remplazo de los perjuicios o las perdidas causadas. En el caso de que no haya nombramiento de ajustador, el anticipo se liquidará con base en la valoración de la cuantía de la pérdida amparada, acreditada por la entidad mediante cotización de la misma. Este anticipo también se extiende a cualquier tipo de gastos que se requiera para la operatividad de la póliza. En caso que el anticipo o suma de anticipos que la compañía adelante al asegurado llegare a exceder la suma total indemnizable a que tenga derecho, éste se compromete a devolver el exceso pagado. Para esta cláusula la aseguradora debe contemplar un plazo máximo para el pago del anticipo de diez (10) días hábiles contados a partir de la fecha de solicitud y formalización del mismo este y no se acepta el requerimiento de ningún requisito adicional para realizar el anticipo.
B66: MODIFICACIONES A FAVOR DEL ASEGURADO | E66: Los cambios o modificaciones a las condiciones de la presente póliza, serán acordados mutuamente entre la compañía y el asegurado. El certificado, documento o comunicaciones que se expidan para formalizarlos debe ser firmado, en señal de aceptación, por un representante legal del asegurado o funcionario autorizado, prevaleciendo sobre las condiciones de esta póliza. No obstante, si durante la vigencia de la póliza se presentan modificaciones en las condiciones del seguro, legalmente aprobadas que representen un beneficio a favor del asegurado, tales modificaciones se consideran automáticamente incorporadas. Siempre y cuando no causen cobro de prima adicional.
B67: NOMBRAMIENTO Y DESIGNACIÓN DE AJUSTADORES | E67: El nombramiento de ajustadores deberá efectuarse de común acuerdo entre la aseguradora y el asegurado, para lo cual la aseguradora presentará para cada reclamo una relación de cinco (5) firmas ajustadoras. No obstante la anterior condición, el asegurador con su propuesta se obliga a presentar la lista de todos sus ajustadores y la Entidad se reserva el derecho de nombrar al ajustador que considere más adecuado o solicitar el cambio de los mismos en caso de que no fueren de su entera satisfacción, sin que para ello se requiera motivación alguna.
B68: VARIACIONES O MODIFICACIONES DEL RIESGO | E68: Queda entendido, convenido y aceptado que las notificaciones que sobre los hechos o circunstancias no previsibles que sobrevengan con posterioridad a la celebración del contrato de seguro y que, conforme al criterio consignado en el inciso 1° del artículo 1058 del código de comercio, signifiquen agravación del riesgo, se efectuarán por la Entidad dentro de los noventa (90) días siguientes a la fecha de modificación del riesgo.
B69: PROPIETARIOS, ARRENDATARIOS O POSEEDORES | E69: La cobertura de la presente póliza se extiende a cubrir todos los gastos que el asegurado por su responsabilidad le llegaren a imputar y que este esté legalmente obligado a pagar por cualquier ocurrencia de pérdida o perjuicio que surja en su calidad de arrendatario, arrendador o poseedor de cualquier inmueble, aun cuando éstos no se encuentren específicamente descritos en la póliza. Queda cubierta igualmente la responsabilidad civil extracontractual del asegurado en caso de reparaciones, modificaciones o construcciones de los mismos inmuebles; se cubre también la responsabilidad civil de la persona o personas encargadas por contrato de mantenimiento del inmueble y únicamente cuando se encuentren en ejercicio de las funciones que dicho contrato estipule.
B70: RESTABLECIMIENTO AUTOMÁTICO DEL LÍMITE ASEGURADO POR PAGO DE SINIESTRO, HASTA UNA (1) VEZ EL LÍMITE CONTRATADO CON COBRO DE PRIMA A PRORRATA | E70: Mediante la presente cláusula la aseguradora acepta expresamente, que en el caso de presentarse una pérdida amparada por la presente póliza, la cuantía de tal pérdida se considerará inmediatamente restablecida desde el momento de ocurrencia del siniestro. El restablecimiento ofrecido por esta condición dará derecho a la aseguradora al cobro de la prima correspondiente al monto restablecido, desde la fecha de la pérdida hasta el vencimiento de la póliza, expedición de cuyo certificado de seguro realizará una vez efectuado el pago de la indemnización.
... B75: SELECCIÓN DE PROFESIONALES PARA LA DEFENSA | E75: La aseguradora debe contemplar que la selección de los profesionales encargados de la defensa corresponderá a la Entidad asegurada, o los funcionarios que ésta designe, quienes para su aprobación presentarán a la compañía la propuesta correspondiente, teniendo en cuenta que en todos los casos los profesionales del derecho deberán acreditar la debida idoneidad para asumir los procesos en los cuales se les postule para actuar como defensores. Toda propuesta en que los profesionales no acrediten la idoneidad será rechazada. La aseguradora, previo común acuerdo con la Entidad asegurada, podrá asumir la defensa de cualquier litigio o procedimiento legal a nombre del asegurado, a través de abogados elegidos por éste, para lo cual se deberá cumplir con el siguiente procedimiento:
E76: A. ETAPA PREJUDICIAL:
E77: El procedimiento prejudicial para el trámite de las reclamaciones presentado por la Entidad asegurada, ante la compañía Aseguradora, con el fin de evitar dilaciones en el proceso y suspensiones injustificadas de audiencias de conciliación, se desarrollara de la siguiente manera:
E78: a) Una vez ocurrido el siniestro, dentro de los 10 días calendarios siguientes al momento en que tuvo conocimiento de su ocurrencia, la Entidad asegurada, enviara el documento de convocatoria a la Aseguradora, haciéndolo llegar al correo electrónico del funcionario delegado para tal fin, quien para todos los efectos será el designado como el punto de contacto único y permanente entre la Entidad asegurada, y la compañía.
E79: Adicional al documento de convocatoria, la comunicación antes referida debe contener un pronunciamiento claro y debidamente fundamentado, por parte de la Entidad asegurada, frente a los hechos ocurridos. Este requisito será cumplido mediante el concepto previo de la oficina jurídica de la la Entidad asegurada, puesto que en este ya se ha evaluado a priori la responsabilidad, sin que sea viable la exigencia por parte de la aseguradora de alguna decisión del comité de la la Entidad asegurada.
E80: La Entidad asegurada, contara con ocho (8) días calendario para realizar la comunicación acá señalada, contados desde la fecha en que la Entidad haya tenido conocimiento de los hechos.
E81: b) Una vez recibida la información, la compañía Aseguradora estudiara el caso en el Comité de Defensa o de siniestros, según corresponda, a más tardar dentro de los siete (7) días calendario siguientes al recibo del documento de convocatoria, y, de ser pertinente, se aprobara el valor de una propuesta inicial, que debe constar por escrito y de la cual se dará traslado a la Entidad asegurada, en un término máximo de tres (3) días calendario contados desde la fecha que el Comité sesiono.
E82: La decisión tomada por el Comité debe estar debidamente motivada, especificando la justificación de la cifra propuesta y teniendo como base los parámetros establecidos por la jurisprudencia aplicable al caso, así como el proceso de análisis y valoración que llevo a la misma.
E83: c) En caso que la Entidad asegurada esté en desacuerdo con la decisión inicial del Comité de Defensa de la Aseguradora, podrá, dentro de los cinco (5) días calendario siguientes a la comunicación de la misma, manifestar tal inconformidad, mediante el mismo punto de contacto único, y solicitar la reconsideración del caso, argumentando de manera seria las razones por las cuales considera que no hubo una valoración adecuada.
E84: d) La solicitud de reconsideración será resuelta por parte de la compañía Aseguradora dentro de los siete (7) días calendarios siguientes a la fecha de su radicación. La decisión debe contener una propuesta final, la cual debe constar por escrito y estar debidamente motivada, ya sea argumentando de manera razonada la no modificación de la cifra o explicando la motivación y el proceso de análisis y valoración que llevo a la fijación de un nuevo valor.
E85: NOTA: Será la Entidad asegurada, la encargada de convocar a la Compañía Aseguradora a la audiencia de conciliación prejudicial, por lo que no será necesario, en ningún caso, que la Procuraduría u otro órgano respectivo adelante este trámite.
E86: B. ETAPA JUDICIAL:
E87: a) Se adelantará las etapas del proceso judicial con celeridad y evitando cualquier tipo de dilaciones.
... E89: c) La Aseguradora entiende y se compromete a interactuar con la Entidad asegurada, dentro del proceso judicial, como su garante, realizando una labor de apoyo encaminada a obtener una sentencia favorable.
B90: COMPROMISO PARA EL PAGO DE LAS INDEMNIZACIONES Plazo de diez (10) días hábiles | E90: Mediante esta condición la aseguradora se compromete al pago de la indemnización dentro del plazo establecido, una vez el asegurado demuestre ocurrencia y cuantía.
B91: PLAZO PARA LA ACEPTACIÓN DE LIQUIDACIÓN, ENVÍO DE LOS DOCUMENTOS PARA FIRMA POR PARTE DEL ORDENADOR DEL GASTO Y/O REPRESENTANTE LEGAL Y PAGO POR PARTE DE LA ASEGURADORA. | E91: Mediante esta condición, queda expresamente acordado que la aseguradora se pronunciará sobre las cotizaciones presentadas por el asegurado, para las reposiciones y/o reparaciones y/o consignaciones por los PERJUICIOS causados a que haya lugar ante el Tesoro Nacional o Tesorería Distrital o el ente que haga sus veces (incluidos los impuestos, gravámenes u otros legalmente establecidos); a la menor brevedad posible y máximo dentro de los diez (10) días hábiles siguientes al recibo de la documentación que acredite los mismos. En caso contrario, se entenderán como aceptadas por parte de la Aseguradora la(s) cotización(es) presentada(s) por la Entidad asegurada, dando lugar a que, por parte de la Entidad se presenten los documentos del proveedor para su respectivo pago dentro del tiempo estipulado. Este mismo periodo de tiempo aplica para la solicitud de reconsideraciones.
B92: NO CONCURRENCIA DE AMPAROS, CLÁUSULAS O CONDICIONES | E92: Queda entendido, convenido y aceptado, que si dos o más amparos, cláusulas o condiciones otorgan cobertura a un mismo evento, se indemnizará con base en aquella que ofrezca mayor protección para los intereses del asegurado. De igual manera prevalecerán los amparos, cláusulas o condiciones que otorguen coberturas sobre aquellos que las excluyan. En todo caso y ante cualquier discrepancia sobre cuál es el amparo, cláusula o condición aplicable a un caso determinado, se aplicara aquella o aquellas que en conjunto determine el asegurado de acuerdo a su conveniencia.
B93: CLÁUSULA DE JURISDICCIÓN Y SOLUCIÓN DE CONTROVERSIAS | E93: Toda y cualquier diferencia que surja entre las partes por la interpretación del presente contrato, su ejecución, cumplimiento, terminación o las consecuencias futuras del mismo, será dirimida bajo la jurisdicción y legislación de la República de Colombia. Las diferencias y controversias que surjan se solucionarán con sujeción a las siguientes instancias que se agotarán de forma sucesiva o a elección de las partes, así:
E94: a). Arreglo Directo: Las partes tratarán de resolver sus diferencias de forma directa y entre ellas mismas dentro del plazo de quince (15) días contados a partir de la notificación escrita en que cualquiera de ellas informe a la otra de un conflicto o controversia originado en el contrato. b). Conciliación: Agotado el plazo anterior sin que las partes lograsen un acuerdo por si mismas, acudirán a la asistencia de un conciliador legalmente autorizado que se designará y actuará según los parámetros establecidos por la Ley 2220 de 2022 y el Decreto 1818 del 2018, en caso de lograrse la conciliación la misma producirá efectos de cosa juzgada entre las partes, en caso contrario agotará el requisito de procedibilidad para acudir a la jurisdicción ordinaria o arbitral según corresponda, de acuerdo con los literales c) y d) de la presente cláusula.
E95: c). Jurisdicción Ordinaria: Agotadas las instancias anteriores, si la cuantía de las pretensiones derivadas de la diferencia que surja entre las partes por la interpretación del presente contrato, su ejecución, cumplimiento, terminación o las consecuencias futuras del mismo, no excediere de 220 SMMLV las partes sujetarán su controversia a la decisión del juez de instancia que corresponda según la cuantía y competencia en arreglo a lo previsto por el código de procedimiento Civil. d). Jurisdicción Arbitral: Agotadas las instancias anteriores, si la cuantía de las pretensiones derivadas de la diferencia que surja entre las partes por la interpretación del presente contrato, su ejecución, cumplimiento, terminación o las consecuencias futuras del mismo, se llevará el conflicto a la decisión de un Tribunal de Arbitramento Institucional cuyo domicilio será la ciudad de Bogotá D.C., el Tribunal estará integrado por un (1) árbitro que será designado conjuntamente por las partes dentro de los quince (15) días hábiles siguientes al envío de la comunicación por correo certificado que una de ellas le haga llegar a la otra solicitando la conformación del Tribunal; en caso de desacuerdo o falta de respuesta de la parte requerida, la otra parte podrá solicitar la designación y conformación del Tribunal al centro de Arbitraje y Conciliación de la Cámara de Comercio de la ciudad de Bogotá D.C.. El Tribunal así conformado funcionará en la ciudad de Bogotá D.C. y el laudo deberá proferirse en derecho, sujetándose en un todo al Decreto 2279 de 1.989, la ley 23 de 1.991, a la Ley 1437 de 2011, sus decretos reglamentarios y demás normas que regulan esta figura judicial. Esta última sujeta a lo dispuesto en Directiva Presidencial 04 del 18 de mayo de 2018.
B96: LIQUIDACIÓN A PRORRATA EN CASO DE CANCELACIÓN DE LA PÓLIZA POR PARTE DEL ASEGURADO | E96: Bajo esta cláusula la aseguradora debe aceptar que en caso de cancelación de la póliza por parte del asegurado, la devolución de las primas respectivas se realizará a prorrata.
B97: CONDICIONES DE RENOVACIÓN Y/O PRORROGA DE LA PÓLIZA | E97: En caso de que el asegurado decida renovar y/o prorrogar la póliza, la aseguradora se obliga a mantener los términos contratados con las mismas tasas y condiciones de la póliza inicial, siempre y cuando la siniestralidad de la póliza no sea mayor al 70%, en el caso que la siniestralidad supere el 70% la aseguradora acordará con el asegurado las condiciones en que se otorgará las condiciones de renovación. La aseguradora se obliga a entregar en cualquiera de las situaciones de resultado de siniestralidad, las condiciones con una antelación de noventa (90) días antes del vencimiento de la póliza.
B98: CLÁUSULA DE NO ACEPTACIÓN DE COASEGURO | E98: En el evento en el que el contrato de seguro sea celebrado a través de una figura asociativa, la misma se celebrará bajo alguna de las modalidades previstas en el artículo 7º del Estatuto General de Contratación de la Administración Pública – EGCP (Unión temporal, consorcio, entre otros). Adicionalmente, no serán aceptados los contratos de seguros estructurados por dos o más Compañías de seguros, en calidad de coaseguradores, y toda disposición que se realice con esta referencia (coaseguro), se entenderá por no escrita.
B99: CLÁUSULA DE CONOCIMIENTO POR LOS MIEMBROS DE LA FIGURA ASOCIATIVA | E99: Esta cláusula será aplicada cuando se presente la asociación de dos o más Aseguradoras, sin importar la figura utilizada para tal fin. Las Compañías de Seguros que actúan como integrantes de cualquier figura asociativa (consorcio, unión temporal, etc.) dentro del presente contrato de seguro, conocen y aceptan: i) las condiciones generales y particulares de la póliza, ii) Cualquier anexo y/o certificado que sobre la póliza inicial emita la Compañía líder de la figura asociativa. En igual sentido, declaran que cualquier reclamación, notificación, requerimiento o comunicación formulada por el asegurado o por un tercero a la compañía líder o cualquiera de sus integrantes, se entiende automáticamente formulada ante todos los integrantes de la figura asociativa establecida para tal fin.
B100: CLÁUSULA DE SOLIDARIDAD ENTRE LOS MIEMBROS DE LA FIGURA ASOCIATIVA | E100: En caso de figuras asociativas se considera lo contemplado en el parágrafo 2 del artículo 7 de la Ley 80 de 1993, el cual indica “En los casos en que se conformen sociedades bajo cualquiera de las modalidades previstas en la ley con el único objeto de presentar una propuesta, celebrar y ejecutar un contrato estatal, la responsabilidad y sus efectos se regirá por las disposiciones previstas en esta ley para los consorcios.”, por tanto, frente a la contratación estatal queda entendido que existirá la solidaridad en el cumplimiento del contrato de seguros y las obligaciones derivadas del mismo.
B101: CLÁUSULA IDENTIFICACIÓN DE LA FIGURA ASOCIATIVA EN LA PÓLIZA | E101: En el evento que el contrato se seguro sea celebrado a través alguna figura asociativa (consorcio, unión temporal, etc.) compuesta por dos o más compañías de seguros, en virtud del artículo 1047 del Código de Comercio, en la póliza deberá incorporarse: (i) el nombre del contratista (razón social de la figura asociativa establecida en su documento de conformación) y (ii) la razón social, número de identificación y porcentajes de participación de cada una de las aseguradoras integrantes de la figura asociativa.
B102: CLÁUSULA DE CONDICIONES PARTICULARES | E102: Queda expresamente acordado y convenido, que la aseguradora acepta las condiciones obligatorias (mínimas técnicas) establecidas en este anexo, en los términos señalados en el mismo, por lo tanto, en caso de existir discrepancia ente los ofrecimientos contenidos en la propuesta técnica básica, frente a los textos de los ejemplares de las pólizas, a las condiciones generales, certificados, anexos o cualquier otro documento; prevalecerá la información y condiciones básicas técnicas establecidas de este anexo, de igual forma en caso de encontrarse contradicción en alguna condición prevalecerá la de mayor beneficio para el asegurado.
B103: DETERMINACIÓN DE CONDICIONES Y REQUISITOS PARA EL PAGO DE INDEMNIZACIONES | E103: La aseguradora manifiesta expresamente que acepta los requisitos y documentos contenidos en el ANEXO 9 - REQUISITOS PARA EL PAGO DE LAS INDEMNIZACIONES, como únicos para la atención y pago de reclamaciones por siniestros. A futuro no podrá exigir documentos o trámites adicionales.
B104: 3.7. | C104: EXCLUSIÓN DE ENFERMEDADES TRANSMISIBLES O CONTAGIOSAS
B105: Este seguro no cubre cualquier reclamo de ninguna manera causado por o como resultado de: a) Enfermedad por coronavirus (COVID-19) b) Coronavirus 2 del síndrome respiratorio agudo severo (SARS-CoV-2) c) Cualquier mutación o variación de SARS-CoV-2; d) Cualquier otra enfermedad transmisible, epidemia o pandemia e) Cualquier temor o amenaza de a), b), c) ó d) anteriores f) La interrupción de negocios y/o pérdidas financieras sufridas por la Entidad al no poder desarrollar la actividad para la cual fue creada como consecuencia de a), b), c), d) y e) anteriores.
B106: “OFAC: El Asegurador no será responsable de proporcionar cobertura o hacer algún pago si el realizarlo pudiera ser considerado como una violación de alguna de las leyes o regulaciones de Sanciones Económicas, que expondría al Asegurador, su casa matriz o su entidad controladora a una sanción estipulada bajo estas leyes o regulaciones
B107: 3.8. | C107: COBERTURAS, AMPAROS Y BIENES SIN APLICACIÓN DE DEDUCIBLES EN FORMA OBLIGATORIA
B108: La Entidad, requiere oferta de cobertura SIN APLICACIÓN DE DEDUCIBLE, para los bienes y/o amparos y/o eventos, señalados a continuación y por lo tanto el proponente con la firma del FORMATO No. 14 ACEPTACIÓN DE LAS CONDICIONES OBLIGATORIAS (MÍNIMAS TÉCNICAS), admite estas condiciones, so pena de rechazo de oferta.
B109: - Gastos Médicos sin aplicación de deducible. - Calquier cláusula de GASTOS sin aplicación de deducibles.
B110: 3.9. | C110: DEDUCIBLES MÁXIMOS ACEPTABLES
B111: 1. PARQUEADEROS: 4,0% del valor de la pérdida mínimo 15 SMMLV
B112: 2- DEMÁS EVENTOS Y/O AMPAROS: 4,0% del valor de la pérdida mínimo 15 SMMLV
B113: NOTA: El ofrecimiento de deducibles superiores a los enunciados, constituyen causal de rechazo de la oferta.
B114: 3.10. | C114: COMISIÓN MÍNIMA ACEPTABLE.
B115: En virtud de lo expuesto en el artículo 1341 del Código de Comercio el Corredor tendrá derecho a la comisión de intermediación, la cual será pagada por la Compañía de Seguros. La comisión mínima no deberá ser inferior al 15,0% el valor de la prima neta antes de IVA que es la actualmente contratada y no involucra en ningún aspecto a la Entidad. Se aclara que este comisión no es limitante para la aceptación de las condiciones técnicas básicas obligatorias del presente anexo, ya que no no constituye un aspecto técnico de la póliza a contratar.
B116: By: Tiger | G116: =+'1. COND. BÁSICAS TRDM'!G211 -> VERSIÓN: SEP 2026

Sheet 4. COND. BÁSICAS TRANSP. VAL.
B3: =+'3. COND. BÁSICAS RCE'!B3:G3 -> PARQUES NACIONALES NATURALES DE COLOMBIA - PNNC
B4: ANEXO No. 1.1 - CONDICIONES TÉCNICAS (BÁSICAS OBLIGATORIAS)
B5: GRUPO No. 1
B7: 4. SEGURO DE TRANSPORTE DE VALORES
B8: 4.1. | C8: INFORMACIÓN GENERAL
B9: TOMADOR: | C9: PARQUES NACIONALES NATURALES DE COLOMBIA - PNNC | F9: NIT. | G9: =+'1. COND. BÁSICAS TRDM'!G9 -> 830.016.624-7
B10: ASEGURADO: | C10: =+C9 -> PARQUES NACIONALES NATURALES DE COLOMBIA - PNNC | F10: NIT. | G10: =+G9 -> 830.016.624-7
B11: BENEFICIARIO: | C11: =+C9 -> PARQUES NACIONALES NATURALES DE COLOMBIA - PNNC | F11: NIT. | G11: =+G10 -> 830.016.624-7
B12: 4.2. | C12: OBJETO DEL SEGURO
B13: Amparar las pérdidas y los daños materiales causados como consecuencia de los eventos que constituyen los amparos mencionados, por el transporte de dineros en efectivo, títulos valores, cheques, y cualquier otro documento de propiedad del asegurado que pueda ser convertido fácilmente en dinero en efectivo, incluyendo las movilizaciones de dinero en efectivo realizadas por los funcionarios en comisión y delegados del manejo de las cajas menores y demás títulos valores, por los cuales PARQUES NACIONALES NATURALES DE COLOMBIA - PNNC, sea o deba ser legalmente responsable.
B14: 4.3. | C14: LÍMITE ASEGURADO POR DESPACHO
B15: LÍMITE ASEGURADO POR DESPACHO. Se califica en Condiciones Adicionales (Formato No. 3) el aumento del límite ofrecido sin cobro de prima adicional. | F15: 30000000
B16: 4.3.1. | C16: Presupuesto anual de movilización | F16: 650000000
B17: 4.3.2. | C17: Trayectos asegurados:
B18: Movilizaciones entre dependencias del asegurado y/o hasta, bancos o corporaciones, casas de cambio o entidades con las cuales que tengan interés con las transacciones de la Entidad asegurada y viceversa.
B19: 4.3.3. | C19: Medios de Transporte y alcance de la cobertura
B20: Por mensajero particular, terrestre, aéreo, marítimo, fluvial y/o férreo, y cualquier otro que el asegurado deba utilizar para el transporte de los bienes objeto de este seguro, aclarando que la póliza cubre todo tipo de medio de movilización sin excepción y sin restricción de horarios para la movilización De igual forma la aseguradora acepta como medio de transporte cuando se realice en vehículos propios, de funcionarios o contratistas de la Entidad o de terceros.
B21: 4.4. | C21: SISTEMA DE COBRO DE PRIMA
B22: La aseguradora acepta como sistema de cobro un único anual (o con base en las vigencias contratadas y con pago por vigencia fiscal) sobre el valor del presupuesto anual indicado sin reportes y sin ajuste al final de la vigencia. Procedimiento para reporte de movilizaciones: Se ampara cualquier despacho hasta el límite asegurado sin que se requiera suministro de relaciones periodicas de despachos y efectuando el cobro de una prima única por toda la vigencia de la póliza. Por tanto, la aseguradora no dará aplicación a la cláusula de falta de avisos o aplicaciones a la presente póliza, manteniendo de esta forma la cobertura durante la vigencia estipulada en la carátula de la póliza.
B23: NOTA: | C23: CADA SUBLÍMITE INDICADOS ESTAN CONTEMPLADOS DENTRO DEL LÍMITE ASEGURADO. EXCEPTO LAS CLÁUSULAS DE GASTOS QUE SON EN EXCESO DEL LÍMITE ASEGURADO
B24: 4.5. | C24: BASE PARA LA DETERMINACIÓN Y APLICACIÓN DEL CONCEPTO SUBLÍMITE / VIGENCIA / AGREGADO ANUAL
B25: Para la totalidad de Coberturas y/o condiciones básicas sublímitadas, queda expresamente aceptado por parte de los proponentes que, en concordancia con la vigencia de la póliza que se adjudique, cada Sublímite operará así:
B26: - Si la vigencia es inferior a doce (12) meses: (Sublímite indicado) Evento /Agregado vigencia.
B27: - Si la vigencia es igual o mayor a doce (12) meses: Sublímite indicado Evento /Agregado Anual.
B28: En caso de discrepancia en alguna cobertura o cláusula básicas con relación al concepto de aplicación del sublímite / vigencia / agregado anual, frente a la vigencia ofertada, prevalece el establecido en este numeral con relación al plazo de la condición ofertada.
B29: 4.6. | C29: AMPAROS BÁSICOS
B30: DAÑO MATERIAL DE LOS VALORES TRANSPORTADOS (CUANDO APLIQUE) | E30: La aseguradora se compromete a indemnizar al asegurado la pérdida o daño material que sufran los valores asegurados como consecuencia de incendio y/o rayo, cualquier evento de la naturaleza, caída a abismos o colisión o desbarrancamiento o volcamiento o fallas mecánicas imprevistas del medio de transporte, inundaciones, combustión espontánea, explosión, caída de aeronaves u otros objetos que se desprendan de ella u otros objetos aéreos.
B31: HURTO CALIFICADO | E31: La aseguradora se compromete a indemnizar al asegurado la pérdida o daño material que sufran los valores asegurados como consecuencia de hurto calificado (de acuerdo con su definición legal), suministro de sustancias a los transportadores de los valores que provoquen doblegación de la voluntad, apoderamiento forzoso del medio de transporte.
B32: HURTO SIMPLE | E32: La aseguradora se compromete a indemnizar al asegurado la pérdida o daño material que sufran los valores asegurados como consecuencia de hurto simple (de acuerdo con su definición legal).
B33: GUERRA | E33: La póliza se extiende a cubrir los daños o pérdidas materiales de los bienes asegurados, causados directamente por hechos relacionados con guerra internacional y guerra interna
B34: GASTOS ADICIONALES | E34: La aseguradora se compromete a pagar al asegurado los gastos razonables y debidamente justificados en que incurra el asegurado para evitar la extensión y propagación del siniestro o para el manejo del salvamento de los valores asegurados
B35: GASTOS PARA LA PREPARACIÓN Y DEMOSTRACIÓN DEL SINIESTRO | E35: Bajo este amparo se cubren los gastos razonables en que incurra o deba incurrir el asegurado, para la preparación y demostración de la ocurrencia y cuantía del siniestro y serán indemnizados bajo esta póliza. La aseguradora indemnizará hasta el 100% de los gastos demostrados. El seguro de esta póliza incluye los costos razonables y sustentables incurridos por el Asegurado (incluida la utilización por parte del Asegurado de consultores externos) para la preparación, presentación, demostración, certificación y / o verificación de cualquier reclamación resultante de la pérdida asegurada bajo esta póliza. Esta póliza se extiende para incluir los costos y gastos incurridos por el asegurado o por los representantes de cualquier asegurado (Ajustadores/Liquidadores/Reguladores, Abogados, Contadores, Expertos, asesores, especialistas, profesionales de siniestros y similares, etc.) en la preparación, justificación y demostración del monto de cualquier reclamación bajo esta póliza
B36: HUELGA - INCLUIDO ACTOS MAL INTENCIONADOS DE TERCEROS, HUELGA, ASONADA, SUSPENSIÓN DE HECHO DE LABORES, SUSPENSIÓN DE TRABAJO POR CIERRE PATRONAL, DISTURBIOS DE TRABAJO, MOTINES, CONMOCIONES CIVILES, ACTOS SUBVERSIVOS, TERRORISMO Y APODERAMIENTO O DESVÍO DE NAVES O AERONAVES. | E36: La aseguradora se compromete a indemnizar hasta el límite del valor asegurado los daños materiales o pérdidas que sufran los valores asegurados como consecuencia de actos mal intencionados de terceros, huelga, asonada, suspensión de hecho de labores, suspensión de trabajo por cierre patronal, disturbios de trabajo, motines, conmociones civiles, actos subversivos, terrorismo y apoderamiento o desvío de naves o aeronaves.
B37: PERMANENCIA EN LUGARES INICIALES, INTERMEDIOS O FINALES, DENTRO O FUERA DE CAJA FUERTE | E37: La aseguradora se compromete a indemnizar hasta el límite del valor, las pérdidas que sufran los valores asegurados por la permanencia en lugares iniciales, intermedios o finales y que ésten dentro o fuera de caja fuerte.
B38: MOVILIZACIONES EN TRAYECTOS MÚLTIPLES | E38: La aseguradora acepta expresamente que otorga cobertura para los dineros y valores que sean transportados por el asegurado en trayectos múltiples, entiendase por estos cuando el mensajero o personal que realiza la movilización de los bienes objeto de este seguro deba movilizarse o desplazarse por varios trayectos con los valores amparados bajo la presente póliza, sin importar los lugares que deba recorrer en el territorio colombiano o fuera de este.
B39: 4.7. | C39: CLÁUSULAS BÁSICAS
B40: REVOCACIÓN DE LA PÓLIZA, CLÁUSULAS O CONDICIONES. Con Termino de ciento veinte (120) días y para AMIT, AMCCOPH, Terrorismo y Sabotaje diez (10) días. | E40: La aseguradora podrá revocar la póliza, cláusulas o condiciones unilateralmente por la compañía, mediante noticia escrita enviada al asegurado, a su última dirección registrada, con no menos de ciento veinte (120) días y para AMIT Y AMCCOPH diez (10) días, de antelación; contados a partir de la fecha del envío. El asegurado podra pedir la revocación en cualquier momento, según lo previsto en el Código de Comercio. Así mismo, en el caso de que la aseguradora decida no otorgar renovación o prorroga del contrato de seguro, excepto para AMIT, AMCCOPH, Terrorismo y Sabotaje, deberá dar aviso de ello al asegurado con no menos de ciento veinte (120) días de antelación a la fecha de vencimiento de la póliza, en caso contrario se dará por entendido que la aseguradora acepta la renovación o prorroga hasta el límite legal establecido en la Ley 80 de 1993, para la adición de los contratos y manteniendo las mismas condiciones ofertadas en este proceso de aseguradoras.
B41: ERRORES, OMISIONES O INEXACTITUDES | E41: El tomador está obligado a declarar sinceramente los hechos y circunstancias que determinen el estado del riesgo. La inexactitud sobre hechos o circunstancias que, conocidas por la compañía, la hubieren retraído de celebrar el contrato o inducido a estipular condiciones más onerosas, produce la nulidad relativa del seguro. Sin embargo, si se incurriere en errores, omisiones e inexactitudes inculpables al tomador o al asegurado, el contrato no será nulo ni habrá lugar a la aplicación del inciso tercero del artículo 1058 del Código de Comercio sobre reducción porcentual de la prestación asegurada. En este caso se deberá pagar la prima adecuada al verdadero estado del riesgo.
B42: AMPLIACIÓN AVISO DEL SINIESTRO Con termino de noventa (90) días. | E42: Queda convenido y aceptado que el asegurado podrá dar aviso de la ocurrencia del siniestro en un término de noventa (90), siguientes a la fecha en que haya conocido o debido conocer la ocurrencia del mismo.
B43: CONOCIMIENTO DEL RIESGO | E43: La aseguradora acepta mediante la presente cláusula que la Entidad, le ha brindado la oportunidad para realizar la inspección de los bienes y riesgos a que están sujetos los mismos y el patrimonio del Asegurado, razón por la cual se deja constancia del conocimiento y aceptación de los hechos, circunstancias y, en general, condiciones de los mismos. La compañía se reserva el derecho de llevar a cabo la inspección cuantas veces lo juzgue pertinente.
B44: ANTICIPO DE INDEMNIZACIÓN DEL 86% | E44: Queda expresamente acordado que, a petición escrita de la Entidad, la aseguradora anticipará pagos parciales sobre el valor de cualquier reclamo, con base en el valor de la estimación preliminar de la pérdida aceptada por el ajustador, para adelantar la reparación, reposición o remplazo de los bienes asegurados. En el caso de que no haya nombramiento de ajustador, el anticipo se liquidará con base en la valoración de la cuantía de la pérdida amparada, acreditada por la entidad mediante cotización de la misma. Este anticipo también se extiende a cualquier tipo de gastos que se requiera para la operatividad de la póliza. En caso que el anticipo o suma de anticipos que la compañía adelante al asegurado llegare a exceder la suma total indemnizable a que tenga derecho, éste se compromete a devolver el exceso pagado. Para esta cláusula la aseguradora debe contemplar un plazo máximo para el pago del anticipo de diez (10) días hábiles contados a partir de la fecha de solicitud y formalización del mismo este y no se acepta el requerimiento de ningún requisito adicional para realizar el anticipo.
B45: MODIFICACIONES A FAVOR DEL ASEGURADO | E45: Los cambios o modificaciones a las condiciones de la presente póliza, serán acordados mutuamente entre la compañía y el asegurado. El certificado, documento o comunicaciones que se expidan para formalizarlos debe ser firmado, en señal de aceptación, por un representante legal del asegurado o funcionario autorizado, prevaleciendo sobre las condiciones de esta póliza. No obstante, si durante la vigencia de la póliza se presentan modificaciones en las condiciones del seguro, legalmente aprobadas que representen un beneficio a favor del asegurado, tales modificaciones se consideran automáticamente incorporadas. Siempre y cuando no causen cobro de prima adicional.
B46: NOMBRAMIENTO Y DESIGNACIÓN DE AJUSTADORES | E46: El nombramiento de ajustadores deberá efectuarse de común acuerdo entre la aseguradora y el asegurado, para lo cual la aseguradora presentará para cada reclamo una relación de cinco (5) firmas ajustadoras. No obstante la anterior condición, el asegurador con su propuesta se obliga a presentar la lista de todos sus ajustadores y la Entidad se reserva el derecho de nombrar al ajustador que considere más adecuado o solicitar el cambio de los mismos en caso de que no fueren de su entera satisfacción, sin que para ello se requiera motivación alguna.
B47: VARIACIONES DEL RIESGO | E47: Queda entendido, convenido y aceptado que las notificaciones que sobre los hechos o circunstancias no previsibles que sobrevengan con posterioridad a la celebración del contrato de seguro y que, conforme al criterio consignado en el inciso 1° del artículo 1058 del código de comercio, signifiquen agravación del riesgo, se efectuarán por la Entidad dentro de los noventa (90) días siguientes a la fecha de modificación del riesgo.
B48: NO CONCURRENCIA DE AMPAROS, CLÁUSULAS O CONDICIONES | E48: Queda entendido, convenido y aceptado, que si dos o más amparos, cláusulas o condiciones otorgan cobertura a un mismo evento, se indemnizará con base en aquella que ofrezca mayor protección para los intereses del asegurado. De igual manera prevalecerán los amparos, cláusulas o condiciones que otorguen coberturas sobre aquellos que las excluyan. En todo caso y ante cualquier discrepancia sobre cuál es el amparo, cláusula o condición aplicable a un caso determinado, se aplicara aquella o aquellas que en conjunto determine el asegurado de acuerdo a su conveniencia.
B49: NO APLICACIÓN DE GARANTÍAS | E49: Queda expresamente acordado y aceptado que la cobertura otorgada bajo la presente póliza no queda sujeta al cumplimiento de ningún tipo de garantía por parte de la entidad asegurada.
B50: PAGO DE LA INDEMNIZACIÓN | E50: La indemnización será pagadera en dinero, o mediante el reemplazo, la reposición, la reparación o la reconstrucción de la cosa asegurada, a opción del asegurado. Cuando la opción escogida por el asegurado sea el pago en dinero, el giro del mismo se efectuará al asegurado y/o a los contratistas y/o a los proveedores de bienes o servicios que designe el asegurado. Si la opción escogida es el reemplazo, la reposición, la reparación o la reconstrucción de la cosa asegurada, la aseguradora efectuará y/o celebrará todos los trámites y/o negocios necesarios para realizar la indemnización a través del reemplazo, la reposición, la reparación o la reconstrucción escogida por el asegurado, hasta el límite de su responsabilidad. En las facturas o contratos que se deriven de esta opción, la aseguradora figurará como comprador y/o contratante, salvo que el asegurado solicite lo contrario. Si el asegurado opta por el pago directo en dinero, la aseguradora no podrá realizar ningún descuento por concepto del Impuesto al Valor Agregado (IVA).
B51: COMPROMISO PARA EL PAGO DE LAS INDEMNIZACIONES Plazo de diez (10) días hábiles. Se califica en Condiciones Adicionales (Formato No. 3) la reducción del término para el pago de las indemnizaciones. | E51: Bajo esta condición la aseguradora se compromete al pago de la indemnización dentro del plazo establecido, una vez el asegurado demuestre ocurrencia y cuantía.
... B67: CLÁUSULA DE JURISDICCIÓN Y SOLUCIÓN DE CONTROVERSIAS | E67: Toda y cualquier diferencia que surja entre las partes por la interpretación del presente contrato, su ejecución, cumplimiento, terminación o las consecuencias futuras del mismo, será dirimida bajo la jurisdicción y legislación de la República de Colombia. Las diferencias y controversias que surjan se solucionarán con sujeción a las siguientes instancias que se agotarán de forma sucesiva o a elección de las partes, así:
E68: a). Arreglo Directo: Las partes tratarán de resolver sus diferencias de forma directa y entre ellas mismas dentro del plazo de quince (15) días contados a partir de la notificación escrita en que cualquiera de ellas informe a la otra de un conflicto o controversia originado en el contrato. b). Conciliación: Agotado el plazo anterior sin que las partes lograsen un acuerdo por si mismas, acudirán a la asistencia de un conciliador legalmente autorizado que se designará y actuará según los parámetros establecidos por la Ley 2220 de 2022 y el Decreto 1818 del 2018, en caso de lograrse la conciliación la misma producirá efectos de cosa juzgada entre las partes, en caso contrario agotará el requisito de procedibilidad para acudir a la jurisdicción ordinaria o arbitral según corresponda, de acuerdo con los literales c) y d) de la presente cláusula.
E69: c). Jurisdicción Ordinaria: Agotadas las instancias anteriores, si la cuantía de las pretensiones derivadas de la diferencia que surja entre las partes por la interpretación del presente contrato, su ejecución, cumplimiento, terminación o las consecuencias futuras del mismo, no excediere de 220 SMMLV las partes sujetarán su controversia a la decisión del juez de instancia que corresponda según la cuantía y competencia en arreglo a lo previsto por el código de procedimiento Civil. d). Jurisdicción Arbitral: Agotadas las instancias anteriores, si la cuantía de las pretensiones derivadas de la diferencia que surja entre las partes por la interpretación del presente contrato, su ejecución, cumplimiento, terminación o las consecuencias futuras del mismo, se llevará el conflicto a la decisión de un Tribunal de Arbitramento Institucional cuyo domicilio será la ciudad de Bogotá D.C., el Tribunal estará integrado por un (1) árbitro que será designado conjuntamente por las partes dentro de los quince (15) días hábiles siguientes al envío de la comunicación por correo certificado que una de ellas le haga llegar a la otra solicitando la conformación del Tribunal; en caso de desacuerdo o falta de respuesta de la parte requerida, la otra parte podrá solicitar la designación y conformación del Tribunal al centro de Arbitraje y Conciliación de la Cámara de Comercio de la ciudad de Bogotá D.C.. El Tribunal así conformado funcionará en la ciudad de Bogotá D.C. y el laudo deberá proferirse en derecho, sujetándose en un todo al Decreto 2279 de 1.989, la ley 23 de 1.991, a la Ley 1437 de 2011, sus decretos reglamentarios y demás normas que regulan esta figura judicial. Esta última sujeta a lo dispuesto en Directiva Presidencial 04 del 18 de mayo de 2018.
B70: LIQUIDACIÓN A PRORRATA EN CASO DE CANCELACIÓN DE LA PÓLIZA POR PARTE DEL ASEGURADO | E70: Bajo esta cláusula la aseguradora debe aceptar que en caso de cancelación de la póliza por parte del asegurado, la devolución de las primas respectivas se realizará a prorrata.
B71: CONDICIONES DE RENOVACIÓN Y/O PRORROGA DE LA PÓLIZA | E71: En caso de que el asegurado decida renovar y/o prorrogar la póliza, la aseguradora se obliga a mantener los términos contratados con las mismas tasas y condiciones de la póliza inicial, siempre y cuando la siniestralidad de la póliza no sea mayor al 70%, en el caso que la siniestralidad supere el 70% la aseguradora acordará con el asegurado las condiciones en que se otorgará las condiciones de renovación. La aseguradora se obliga a entregar en cualquiera de las situaciones de resultado de siniestralidad, las condiciones con una antelación de noventa (90) días antes del vencimiento de la póliza.
B72: ACTOS DE AUTORIDAD | E72: La póliza se extiende a cubrir los daños o pérdidas materiales de los bienes asegurados, causados directamente por la acción de la autoridad legalmente constituida, ejercida con el fin de disminuir o aminorar las consecuencias de cualquiera de los riesgos amparados. Se excluye el embargo y la confiscación de bienes.
B73: CLÁUSULA DE NO ACEPTACIÓN DE COASEGURO | E73: En el evento en el que el contrato de seguro sea celebrado a través de una figura asociativa, la misma se celebrará bajo alguna de las modalidades previstas en el artículo 7º del Estatuto General de Contratación de la Administración Pública – EGCP (Unión temporal, consorcio, entre otros). Adicionalmente, no serán aceptados los contratos de seguros estructurados por dos o más Compañías de seguros, en calidad de coaseguradores, y toda disposición que se realice con esta referencia (coaseguro), se entenderá por no escrita.
B74: CLÁUSULA DE CONOCIMIENTO POR LOS MIEMBROS DE LA FIGURA ASOCIATIVA | E74: Esta cláusula será aplicada cuando se presente la asociación de dos o más Aseguradoras, sin importar la figura utilizada para tal fin. Las Compañías de Seguros que actúan como integrantes de cualquier figura asociativa (consorcio, unión temporal, etc.) dentro del presente contrato de seguro, conocen y aceptan: i) las condiciones generales y particulares de la póliza, ii) Cualquier anexo y/o certificado que sobre la póliza inicial emita la Compañía líder de la figura asociativa. En igual sentido, declaran que cualquier reclamación, notificación, requerimiento o comunicación formulada por el asegurado o por un tercero a la compañía líder o cualquiera de sus integrantes, se entiende automáticamente formulada ante todos los integrantes de la figura asociativa establecida para tal fin.
B75: CLÁUSULA DE SOLIDARIDAD ENTRE LOS MIEMBROS DE LA FIGURA ASOCIATIVA | E75: En caso de figuras asociativas se considera lo contemplado en el parágrafo 2 del artículo 7 de la Ley 80 de 1993, el cual indica “En los casos en que se conformen sociedades bajo cualquiera de las modalidades previstas en la ley con el único objeto de presentar una propuesta, celebrar y ejecutar un contrato estatal, la responsabilidad y sus efectos se regirá por las disposiciones previstas en esta ley para los consorcios.”, por tanto, frente a la contratación estatal queda entendido que existirá la solidaridad en el cumplimiento del contrato de seguros y las obligaciones derivadas del mismo.
B76: CLÁUSULA IDENTIFICACIÓN DE LA FIGURA ASOCIATIVA EN LA PÓLIZA | E76: En el evento que el contrato se seguro sea celebrado a través alguna figura asociativa (consorcio, unión temporal, etc.) compuesta por dos o más compañías de seguros, en virtud del artículo 1047 del Código de Comercio, en la póliza deberá incorporarse: (i) el nombre del contratista (razón social de la figura asociativa establecida en su documento de conformación) y (ii) la razón social, número de identificación y porcentajes de participación de cada una de las aseguradoras integrantes de la figura asociativa.
B77: CLÁUSULA DE CONDICIONES PARTICULARES | E77: Queda expresamente acordado y convenido, que la aseguradora acepta las condiciones obilgatorias (mínimas técnicas) establecidas en este anexo, en los términos señalados en el mismo, por lo tanto, en caso de existir discrepancia ente los ofrecimientos contenidos en la propuesta técnica básica, frente a los textos de los ejemplares de las pólizas, a las condiciones generales, certificados, anexos o cualquier otro documento; prevalecerá la información y condiciones básicas técnicas establecidas de este anexo, de igual forma en caso de encontrarse contradicción en alguna condición prevalecerá la de mayor beneficio para el asegurado.
B78: DETERMINACIÓN DE CONDICIONES Y REQUISITOS PARA EL PAGO DE INDEMNIZACIONES | E78: La aseguradora manifiesta expresamente que acepta los requisitos y documentos contenidos en el ANEXO 9 - REQUISITOS PARA EL PAGO DE LAS INDEMNIZACIONES, como únicos para la atención y pago de reclamaciones por siniestros. A futuro no podrá exigir documentos o trámites adicionales.
B79: 4.8. | C79: EXCLUSIÓNES
B80: 4.8.1. EXCLUSIÓN ABSOLUTA DE ENFERMEDADES INFECCIOSAS O CONTAGIOSAS: Sin perjuicio de cualquier otra disposición en contrario, se aclara que este seguro no cubre ninguna reclamación, pérdida, responsabilidad, costo o gasto de cualquier naturaleza que surja directa o indirectamente de, contribuya o resulte de enfermedades, epidemias o pandemias, tales como el Coronavirus (COVID-19), enfermedad respiratoria aguda grave síndrome coronavirus 2 (SARS-CoV-2), o cualquier mutación o variación de los mismos. Esta exclusión también aplica a cualquier reclamo, pérdida, costo o gasto de cualquier naturaleza que surja directa o indirectamente de, en contribución a, o resultante de: 1) Cualquier temor o amenaza que surja en respuesta a una enfermedad infecciosa real o potencial; o 2) Cualquier acción tomada para controlar, prevenir, suprimir o de cualquier manera relacionada con cualquier brote de enfermedades infecciosas tales como coronavirus (COVID-19), coronavirus 2 por síndrome respiratorio agudo severo (SARS-CoV-2), cualquier mutación o variación de los mismos, o de cualquier otra enfermedad, epidemia o pandemia.
B81: 4.8.2. EXCLUSIÓN CLAUSULA DE LIMITACIÓN DE SANCIONES: ningún asegurador ofrecerá cobertura ni será responsable por el pago de reclamos o proporcionará beneficios que deriven del presente contrato si la provisión de dicha cobertura, pago de dicho reclamo o provisión de dicho beneficio expusiera al asegurador a cualquier sanción, prohibición o restricción de acuerdo con las resoluciones de las Naciones Unidas o de las sanciones comerciales o económicas, leyes o regulaciones de la Unión Europea, Reino Unido, Francia, o Estados Unidos de América”. • Por medio de la presente cláusula, se aclara expresamente que quedan excluidos de cobertura aquellos los despachos o embarques con origen o destino en los siguientes países o regiones, puertos o aeropuertos ubicados en Crimea, incluido Sebastopol, Cuba, Irán, Siria, Corea del Norte, Bielorrusia, República Democrática del Congo, Somalia, Sudán del Sur, Sudán, Zimbabwe, Rusia, Ucrania.
B82: 4.9. | C82: COBERTURAS, AMPAROS Y BIENES SIN APLICACIÓN DE DEDUCIBLES EN FORMA OBLIGATORIA
B83: La Entidad, requiere oferta de cobertura SIN APLICACIÓN DE DEDUCIBLE, para los bienes y/o amparos y/o eventos, señalados a continuación y por lo tanto el proponente con la firma del FORMATO No. 14 - ACEPTACIÓN DE LAS CONDICIONES OBLIGATORIAS (MÍNIMAS TÉCNICAS), admite estas condiciones, so pena de rechazo de oferta.
B84: Teniendo en cuenta que esta póliza no contempla deducibles por tanto este factor no será objeto de evaluación, razón por la cual el puntaje de esta aspecto será sumado al puntaje establecido para la evaluación del factor económico de MENOR PRIMA
B85: 4.10. | C85: COMISIÓN MÍNIMA ACEPTABLE.
B86: En virtud de lo expuesto en el artículo 1341 del Código de Comercio el Corredor tendrá derecho a la comisión de intermediación, la cual será pagada por la Compañía de Seguros. La comisión mínima no deberá ser inferior al 15,0% el valor de la prima neta antes de IVA que es la actualmente contratada y no involucra en ningún aspecto a la Entidad. Se aclara que este comisión no es limitante para la aceptación de las condiciones técnicas básicas obligatorias del presente anexo, ya que no no constituye un aspecto técnico de la póliza a contratar.
B87: By: Tiger | G87: =+'1. COND. BÁSICAS TRDM'!G211 -> VERSIÓN: SEP 2026

Sheet 5. COND. BÁSICAS TRANSP. MCIAS.
B3: =+'4. COND. BÁSICAS TRANSP. VAL.'!B3:G3 -> PARQUES NACIONALES NATURALES DE COLOMBIA - PNNC
B4: ANEXO No. 1.1 - CONDICIONES TÉCNICAS (BÁSICAS OBLIGATORIAS)
B5: GRUPO No. 1
B7: 5. SEGURO DE TRANSPORTE DE MERCANCÍAS
B8: 5.1. | C8: INFORMACIÓN GENERAL
B9: TOMADOR: | C9: =+'4. COND. BÁSICAS TRANSP. VAL.'!$C$9:$E$9 -> PARQUES NACIONALES NATURALES DE COLOMBIA - PNNC | F9: NIT. | G9: =+'1. COND. BÁSICAS TRDM'!G9 -> 830.016.624-7
B10: ASEGURADO: | C10: =+C9 -> PARQUES NACIONALES NATURALES DE COLOMBIA - PNNC | F10: NIT. | G10: =+G9 -> 830.016.624-7
B11: BENEFICIARIO: | C11: =+C9 -> PARQUES NACIONALES NATURALES DE COLOMBIA - PNNC | F11: NIT. | G11: =+G10 -> 830.016.624-7
B12: 5.2 | C12: OBJETO DEL SEGURO
B13: Amparar las pérdidas y los daños materiales causados como consecuencia de los eventos que constituyen los amparos mencionados, en el transporte de cualquier tipo de mercancías nuevas y usadas incluida maquinaría, por cualquier medio de transporte, de los bienes de su propiedad, bajo tenencia, responsabilidad y/o control; propios del giro normal de las actividades de PARQUES NACIONALES NATURALES DE COLOMBIA - PNNC.
B14: 5.3. | C14: LÍMITE ASEGURADO POR DESPACHO. Se califica en Condiciones Adicionales (Formato No. 3) el aumento del límite ofrecido sin cobro de prima adicional. | F14: 80000000
B15: 5.3.1. | C15: Presupuesto anual de movilización | F15: 300000000
B16: 5.4. | C16: TRAYECTOS ASEGURADOS
B17: Importaciones, Exportaciones y Reexportaciones: Desde cualquier lugar del mundo, hasta su destino final en Colombia y viceversa, bodega a bodega. Despachos Nacionales: Desde y hasta cualquier ciudad en el territorio nacional. Despachos Urbanos: Desde cualquier parte de la ciudad hasta su destino final en la misma.
B18: 5.4.1. | C18: Medios de Transporte y alcance de la cobertura
B19: Cualquier vehículo propio, de terceros o de firma especializada, ya sea terrestre, ferreo, aéreo, charter, marítimo y fluvial (incluso para las maritimas y fluviales que no se encuentren clasificadas por las autoridades competentes), y cualquier otro que el asegurado deba utilizar para el transporte de los bienes objeto de este seguro, aclarando que la póliza cubre todo tipo de medio de movilización sin excepción y sin restricción de edad de los vehículos ni de horarios para la movilización, incluido los bienes transportados en vehículos arrendados, de funcionarios o contratistas de la entidad o de terceros.
B20: 5.5. | C20: SISTEMA DE COBRO DE PRIMA
B21: La aseguradora acepta como sistema de cobro un único anual (o con base en las vigencias contratadas y con pago por vigencia fiscal) sobre el valor del presupuesto anual indicado sin reportes y sin ajuste al final de la vigencia. Procedimiento para reporte de movilizaciones: Se ampara cualquier despacho hasta el límite asegurado sin que se requiera suministro de relaciones periodicas de despachos y efectuando el cobro de una prima única por toda la vigencia de la póliza. Por tanto, la aseguradora no dará aplicación a la cláusula de falta de avisos o aplicaciones a la presente póliza, manteniendo de esta forma la cobertura durante la vigencia estipulada en la carátula de la póliza.
B22: NOTA: | C22: CADA SUBLÍMITE INDICADOS ESTAN CONTEMPLADOS DENTRO DEL LÍMITE ASEGURADO. EXCEPTO LAS CLÁUSULAS DE GASTOS QUE SON EN EXCESO DEL LÍMITE ASEGURADO
B23: 5.6. | C23: BASE PARA LA DETERMINACIÓN Y APLICACIÓN DEL CONCEPTO SUBLÍMITE / VIGENCIA / AGREGADO ANUAL
B24: Para la totalidad de Coberturas y/o condiciones básicas sublímitadas, queda expresamente aceptado por parte de los proponentes que, en concordancia con la vigencia de la póliza que se adjudique, cada Sublímite operará así:
B25: - Si la vigencia es inferior a doce (12) meses: (Sublímite indicado) Evento /Agregado vigencia.
B26: - Si la vigencia es igual o mayor a doce (12) meses: Sublímite indicado Evento /Agregado Anual.
B27: En caso de discrepancia en alguna cobertura o cláusula básicas con relación al concepto de aplicación del sublímite / vigencia / agregado anual, frente a la vigencia ofertada, prevalece el establecido en este numeral con relación al plazo de la condición ofertada.
B28: 5.7. | C28: AMPAROS BÁSICOS
B29: COBERTURA COMPLETA, INCLUYENDO:
B30: PÉRDIDA TOTAL Y/O DAÑOS MATERIALES | E30: La aseguradora se compromete a indemnizar la pérdida o daño material de los bienes producida por cualquier riesgo no expresamente excluido, siempre que se produzca con ocasión de su transporte, incluidas las operaciones de cargue, trasiego, trasbordo, descargue o desenvasado y permanencias. Así mismo, esta cobertura incluye los amparos de incendio y/o rayo, vientos fuertes, caída a abismos, hundimiento, colisión, volcamiento, inundaciones, fallas mecánicas imprevistas, combustión espontánea, desbarrancamiento, explosión, derrames accidentales imprevistos y repentinos, caídas accidentales de mercancías, caída de aeronaves u otros objetos que se desprendan de ella u otros objetos aéreos, encallamiento, guerra internacional, maremoto, tsunami, mar de leva, marea alta, iceberg, tempestades, huracanes, vientos fuertes en general, nevadas, ciclón, granizo, deslizamiento de tierra, avalanchas, fallas geológicas, terremoto, temblor y/o erupción volcánica, asentamientos, inconsistencias del suelo o cualquier otra convulsión de la naturaleza, colisión por culpa concurrente y aquellos estipulados en la carátula de la póliza y/o sus condiciones particulares.
B31: FALTA DE ENTREGA | E31: Esta cobertura incluye los amparos de hurto calificado, asonada, motín, conmoción civil o popular, y huelga, actos malintencionados de terceros incluidos actos de piratería y terrorismo, guerra internacional, guerra civil, rebelión, insurrección, acto hostil de un poder beligerante o contra dicho poder, aprehensión, minas, torpedos, bombas u otros artefactos de guerra abandonado y aquellos estipulados en la carátula de la póliza y/o sus condiciones particulares.
B32: AVERÍA PARTICULAR | E32: La aseguradora se compromete a indemnizar los daños ocurridos a la mercancía como consecuencia de descargue forzoso, avería sin accidente del medio de transporte, en general daños por la movilización de los bienes y aquellos estipulados en la carátula de la póliza y/o sus condiciones particulares.
B33: SAQUEO | E33: La aseguradora se compromete a indemnizar las pérdidas de la mercancía ocasionadas por el extravio o el hurto de las mercancías transportadas.
B34: HUELGA ( ASONADA, MOTIN, CONMOCIÓN CIVIL O POPULAR, ACTOS MAL INTENCIONADOS DE TERCEROS, INCLUIDOS ACTOS TERRORISTAS Y DE MOVIMIENTOS SUBVERSIVOS) | E34: La aseguradora se compromete a indemnizar las pérdidas de la mercancías como consecuncia de la Huelga y definida como la Asonada, motín, conmoción civil o popular, actos mal intencionados de terceros, inlcuidos los actos terroristas y de movimientos subversivos.
B35: OPERACIONES DE CARGUE Y DESCARGUE | E35: La aseguradora se compromete a indemnizar las pérdidas de la mercancía ocasionadas en el cargue o descargue de las mismas.
B36: LUCRO CESANTE Sublímite 10% | E36: La compañía se obliga a pagar por concepto de Lucro Cesante una suma equivalente a la que resulte de aplicar al valor de la indemnización a que hubiere lugar, el porcentaje convenido para tal efecto.
B37: GUERRA | E37: La póliza se extiende a cubrir los daños o pérdidas materiales de los bienes asegurados, causados directamente por hechos relacionados con guerra internacional.
B38: BIENES TRANSPORTADOS A GRANEL | E38: La presente póliza ampara con sujeción a sus condiciones y a los términos aquí previstos las mercancías que por su naturaleza son transportadas a granel.
B39: 5.8. | C39: CLÁUSULAS BÁSICAS
B40: REVOCACIÓN DE LA PÓLIZA, CLÁUSULAS O CONDICIONES. Con Termino de ciento veinte (120) días y para AMIT, AMCCOPH, Terrorismo y Sabotaje diez (10) días. | E40: La aseguradora podrá revocar la póliza, cláusulas o condiciones unilateralmente por la compañía, mediante noticia escrita enviada al asegurado, a su última dirección registrada, con no menos de ciento veinte (120) días y para AMIT Y AMCCOPH diez (10) días, de antelación; contados a partir de la fecha del envío. El asegurado podra pedir la revocación en cualquier momento, según lo previsto en el Código de Comercio. Así mismo, en el caso de que la aseguradora decida no otorgar renovación o prorroga del contrato de seguro, excepto para AMIT, AMCCOPH, Terrorismo y Sabotaje, deberá dar aviso de ello al asegurado con no menos de ciento veinte (120) días de antelación a la fecha de vencimiento de la póliza, en caso contrario se dará por entendido que la aseguradora acepta la renovación o prorroga hasta el límite legal establecido en la Ley 80 de 1993, para la adición de los contratos y manteniendo las mismas condiciones ofertadas en este proceso de aseguradoras.
B41: ERRORES, OMISIONES O INEXACTITUDES | E41: El tomador está obligado a declarar sinceramente los hechos y circunstancias que determinen el estado del riesgo. La inexactitud sobre hechos o circunstancias que, conocidas por la compañía, la hubieren retraído de celebrar el contrato o inducido a estipular condiciones más onerosas, produce la nulidad relativa del seguro. Sin embargo, si se incurriere en errores, omisiones e inexactitudes inculpables al tomador o al asegurado, el contrato no será nulo ni habrá lugar a la aplicación del inciso tercero del artículo 1058 del Código de Comercio sobre reducción porcentual de la prestación asegurada. En este caso se deberá pagar la prima adecuada al verdadero estado del riesgo.
B42: AMPLIACIÓN AVISO DEL SINIESTRO Con termino de noventa (90) días. | E42: Queda convenido y aceptado que el asegurado podrá dar aviso de la ocurrencia del siniestro en un término de noventa (90), siguientes a la fecha en que haya conocido o debido conocer la ocurrencia del mismo.
B43: DESIGNACIÓN O DENOMINACIÓN DE BIENES | E43: La aseguradora acepta el título, nombre, denominación o nomenclatura con que el asegurado identifica o describe los bienes asegurados en sus registros o libros de comercio o contabilidad.
B44: CONOCIMIENTO DEL RIESGO | E44: La aseguradora acepta mediante la presente cláusula que la Entidad, le ha brindado la oportunidad para realizar la inspección de los bienes y riesgos a que están sujetos los mismos y el patrimonio del Asegurado, razón por la cual se deja constancia del conocimiento y aceptación de los hechos, circunstancias y, en general, condiciones de los mismos. La compañía se reserva el derecho de llevar a cabo la inspección cuantas veces lo juzgue pertinente.
B45: ANTICIPO DE INDEMNIZACIÓN DEL 86% | E45: Queda expresamente acordado que, a petición escrita de la Entidad, la aseguradora anticipará pagos parciales sobre el valor de cualquier reclamo, con base en el valor de la estimación preliminar de la pérdida aceptada por el ajustador, para adelantar la reparación, reposición o remplazo de los bienes asegurados. En el caso de que no haya nombramiento de ajustador, el anticipo se liquidará con base en la valoración de la cuantía de la pérdida amparada, acreditada por la entidad mediante cotización de la misma. Este anticipo también se extiende a cualquier tipo de gastos que se requiera para la operatividad de la póliza. En caso que el anticipo o suma de anticipos que la compañía adelante al asegurado llegare a exceder la suma total indemnizable a que tenga derecho, éste se compromete a devolver el exceso pagado. Para esta cláusula la aseguradora debe contemplar un plazo máximo para el pago del anticipo de diez (10) días hábiles contados a partir de la fecha de solicitud y formalización del mismo este y no se acepta el requerimiento de ningún requisito adicional para realizar el anticipo.
B46: MODIFICACIONES A FAVOR DEL ASEGURADO | E46: Los cambios o modificaciones a las condiciones de la presente póliza, serán acordados mutuamente entre la compañía y el asegurado. El certificado, documento o comunicaciones que se expidan para formalizarlos debe ser firmado, en señal de aceptación, por un representante legal del asegurado o funcionario autorizado, prevaleciendo sobre las condiciones de esta póliza. No obstante, si durante la vigencia de la póliza se presentan modificaciones en las condiciones del seguro, legalmente aprobadas que representen un beneficio a favor del asegurado, tales modificaciones se consideran automáticamente incorporadas. Siempre y cuando no causen cobro de prima adicional.
B47: NOMBRAMIENTO Y DESIGNACIÓN DE AJUSTADORES | E47: El nombramiento de ajustadores deberá efectuarse de común acuerdo entre la aseguradora y el asegurado, para lo cual la aseguradora presentará para cada reclamo una relación de cinco (5) firmas ajustadoras. No obstante la anterior condición, el asegurador con su propuesta se obliga a presentar la lista de todos sus ajustadores y la Entidad se reserva el derecho de nombrar al ajustador que considere más adecuado o solicitar el cambio de los mismos en caso de que no fueren de su entera satisfacción, sin que para ello se requiera motivación alguna.
B48: VARIACIONES DEL RIESGO | E48: Queda entendido, convenido y aceptado que las notificaciones que sobre los hechos o circunstancias no previsibles que sobrevengan con posterioridad a la celebración del contrato de seguro y que, conforme al criterio consignado en el inciso 1° del artículo 1058 del código de comercio, signifiquen agravación del riesgo, se efectuarán por la Entidad dentro de los noventa (90) días siguientes a la fecha de modificación del riesgo.
B49: NO CONCURRENCIA DE AMPAROS, CLÁUSULAS O CONDICIONES | E49: Queda entendido, convenido y aceptado, que si dos o más amparos, cláusulas o condiciones otorgan cobertura a un mismo evento, se indemnizará con base en aquella que ofrezca mayor protección para los intereses del asegurado. De igual manera prevalecerán los amparos, cláusulas o condiciones que otorguen coberturas sobre aquellos que las excluyan. En todo caso y ante cualquier discrepancia sobre cuál es el amparo, cláusula o condición aplicable a un caso determinado, se aplicara aquella o aquellas que en conjunto determine el asegurado de acuerdo a su conveniencia.
B50: NO APLICACIÓN DE GARANTÍAS | E50: Queda expresamente acordado y aceptado que la cobertura otorgada bajo la presente póliza no queda sujeta al cumplimiento de ningún tipo de garantía por parte de la entidad asegurada.
B51: DESPACHOS SOBRESALIENTES | E51: Para los casos en que el asegurado transporte límites por despacho, superiores a los establecidos, la aseguradora siempre responderá hasta los límites asegurados por despacho según sea el caso, sin aplicación de infraseguro.
... B78: CLÁUSULA DE JURISDICCIÓN Y SOLUCIÓN DE CONTROVERSIAS | E78: Toda y cualquier diferencia que surja entre las partes por la interpretación del presente contrato, su ejecución, cumplimiento, terminación o las consecuencias futuras del mismo, será dirimida bajo la jurisdicción y legislación de la República de Colombia. Las diferencias y controversias que surjan se solucionarán con sujeción a las siguientes instancias que se agotarán de forma sucesiva o a elección de las partes, así:
E79: a). Arreglo Directo: Las partes tratarán de resolver sus diferencias de forma directa y entre ellas mismas dentro del plazo de quince (15) días contados a partir de la notificación escrita en que cualquiera de ellas informe a la otra de un conflicto o controversia originado en el contrato. b). Conciliación: Agotado el plazo anterior sin que las partes lograsen un acuerdo por si mismas, acudirán a la asistencia de un conciliador legalmente autorizado que se designará y actuará según los parámetros establecidos por la Ley 2220 de 2022 y el Decreto 1818 del 2018, en caso de lograrse la conciliación la misma producirá efectos de cosa juzgada entre las partes, en caso contrario agotará el requisito de procedibilidad para acudir a la jurisdicción ordinaria o arbitral según corresponda, de acuerdo con los literales c) y d) de la presente cláusula.
E80: c). Jurisdicción Ordinaria: Agotadas las instancias anteriores, si la cuantía de las pretensiones derivadas de la diferencia que surja entre las partes por la interpretación del presente contrato, su ejecución, cumplimiento, terminación o las consecuencias futuras del mismo, no excediere de 220 SMMLV las partes sujetarán su controversia a la decisión del juez de instancia que corresponda según la cuantía y competencia en arreglo a lo previsto por el código de procedimiento Civil. d). Jurisdicción Arbitral: Agotadas las instancias anteriores, si la cuantía de las pretensiones derivadas de la diferencia que surja entre las partes por la interpretación del presente contrato, su ejecución, cumplimiento, terminación o las consecuencias futuras del mismo, se llevará el conflicto a la decisión de un Tribunal de Arbitramento Institucional cuyo domicilio será la ciudad de Bogotá D.C., el Tribunal estará integrado por un (1) árbitro que será designado conjuntamente por las partes dentro de los quince (15) días hábiles siguientes al envío de la comunicación por correo certificado que una de ellas le haga llegar a la otra solicitando la conformación del Tribunal; en caso de desacuerdo o falta de respuesta de la parte requerida, la otra parte podrá solicitar la designación y conformación del Tribunal al centro de Arbitraje y Conciliación de la Cámara de Comercio de la ciudad de Bogotá D.C.. El Tribunal así conformado funcionará en la ciudad de Bogotá D.C. y el laudo deberá proferirse en derecho, sujetándose en un todo al Decreto 2279 de 1.989, la ley 23 de 1.991, a la Ley 1437 de 2011, sus decretos reglamentarios y demás normas que regulan esta figura judicial. Esta última sujeta a lo dispuesto en Directiva Presidencial 04 del 18 de mayo de 2018.
B81: LIQUIDACIÓN A PRORRATA EN CASO DE CANCELACIÓN DE LA PÓLIZA POR PARTE DEL ASEGURADO | E81: Bajo esta cláusula la aseguradora debe aceptar que en caso de cancelación de la póliza por parte del asegurado, la devolución de las primas respectivas se realizará a prorrata.
B82: CONDICIONES DE RENOVACIÓN Y/O PRORROGA DE LA PÓLIZA | E82: En caso de que el asegurado decida renovar y/o prorrogar la póliza, la aseguradora se obliga a mantener los términos contratados con las mismas tasas y condiciones de la póliza inicial, siempre y cuando la siniestralidad de la póliza no sea mayor al 70%, en el caso que la siniestralidad supere el 70% la aseguradora acordará con el asegurado las condiciones en que se otorgará las condiciones de renovación. La aseguradora se obliga a entregar en cualquiera de las situaciones de resultado de siniestralidad, las condiciones con una antelación de noventa (90) días antes del vencimiento de la póliza.
B83: ACTOS DE AUTORIDAD | E83: La póliza se extiende a cubrir los daños o pérdidas materiales de los bienes asegurados, causados directamente por la acción de la autoridad legalmente constituida, ejercida con el fin de disminuir o aminorar las consecuencias de cualquiera de los riesgos amparados. Se excluye el embargo y la confiscación de bienes.
B84: CLÁUSULA DE NO ACEPTACIÓN DE COASEGURO | E84: En el evento en el que el contrato de seguro sea celebrado a través de una figura asociativa, la misma se celebrará bajo alguna de las modalidades previstas en el artículo 7º del Estatuto General de Contratación de la Administración Pública – EGCP (Unión temporal, consorcio, entre otros). Adicionalmente, no serán aceptados los contratos de seguros estructurados por dos o más Compañías de seguros, en calidad de coaseguradores, y toda disposición que se realice con esta referencia (coaseguro), se entenderá por no escrita.
B85: CLÁUSULA DE CONOCIMIENTO POR LOS MIEMBROS DE LA FIGURA ASOCIATIVA | E85: Esta cláusula será aplicada cuando se presente la asociación de dos o más Aseguradoras, sin importar la figura utilizada para tal fin. Las Compañías de Seguros que actúan como integrantes de cualquier figura asociativa (consorcio, unión temporal, etc.) dentro del presente contrato de seguro, conocen y aceptan: i) las condiciones generales y particulares de la póliza, ii) Cualquier anexo y/o certificado que sobre la póliza inicial emita la Compañía líder de la figura asociativa. En igual sentido, declaran que cualquier reclamación, notificación, requerimiento o comunicación formulada por el asegurado o por un tercero a la compañía líder o cualquiera de sus integrantes, se entiende automáticamente formulada ante todos los integrantes de la figura asociativa establecida para tal fin.
B86: CLÁUSULA DE SOLIDARIDAD ENTRE LOS MIEMBROS DE LA FIGURA ASOCIATIVA | E86: En caso de figuras asociativas se considera lo contemplado en el parágrafo 2 del artículo 7 de la Ley 80 de 1993, el cual indica “En los casos en que se conformen sociedades bajo cualquiera de las modalidades previstas en la ley con el único objeto de presentar una propuesta, celebrar y ejecutar un contrato estatal, la responsabilidad y sus efectos se regirá por las disposiciones previstas en esta ley para los consorcios.”, por tanto, frente a la contratación estatal queda entendido que existirá la solidaridad en el cumplimiento del contrato de seguros y las obligaciones derivadas del mismo.
B87: CLÁUSULA IDENTIFICACIÓN DE LA FIGURA ASOCIATIVA EN LA PÓLIZA | E87: En el evento que el contrato se seguro sea celebrado a través alguna figura asociativa (consorcio, unión temporal, etc.) compuesta por dos o más compañías de seguros, en virtud del artículo 1047 del Código de Comercio, en la póliza deberá incorporarse: (i) el nombre del contratista (razón social de la figura asociativa establecida en su documento de conformación) y (ii) la razón social, número de identificación y porcentajes de participación de cada una de las aseguradoras integrantes de la figura asociativa.
B88: CLÁUSULA DE CONDICIONES PARTICULARES | E88: Queda expresamente acordado y convenido, que la aseguradora acepta las condiciones obligatorias (mínimas técnicas) establecidas en este anexo, en los términos señalados en el mismo, por lo tanto, en caso de existir discrepancia ente los ofrecimientos contenidos en la propuesta técnica básica, frente a los textos de los ejemplares de las pólizas, a las condiciones generales, certificados, anexos o cualquier otro documento; prevalecerá la información y condiciones básicas técnicas establecidas de este anexo, de igual forma en caso de encontrarse contradicción en alguna condición prevalecerá la de mayor beneficio para el asegurado.
B89: DETERMINACIÓN DE CONDICIONES Y REQUISITOS PARA EL PAGO DE INDEMNIZACIONES | E89: La aseguradora manifiesta expresamente que acepta los requisitos y documentos contenidos en el ANEXO 9 - REQUISITOS PARA EL PAGO DE LAS INDEMNIZACIONES, como únicos para la atención y pago de reclamaciones por siniestros. A futuro no podrá exigir documentos o trámites adicionales.
B90: 5.8. | C90: EXCLUSIÓNES
B91: 5.8.1. EXCLUSIÓN ABSOLUTA DE ENFERMEDADES INFECCIOSAS O CONTAGIOSAS: Sin perjuicio de cualquier otra disposición en contrario, se aclara que este seguro no cubre ninguna reclamación, pérdida, responsabilidad, costo o gasto de cualquier naturaleza que surja directa o indirectamente de, contribuya o resulte de enfermedades, epidemias o pandemias, tales como el Coronavirus (COVID-19), enfermedad respiratoria aguda grave síndrome coronavirus 2 (SARS-CoV-2), o cualquier mutación o variación de los mismos. Esta exclusión también aplica a cualquier reclamo, pérdida, costo o gasto de cualquier naturaleza que surja directa o indirectamente de, en contribución a, o resultante de: 1) Cualquier temor o amenaza que surja en respuesta a una enfermedad infecciosa real o potencial; o 2) Cualquier acción tomada para controlar, prevenir, suprimir o de cualquier manera relacionada con cualquier brote de enfermedades infecciosas tales como coronavirus (COVID-19), coronavirus 2 por síndrome respiratorio agudo severo (SARS-CoV-2), cualquier mutación o variación de los mismos, o de cualquier otra enfermedad, epidemia o pandemia.
B92: 5.8.2. EXCLUSIÓN CLÁUSULA DE LIMITACIÓN DE SANCIONES: ningún asegurador ofrecerá cobertura ni será responsable por el pago de reclamos o proporcionará beneficios que deriven del presente contrato si la provisión de dicha cobertura, pago de dicho reclamo o provisión de dicho beneficio expusiera al asegurador a cualquier sanción, prohibición o restricción de acuerdo con las resoluciones de las Naciones Unidas o de las sanciones comerciales o económicas, leyes o regulaciones de la Unión Europea, Reino Unido, Francia, o Estados Unidos de América”. • Por medio de la presente cláusula, se aclara expresamente que quedan excluidos de cobertura aquellos los despachos o embarques con origen o destino en los siguientes países o regiones, puertos o aeropuertos ubicados en Crimea, incluido Sebastopol, Cuba, Irán, Siria, Corea del Norte, Bielorrusia, República Democrática del Congo, Somalia, Sudán del Sur, Sudán, Zimbabwe, Rusia, Ucrania.
B93: 5.9. | C93: COBERTURAS, AMPAROS Y BIENES SIN APLICACIÓN DE DEDUCIBLES EN FORMA OBLIGATORIA
B94: La Entidad, requiere oferta de cobertura SIN APLICACIÓN DE DEDUCIBLE, para los bienes y/o amparos y/o eventos, señalados a continuación y por lo tanto el proponente con la firma del FORMATO No. 14 ACEPTACIÓN DE LAS CONDICIONES OBLIGATORIAS (MÍNIMAS TÉCNICAS), admite estas condiciones, so pena de rechazo de oferta.
B95: Teniendo en cuenta que esta póliza no contempla deducibles por tanto este factor no será objeto de evaluación, razón por la cual el puntaje de esta aspecto será sumado al puntaje establecido para la evaluación del factor económico de MENOR PRIMA
B96: 5.10. | C96: COMISIÓN MÍNIMA ACEPTABLE.
B97: En virtud de lo expuesto en el artículo 1341 del Código de Comercio el Corredor tendrá derecho a la comisión de intermediación, la cual será pagada por la Compañía de Seguros. La comisión mínima no deberá ser inferior al 15,0% el valor de la prima neta antes de IVA que es la actualmente contratada y no involucra en ningún aspecto a la Entidad. Se aclara que este comisión no es limitante para la aceptación de las condiciones técnicas básicas obligatorias del presente anexo, ya que no no constituye un aspecto técnico de la póliza a contratar.
B98: By: Tiger | G98: =+'1. COND. BÁSICAS TRDM'!G211 -> VERSIÓN: SEP 2026

Sheet 6. COND. EQUIPO Y MAQ.
B3: =+'1. COND. BÁSICAS TRDM'!B3:G3 -> PARQUES NACIONALES NATURALES DE COLOMBIA - PNNC
B4: ANEXO No. 1.1 - CONDICIONES TÉCNICAS (BÁSICAS OBLIGATORIAS)
B5: GRUPO No.1
B7: 6. SEGURO DE TODO RIESGO EQUIPO Y MAQUINARÍA
B8: 6.1. | C8: INFORMACIÓN GENERAL
B9: TOMADOR: | C9: =+B3 -> PARQUES NACIONALES NATURALES DE COLOMBIA - PNNC | F9: NIT. | G9: =+'1. COND. BÁSICAS TRDM'!G9 -> 830.016.624-7
B10: ASEGURADO: | C10: =+C9 -> PARQUES NACIONALES NATURALES DE COLOMBIA - PNNC | F10: NIT. | G10: =+G9 -> 830.016.624-7
B11: BENEFICIARIO: | C11: =+C9 -> PARQUES NACIONALES NATURALES DE COLOMBIA - PNNC | F11: NIT. | G11: =+G9 -> 830.016.624-7
B12: 6.2. | C12: OBJETO DEL SEGURO
B13: Amparar las pérdidas o daños materiales que afecten a los Equipos y Maquinarías de propiedad de PARQUES NACIONALES NATURALES DE COLOMBIA - PNNC, o aquellos que se encuentren bajo su control, tenencia, responsabilidad o custodia, ubicados en el territorio nacional contra los daños o pérdidas materiales a consecuencia de cualquier riesgo, tanto por eventos internos o externos, incluyendo las pérdidas consecuenciales por todo concepto dentro o fuera de las instalaciones del asegurado y/o en predios de terceros y los utilizados en desarrollo del objeto social de PARQUES NACIONALES NATURALES DE COLOMBIA - PNNC.
B14: 6.3. | C14: BIENES ASEGURADOS
B15: Las aseguradoras aceptan que no obstante las siguientes definiciones generales de bienes asegurados, el alcance de éstas se amplian al objeto establecido en el Manual de Procedimientos Administrativos y Contables para el manejo y control de los bienes de la Entidad.
B16: Los bienes asegurados comprenden absolutamente toda propiedad de bienes materiales de PARQUES NACIONALES NATURALES DE COLOMBIA - PNNC, o de terceros que se estén bajo su cuidado, custodia, control o por los cuales sea legal o contractualmente responsable y en general los recibidos a cualquier título o por los que tenga o tenga interés asegurable, localizados dentro del territorio nacional dentro o fuera de las instalaciones del asegurado y/o en predios de terceros y utilizados en desarrollo del objeto social de PNNC. consistentes principalmente pero no limitados a los siguientes bienes:
B17: 6.4. | C17: VALORES ASEGURADOS
B18: 6.4.1. Bienes Asegurables | F18: VALORES ASEGURADOS
B19: TRACTOR MARCA NEW HOLLAND TT.75 75Hp 12X3 PLATAFORMADO 4WD BRASIL MOD 2022 COLOR AZUL SERIE TSD8R500003 CHASIS HCCZTT75TNCN46312 MOTOR 8035.45.741-366419 No.REGISTRO MA752140 TIPO AGRICOLA. MODELO 2025 - SEDE DIR. TERRITORIAL ORINOQUIA | F19: 199000000
B20: TRACTOR MARCA NEW HOLLAND TT.75 75Hp 12X3 PLATAFORMADO 4WD BRASIL MOD 2022 COLOR AZUL SERIE TSD8R500207 CHASIS HCCZTT75ENCN50566 MOTOR 8035,45,741-378002 No.REGISTRO MA752143 TIPO AGRICOLA MODELO 2025 - DIR. TERRITORIAL ORINOQUIA | F20: 199000000
B21: TRACTOR AGRICOLA MARCA KUBOTA M7040 DT - MODELO 2024 DIR. TERRITORIAL PACÍFICO | F21: 150956000
B22: SUBTOTAL | F22: =SUM(F19:G21) -> 548956000
B23: INDICE VARIABLE 5% | F23: =+F22*5% -> 27447800
B24: TOTAL VALOR ASEGURADO | F24: =+F23+F22 -> 576403800
B25: NOTA 1: | C25: Las aseguradoras debe tener en cuenta que el índice variable esta calculado con relación a la vigencia minima exigida, por tanto la aseguradora debe calcular el índice variable con relación a la vigencia ofertada.
B26: NOTA 2: | C26: CADA SUBLÍMITE INDICADOS ESTAN CONTEMPLADOS DENTRO DEL LÍMITE ASEGURADO. EXCEPTO LAS CLÁUSULAS DE GASTOS QUE SON EN EXCESO DEL LÍMITE ASEGURADO
B27: NOTA 3: | C27: Los Sublímites antes indicados corresponden al monto mínimo que deben contemplar las aseguradoras para la propuesta de cobertura de los bienes y/o riesgos.
B28: 6.5. | C28: BASE PARA LA DETERMINACIÓN Y APLICACIÓN DEL CONCEPTO SUBLÍMITE / VIGENCIA / AGREGADO ANUAL
B29: Para la totalidad de Coberturas y/o condiciones básicas sublímitadas, queda expresamente aceptado por parte de los proponentes que, en concordancia con la vigencia de la póliza que se adjudique, cada Sublímite operará así:
B30: - Si la vigencia es inferior a doce (12) meses: (Sublímite indicado) Evento /Agregado vigencia.
B31: - Si la vigencia es igual o mayor a doce (12) meses: Sublímite indicado Evento /Agregado Anual.
B32: En caso de discrepancia en alguna cobertura o cláusula básicas con relación al concepto de aplicación del sublímite / vigencia / agregado anual, frente a la vigencia ofertada, prevalece el establecido en este numeral con relación al plazo de la condición ofertada.
B33: 6.6. | C33: COBERTURAS BÁSICAS
B34: Todo Riesgo: Bajo esta póliza se otorga amparo en la modalidad de todo riesgo por las pérdidas y/o daños materiales que sufran los bienes asegurados por cualquier riesgo o causa, incluidos, entre otros, pero no limitados a: incendio, rayo, explosión, anegación, daños por agua, hurto y hurto calificado, actos malintencionados de terceros, asonada, motín, conmoción civil o popular, sabotaje, terrorismo, extended coverage (cobertura extendida), impericia, descuido, manejo inadecuado, terremoto, temblor y/o erupción volcánica, daños en partes eléctricas y/o electrónicas, movilización por sus propios medios o en vehículos u otros medios de transporte de esta clase de maquinaria, volcamiento, colisión por objetos en movimiento o estacionarios, hundimiento del terreno, deslizamiento de tierra y descarrilamiento. Se incluyen los accidentes que ocurran pese a un manejo correcto, así como los que sobrevengan a consecuencia de descuido, impericia o negligencia del conductor, y la Responsabilidad Civil Extracontractual, incluidos los perjuicios patrimoniales (daños materiales que comprenden daño emergente y lucro cesante) y extrapatrimoniales (daño moral, daño fisiológico y daño a la vida en relación). Se entienden incluidos los riesgos mencionados en el artículo 1105 del Código de Comercio, excepto Guerra Civil o Internacional.
B35: NOTA: | C35: QUEDA EXPRESAMENTE ACEPTADO POR LA ASEGURADORA QUE LAS CONDICIONES, COBERTURAS Y CLAUSULAS BÁSICAS PARA LAS CUALES NO SE INDIQUE SUBLÍMITE, OPERARÁN AL 100% DEL VALOR ASEGURADO.
B36: TERREMOTO, TEMBLOR Y/O ERUPCIÓN VOLCÁNICA Y DEMÁS EVENTOS DE LA NATURALEZA, AL 100%. | E36: Bajo este amparo, la aseguradora se compromete a indemnizar al Asegurado hasta el límite del valor asegurado de este sublímite, los daños y/o pérdidas materiales que sufran los bienes asegurados causados por terremoto, tembor y/o erupción volcánica y demás eventos de la naturaleza, o por incendio originado por tales fenómenos.
B37: ACTOS MAL INTENCIONADOS DE TERCEROS ASONADA, MOTÍN, CONMOCIÓN CIVIL O POPULAR Y HUELGA (INCLUIDO TERRORISMO Y SABOTAJE), AL 100% | E37: La aseguradora se compromete a indemnizar al Asegurado hasta el límite del valor asegurado de este sublímite, los daños y/o pérdidas materiales que sufran los bienes asegurados causados por: Actos Mal Intencionados de Terceros y Terrorismo: Destrucción y daños materiales provenientes de actos terroristas, aún aquellos que sean cometidos por individuos pertenecientes a movimientos subversivo, incluida la explosión originada en tales fenómenos. Asonada, Motín, Conmoción Civil o Popular: Los daños y/o pérdidas materiales cuasados por personas intervenientes en desordenes, confusiones, alteraciones, y disturbios de caráter violento y tumultario. Así como asonada según la definición del Código Penal. Huelga: Los daños y/o pérdidas materiales causados por huelgistas o porpersonas que tomen parte en conflictos colectivos de trabajo o suspensión de hecho de labores.
B38: RESPONSABILIDAD CIVIL EXTRACONTRACTUAL Sublimite $100.000.000 (vigencia 6.5.). | E38: Se amparan los perjuicios patrimoniales y extrapatrimoniales, causados a terceros derivados de la responsabilidad civil extracontractual que de acuerdo con la ley incurra el asegurado como consecuencia de daños materiales o lesiones personales producidos a terceros que se causen con ocasión del uso de las maquinarias y equipos. Bajo este amparo se indemnizan los perjuicios patrimoniales, entiéndase daño emergente (es el coste de la reparación necesaria del daño causado y a los gastos en los que se ha incurrido con ocasión del perjuicio), el lucro cesante (es un tipo de daño patrimonial de perjuicio económico y se configura como la ganancia dejada de obtener o la pérdida de ingresos, como consecuencia directa e inmediata de un hecho lesivo), el daño a la vida de relación (se define como la imposibilidad de la persona afectada de poder realizar las mismas actividades que hacía antes de un siniestro por sí misma y en consecuencia el estilo de vida de la persona cambia afectando su relación con el entorno y las demás personas que la rodean). La aseguradora se compromete hacer extensivo este amparo de Responsabilidad Civil aún cuado la Maquinaría y/o Equipo no este siendo conducido o no se encuentre en funcionamiento.
B39: MOVILIZACIÓN O TRASLADO POR SUS PROPIOS MEDIOS | E39: La aseguradora se compromete a indemnizar al asegurado, las perdidas o daños que sufran los bienes asegurados mientras que estos circulen por sus propios medios, o mientras esten siendo transportados en vehículos diseñados para tal fin, dentro del predio o en el área geográfica de operación especificada en la póliza y/o sus condiciones particulares.
B40: HURTO Y HURTO CALIFICADO AL 100% | E40: La aseguradora se compromete a indemnizar al Asegurado hasta el límite del valor asegurado de este sublímite, las pérdidas y/o daños materiales de los bienes asegurados, ocasionados por cualquier causa o accidente en cualquier lugar, inclusive aquellos que se deriven de: - Hurto simple o el hurto calificado según se define en el Código Penal. - Terremoto, temblor, erupción volcánica o cualquier otro fenómeno de la naturaleza. - Huelga, motin, asonada, conmoción civil o popular, actos mal intencionados de terceros, sabotaje y terrorismo.
B41: GASTOS PARA LA EXTINCIÓN DEL SINIESTRO. 100% DE LOS DEMOSTRADOS POR EL ASEGURADO. | E41: La Compañía se obliga a indemnizar el 100% de los gastos razonables en que necesaria y razonablemente incurra el asegurado con el fin extinguir cualquier siniestro amparado por la póliza o para evitar su propagación, de acuerdo con lo señalado en el artículo 1074 del Código de Comercio. Se precisa que bajo ninguna circunstancia se considerara como gastos de extinción de un incendio la colaboración personal prestada por el asegurado, ni la de sus empleados, obreros o sus contratistas para el apoyo a la gestión.
B42: GASTOS ADICIONALES. Sublímite por la suma de $100.000.000, en exceso del valor asegurado,sin aplicación de deducible y combinado para los siguientes gastos y coberturas. Se califica en Condiciones Adicionales (Formato No. 3) el aumento del sublímite ofrecido. | E42: No obstante, lo que se diga en contrario en las condiciones generales de la póliza, la Compañía se obliga a indemnizar los gastos adicionales (que no tengan carácter de permanentes), debidamente comprobados en que necesaria y razonablemente incurra o deba incurrir el asegurado, como consecuencia directa del siniestro. Estos gastos deben ser previamente aprobados por la aseguradora y la Entidad se compromete para estos casos presentar previamente cotización de estos gastos (cuando se requiera), la aseguradora se reserva el derecho de poder cotizar con sus proveedores los servicios que demanden la aplicación de estos gastos.
B43: 1. Gastos de horas extras, trabajo nocturno o en días festivos y flete expreso y aéreo. | E43: Bajo esta cobertura se amparan los gastos razonables adicionales y extraordinarios por concepto de horas extras, trabajo nocturno o en días festivos, flete expreso y aéreo, que se incurran con motivo de una pérdida o daño amparado.
B44: 2. Gastos de viajes y estadia. | E44: Bajo esta cobertura se amparan los gastos (en que incurra o deba incurrir) razonables de viajes de y estadia de funcionarios, empleados y técnicos que intervienen en la planificación de la reconstrucción o adquisicón de los bienes asegurados.
B45: 3. Remoción de Escombros. | E45: Mediante este amparo la compañía indemnizará, los gastos razonables y demostrados por remoción de escombros, desmantelamiento, de los bienes asegurados, que hayan sido dañados o destruidos por la ocurrencia de cualquiera de los riesgos amparados, incluyendo los gastos de limpieza y recuperación de materiales, con ocasión de un siniestro.
B46: 4. Gastos para la Demostración del Siniestro. | E46: Bajo este amparo se cubren los gastos razonables en que incurra o deba incurrir el asegurado, para la demostración de la ocurrencia y cuantía del siniestro y serán indemnizados bajo esta póliza. Hasta el 100% de los gastos demostrados.
B47: 5. Gastos de Auditores, Revisores y Contadores. | E47: Bajo este amparo la Compañía indemnizará, los gastos razonables en que incurra o deba incurrir el asegurado, por pago de auditores, revisores y contadores que se requieran para analizar y certificar los datos extraídos de los libros de contabilidad y demás documentos del negocio del asegurado, al igual que cualesquiera otras informaciones que sean solicitadas por la compañía al asegurado, para la demostración de la ocurrencia y cuantía del siniestro, según lo establecido en esta póliza.
... B53: GASTOS EXTRAORDINARIOS AL 100%. | E53: Mediante esta condición la cobertura de la póliza se extiende a amparar los gastos razonables extras por arrendamientos de bienes, cualquier tipo de equipos, en que incurra el asegurado, adicionales y en exceso a sus costos normales de operación, con el único fin de poder continuar con igual eficiencia, como sea posible, las operaciones del giro normal de sus actividades que se vean afectadas directamente por un evento amparado bajo este seguro, incluido los gastos por pago de administración y servicios públicos de las instalaciones utilizadas. Se precisa que la indemnización de estos gastos opera en adición a la suma asegurada de los bienes amparados y que el pago de los mismos se efectuará sin aplicación de deducible.
B54: 6.7. | C54: CLÁUSULAS BÁSICAS
B55: REVOCACIÓN DE LA PÓLIZA, CLÁUSULAS O CONDICIONES. Con Termino de ciento veinte (120) días y para AMIT, AMCCOPH, Terrorismo y Sabotaje diez (10) días. | E55: La aseguradora podrá revocar la póliza, cláusulas o condiciones unilateralmente por la compañía, mediante noticia escrita enviada al asegurado, a su última dirección registrada, con no menos de ciento veinte (120) días y para AMIT Y AMCCOPH diez (10) días, de antelación; contados a partir de la fecha del envío. El asegurado podra pedir la revocación en cualquier momento, según lo previsto en el Código de Comercio. Así mismo, en el caso de que la aseguradora decida no otorgar renovación o prorroga del contrato de seguro, excepto para AMIT, AMCCOPH, Terrorismo y Sabotaje, deberá dar aviso de ello al asegurado con no menos de ciento veinte (120) días de antelación a la fecha de vencimiento de la póliza, en caso contrario se dará por entendido que la aseguradora acepta la renovación o prorroga hasta el límite legal establecido en la Ley 80 de 1993, para la adición de los contratos y manteniendo las mismas condiciones ofertadas en este proceso de aseguradoras.
B56: AMPLIACIÓN DEL AVISO DE SINIESTRO. Término de noventa (90) días. | E56: La póliza extiende el término de aviso de la ocurrencia del siniestro, por parte del asegurado a un término de noventa (90) días siguientes a la fecha en que lo haya conocido o debido conocer.
B57: DESIGNACIÓN O DENOMINACIÓN DE BIENES | E57: La aseguradora acepta el título, nombre, denominación o nomenclatura con que el asegurado identifica o describe los bienes asegurados en sus registros o libros de comercio o contabilidad.
B58: COBERTURA AUTOMÁTICA PARA NUEVAS MAQUINARÍAS Y EQUIPOS. Sublímite de $300.000.000 y aviso de ciento veinte (120) días. | E58: Mediante la presente cláusula, la aseguradora se obliga a otorgar cobertura automática para nuevas maquinarías y equipos que adquiera, remodele o adecúe, a cualquier título, sean nuevos o usados, sobre los cuales éste tuviere interés asegurable o queden bajo su responsabilidad, cuidado o control del asegurado, bajo las mismas condiciones ofrecidas en el presente proceso y a partir en que el asegurado asuma la responsabilidad por los mismos. La aplicación de esta condición queda sujeta a que el asegurado se obliga a dar aviso a la aseguradora dentro del término de 120 días otorgados por la aseguradora en su oferta, a la adquisición o recibo de los mismos. Esta condición dará derecho a la compañía al cobro de la prima proporcional, calculada a prorrata, con las tasas adjudicadas y correspondiente al periodo de amparo, incluido el término automático otorgado para esta condición. Así mismo queda acordado y convenido, que si el valor supera el sublímite de la presente cláusula, la cobertura aplicará hasta dicho monto y la cobertura del valor adicional operará a partir de la fecha de reporte y solicitud formulada por la entidad asegurada.
B59: AMPARO AUTOMÁTICO POR CAMBIO DE UBICACIÓN DEL RIESGO. | E59: Mediante la presente condición, queda expresamente acordado que la cobertura del seguro se extiende a cubrir los bienes asegurados, que cambien de dirección, ubicación o sean trasladados a otro(s) sitio(s), siempre y cuando ello se genere por las necesidades de la operación y/o servicio de la entidad asegurada o tomadora.
B60: CONOCIMIENTO DEL RIESGO | E60: La aseguradora acepta mediante la presente cláusula que la Entidad, le ha brindado la oportunidad para realizar la inspección de los bienes y riesgos a que están sujetos los mismos y el patrimonio del Asegurado, razón por la cual se deja constancia del conocimiento y aceptación de los hechos, circunstancias y, en general, condiciones de los mismos. La compañía se reserva el derecho de llevar a cabo la inspección cuantas veces lo juzgue pertinente.
B61: NOMBRAMIENTO Y DESIGNACIÓN DE AJUSTADORES | E61: El nombramiento de ajustadores deberá efectuarse de común acuerdo entre la aseguradora y el asegurado, para lo cual la aseguradora presentará para cada reclamo una relación de cinco (5) firmas ajustadoras. No obstante la anterior condición, el asegurador con su propuesta se obliga a presentar la lista de todos sus ajustadores y la Entidad se reserva el derecho de nombrar al ajustador que considere más adecuado o solicitar el cambio de los mismos en caso de que no fueren de su entera satisfacción, sin que para ello se requiera motivación alguna.
B62: EXTENSIÓN DE COBERTURA PARA DAÑOS Y/O PÉRDIDAS CONSECUENCIALES | E62: La aseguradora acepta y conveniene que la presente póliza se extiende a amparar los daños y/o pérdidas consecuenciales que afecten los bienes asegurados que sean derivadas de cualquier tipo de riesgo, bajo los mismos términos del seguro; siempre y cuando las mismas sean causadas por alguno de los riesgos amparados con la presente póliza, incluyendo las pérdidas y/o daños en medios de operación, como combustibles, lubricantes, refrigerantes o agentes químicos, entre otros.
B63: NO LIMITACIÓN DE LA CLÁUSULA DENOMINADA “NO APLICACIÓN DE DEMÉRITOS” A LA FECHA DE FABRICACIÓN DEL BIEN ASEGURADO | E63: Queda entendido, convenido y aceptado que la cláusula denominada "no aplicación de deméritos" se otorga sin limitación en el tiempo o a la fecha de fabricación del bien asegurado.
B64: RECONSTRUCCIÓN, REPOSICIÓN, REPARACIÓN O REEMPLAZO. | E64: Bajo esta cláusula la Compañía pagará la indemnización por el valor de la reposición o reemplazo del bien o bienes asegurados, cuando el conjunto o la totalidad de ellos queden destruidos o de tal modo averiados que pierdan la aptitud para el fin a que están destinados o cuando no obstante no perder esa aptitud, su reparación aunque se facilite, implique perjuicios en la calidad o eficiencia en la producción u operación y de conformidad con lo siguiente:
E65: a) Se entiende por valor de reposición del bien o los bienes, el valor a nuevo del mismo o de los mismos, sin deducción alguna por depreciación, demérito, uso, vetustez, o en fin, por cualquier otro concepto.
E66: b) Si con ocasión del siniestro, la reposición o reparación del bien, conjunto o totalidad de los bienes, ó de un grupo de estos o de cualquiera de ellos, el asegurado hiciera cualquier cambio o reforma en sus instalaciones, o reemplazare el o los bienes siniestrados por otro u otros de diferente naturaleza, o de mayor capacidad, serán de su cuenta los mayores costos que dichos cambios ocasionen.
E67: c) La Aseguradora también se obliga a indemnizar el siniestro total o parcial con base en el valor de la reconstrucción, reposición, reparación o reemplazo, si se hace conveniente o necesaria la reconstrucción en un sitio distinto al del sitio afectado por el siniestro, sin que la indemnización exceda de la suma que hubiere debido indemnizar en casos normales.
E68: d) Sin importar que la indemnización se haga bajo cualesquiera de las modalidades antes previstas, la compañía no estará obligada a responder sino hasta la concurrencia del valor asegurado, ajustado según lo estipulado en las condiciones de la póliza.
B69: DESIGNACIÓN O DENOMINACIÓN DE BIENES | E69: La aseguradora acepta el título, nombre, denominación o nomenclatura con que el asegurado identifica o describe los bienes asegurados en sus registros o libros de comercio o contabilidad. El alcance de éstas designación de bienes se amplia al objeto establecido en el Manual de Procedimientos Administrativos y Contables para el manejo y control de los bienes de la Entidad.
B70: MODIFICACIONES A FAVOR DEL ASEGURADO | E70: Los cambios o modificaciones a las condiciones de la presente póliza, serán acordados mutuamente entre la compañía y el asegurado. El certificado, documento o comunicaciones que se expidan para formalizarlos debe ser firmado, en señal de aceptación, por un representante legal del asegurado o funcionario autorizado, prevaleciendo sobre las condiciones de esta póliza. No obstante, si durante la vigencia de la póliza se presentan modificaciones en las condiciones del seguro, legalmente aprobadas que representen un beneficio a favor del asegurado, tales modificaciones se consideran automáticamente incorporadas. Siempre y cuando no causen cobro de prima adicional.
B71: ERRORES, OMISIONES O INEXACTITUDES | E71: El tomador está obligado a declarar sinceramente los hechos y circunstancias que determinen el estado del riesgo. La inexactitud sobre hechos o circunstancias que, conocidas por la compañía, la hubieren retraído de celebrar el contrato o inducido a estipular condiciones más onerosas, produce la nulidad relativa del seguro. Sin embargo, si se incurriere en errores, omisiones e inexactitudes inculpables al tomador o al asegurado, el contrato no será nulo ni habrá lugar a la aplicación del inciso tercero del artículo 1058 del Código de Comercio sobre reducción porcentual de la prestación asegurada. En este caso se deberá pagar la prima adecuada al verdadero estado del riesgo.
B72: ERRORES Y/U OMISIONES EN LA PRESENTACIÓN DE LA INFORMACIÓN DE LOS BIENES ASEGURADOS | E72: En caso de que en estas condiciones técnicas, anexos o en la póliza que se expida, se encuentre información imprecisa sobre la identificación de los bienes asegurados, siempre y cuando se pueda evidenciar que se tenía intención de asegurar o se pagó la prima correspondiente, la aseguradora indemnizará el valor de la perdida o daño.
B73: AMPARO AUTOMÁTICO PARA EQUIPOS REMPLAZADOS TEMPORALMENTE | E73: Queda expresamente acordado que la cobertura de la póliza se extiende a amparar los equipos que sean instalados temporalmente en remplazo de los asegurados inicialmente bajo la póliza, mientras que dure el período de reacondicionamiento, revisión, mantenimiento y fines similares. Así mismo, se cubren automáticamente los nuevos equipos que sean instalados para reponer o remplazar los asegurados bajo la póliza, desde el momento en que sean recibidos por el asegurado.
B74: PAGO DE LA INDEMNIZACIÓN | E74: La indemnización será pagadera en dinero, o mediante el reemplazo, la reposición, la reparación o la reconstrucción de la cosa asegurada, a opción del asegurado. Cuando la opción escogida por el asegurado sea el pago en dinero, el giro del mismo se efectuará al asegurado y/o a los contratistas y/o a los proveedores de bienes o servicios que designe el asegurado. Si la opción escogida es el reemplazo, la reposición, la reparación o la reconstrucción de la cosa asegurada, la aseguradora efectuará y/o celebrará todos los trámites y/o negocios necesarios para realizar la indemnización a través del reemplazo, la reposición, la reparación o la reconstrucción escogida por el asegurado, hasta el límite de su responsabilidad. En las facturas o contratos que se deriven de esta opción, la aseguradora figurará como comprador y/o contratante, salvo que el asegurado solicite lo contrario. Si el asegurado opta por el pago directo en dinero, la aseguradora no podrá realizar ningún descuento por concepto del Impuesto al Valor Agregado (IVA).
